Workbook
Name CurrentYear: Init!$AS$3:$AS$5
Name YesNo: Init!$AT$3:$AT$4

Sheet Init
B1: Rate Period First Year | D1: 2026
B3: Monthly Hours | K3: Annual Hours | P3: Previous Year | R3: =IF(R6=2026, 2024, IF(OR(R6=2027,R6=2028), 2025, "ERROR")) -> 2024 | AS3: 2026 | AT3: Yes
B4: FiscalID | C4: Cal Date | D4: HLH | E4: LLH | F4: Total | G4: HLH% | H4: LLH% | K4: year | L4: days | M4: hours | AS4: 2027 | AT4: No
B5: 2015_1 | C5: 41913 | D5: 432 | E5: 312 | F5: 744 | G5: 0.58064516 | H5: 0.41935484 | K5: 2009 | L5: 365 | M5: 8760 | P5: Select Current Year? | AS5: 2028
B6: 2015_2 | C6: 41944 | D6: 384 | E6: 337 | F6: 721 | G6: 0.53259362 | H6: 0.46740638 | K6: 2010 | L6: 365 | M6: 8760 | R6: 2026
B7: 2015_3 | C7: 41974 | D7: 416 | E7: 328 | F7: 744 | G7: 0.55913978 | H7: 0.44086022 | K7: 2011 | L7: 365 | M7: 8760
B8: 2015_4 | C8: 42005 | D8: 416 | E8: 328 | F8: 744 | G8: 0.55913978 | H8: 0.44086022 | K8: 2012 | L8: 366 | M8: 8784 | P8: Use Previous BP-24 Billing Determinants adjusted for BP-26 Loads and CSP?
B9: 2015_5 | C9: 42036 | D9: 384 | E9: 288 | F9: 672 | G9: 0.57142857 | H9: 0.42857143 | K9: 2013 | L9: 365 | M9: 8760 | R9: Yes
B10: 2015_6 | C10: 42064 | D10: 416 | E10: 327 | F10: 743 | G10: 0.55989233 | H10: 0.44010767 | K10: 2014 | L10: 365 | M10: 8760
B11: 2015_7 | C11: 42095 | D11: 416 | E11: 304 | F11: 720 | G11: 0.57777778 | H11: 0.42222222 | K11: 2015 | L11: 365 | M11: 8760 | P11: Include Tier 2 Load Shaping in Tier 1 Rate Impacts?
B12: 2015_8 | C12: 42125 | D12: 400 | E12: 344 | F12: 744 | G12: 0.53763441 | H12: 0.46236559 | K12: 2016 | L12: 366 | M12: 8784 | R12: No
B13: 2015_9 | C13: 42156 | D13: 416 | E13: 304 | F13: 720 | G13: 0.57777778 | H13: 0.42222222 | K13: 2017 | L13: 365 | M13: 8760
B14: 2015_10 | C14: 42186 | D14: 416 | E14: 328 | F14: 744 | G14: 0.55913978 | H14: 0.44086022 | K14: 2018 | L14: 365 | M14: 8760
B15: 2015_11 | C15: 42217 | D15: 416 | E15: 328 | F15: 744 | G15: 0.55913978 | H15: 0.44086022 | K15: 2019 | L15: 365 | M15: 8760
B16: 2015_12 | C16: 42248 | D16: 400 | E16: 320 | F16: 720 | G16: 0.55555556 | H16: 0.44444444 | K16: 2020 | L16: 366 | M16: 8784
B17: 2016_1 | C17: 42278 | D17: 432 | E17: 312 | F17: 744 | G17: 0.58064516 | H17: 0.41935484 | K17: 2021 | L17: 365 | M17: 8760
B18: 2016_2 | C18: 42309 | D18: 384 | E18: 337 | F18: 721 | G18: 0.53259362 | H18: 0.46740638 | K18: 2022 | L18: 365 | M18: 8760
B19: 2016_3 | C19: 42339 | D19: 416 | E19: 328 | F19: 744 | G19: 0.55913978 | H19: 0.44086022 | K19: 2023 | L19: 365 | M19: 8760
B20: 2016_4 | C20: 42370 | D20: 400 | E20: 344 | F20: 744 | G20: 0.53763441 | H20: 0.46236559 | K20: 2024 | L20: 366 | M20: 8784
B21: 2016_5 | C21: 42401 | D21: 400 | E21: 296 | F21: 696 | G21: 0.57471264 | H21: 0.42528736 | K21: 2025 | L21: 365 | M21: 8760
B22: 2016_6 | C22: 42430 | D22: 432 | E22: 311 | F22: 743 | G22: 0.58142665 | H22: 0.41857335 | K22: 2026 | L22: 365 | M22: 8760
B23: 2016_7 | C23: 42461 | D23: 416 | E23: 304 | F23: 720 | G23: 0.57777778 | H23: 0.42222222 | K23: 2027 | L23: 365 | M23: 8760
B24: 2016_8 | C24: 42491 | D24: 400 | E24: 344 | F24: 744 | G24: 0.53763441 | H24: 0.46236559 | K24: 2028 | L24: 366 | M24: 8784
... B40: 2017_12 | C40: 42979 | D40: 400 | E40: 320 | F40: 720 | G40: 0.55555556 | H40: 0.44444444 | K40: 2044 | L40: 366 | M40: 8784
B41: 2018_1 | C41: 43009 | D41: 416 | E41: 328 | F41: 744 | G41: 0.55913978 | H41: 0.44086022
B42: 2018_2 | C42: 43040 | D42: 400 | E42: 321 | F42: 721 | G42: 0.55478502 | H42: 0.44521498
B43: 2018_3 | C43: 43070 | D43: 400 | E43: 344 | F43: 744 | G43: 0.53763441 | H43: 0.46236559
B44: 2018_4 | C44: 43101 | D44: 416 | E44: 328 | F44: 744 | G44: 0.55913978 | H44: 0.44086022
B45: 2018_5 | C45: 43132 | D45: 384 | E45: 288 | F45: 672 | G45: 0.57142857 | H45: 0.42857143
B46: 2018_6 | C46: 43160 | D46: 432 | E46: 311 | F46: 743 | G46: 0.58142665 | H46: 0.41857335
B47: 2018_7 | C47: 43191 | D47: 400 | E47: 320 | F47: 720 | G47: 0.55555556 | H47: 0.44444444
B48: 2018_8 | C48: 43221 | D48: 416 | E48: 328 | F48: 744 | G48: 0.55913978 | H48: 0.44086022
B49: 2018_9 | C49: 43252 | D49: 416 | E49: 304 | F49: 720 | G49: 0.57777778 | H49: 0.42222222
B50: 2018_10 | C50: 43282 | D50: 400 | E50: 344 | F50: 744 | G50: 0.53763441 | H50: 0.46236559
B51: 2018_11 | C51: 43313 | D51: 432 | E51: 312 | F51: 744 | G51: 0.58064516 | H51: 0.41935484
B52: 2018_12 | C52: 43344 | D52: 384 | E52: 336 | F52: 720 | G52: 0.53333333 | H52: 0.46666667
... B232: 2033_12 | C232: 48823 | D232: 400 | E232: 320 | F232: 720 | G232: 0.55555556 | H232: 0.44444444

Sheet TOCA_previous
A1: TOCA Computations, RHWMs and Net Requirements
A2: BESID | B2: Preference Customer | C2: NOTJOE | D2: JOE | E2: CHWM 2024 | F2: TRL 2024 | G2: TRL 2025 | H2: NLSL 2024 | I2: NLSL 2025 | J2: Existing/Other Resource aMW 2024 | K2: Existing/Other Resource aMW 2025 | L2: Existing/Other Resource MWh 2024 | M2: Existing/Other Resource MWh 2025 | N2: TRL - NLSL - Existing Resource 2024 | O2: TRL - NLSL - Existing Resource 2025 | P2: TRL - NLSL - Existing Resource MWh 2024 | Q2: TRL - NLSL - Existing Resource MWh 2025 | R2: RHWM 2024 | S2: RHWM MWh 2024 | T2: RHWM MWh 2025 | U2: Above RHWM 2024 | V2: Above RHWM 2025 | W2: Above RHWM Not Served with LS 2024 | X2: Above RHWM Not Served with LS 2025 | Y2: TOCA 2024 | Z2: TOCA 2025 | AA2: Slice% 2024 | AB2: Non-slice TOCA 2024 | AC2: Non-slice TOCA 2025 | AD2: Avg Non-Slice TOCA | AE2: T1 Percentage 2024 | AF2: T1 Percentage 2025 | AG2: LDD adjTRL/RHWM 2024 | AH2: LDD adjTRL/RHWM 2025 | AI2: Applicable LDD 2024 | AJ2: Applicable LDD 2025
A3: 10015 | B3: Asotin County PUD #1 | C3: 1 | D3: 0 | E3: 0.582 | F3: 0.759 | G3: 0.761 | H3: 0 | I3: 0 | J3: 0 | K3: 0 | L3: 0 | M3: 0 | N3: 0.582 | O3: 0.583 | P3: 5112.288 | Q3: 5107.08 | R3: 0.573 | S3: 5033.232 | T3: 5019.48 | U3: 0.009 | V3: 0.01 | W3: 0 | X3: 0 | Y3: 8.3e-05 | Z3: 8.3e-05 | AA3: 0 | AB3: 8.3e-05 | AC3: 8.3e-05 | AD3: 8.3e-05 | AE3: 0.98425928 | AF3: 0.98257101 | AG3: 1.0157068 | AH3: 1.017452 | AI3: 0 | AJ3: 0
A4: 10024 | B4: Benton County PUD #1 | C4: 1 | D4: 0 | E4: 203.92 | F4: 213.082 | G4: 214.564 | H4: 0 | I4: 0 | J4: 0.916 | K4: 0.919 | L4: 8046.144 | M4: 8050.44 | N4: 211.167 | O4: 212.387 | P4: 1854890.9 | Q4: 1860510.1 | R4: 200.923 | S4: 1764907.6 | T4: 1760085.5 | U4: 10.244 | V4: 11.464 | W4: 10.244 | X4: 11.464 | Y4: 0.0290878 | Z4: 0.0290878 | AA4: 0 | AB4: 0.0290878 | AC4: 0.0290878 | AD4: 0.0290878 | AE4: 0.95169893 | AF4: 0.94625593 | AG4: 1.0509847 | AH4: 1.0570567 | AI4: 0 | AJ4: 0
A5: 10025 | B5: Benton REA | C5: 1 | D5: 0 | E5: 60.549 | F5: 74.601 | G5: 75.47 | H5: 0 | I5: 0 | J5: 0 | K5: 0 | L5: 0 | M5: 0 | N5: 64.824 | O5: 65.037 | P5: 569414.02 | Q5: 569724.12 | R5: 59.659 | S5: 524044.66 | T5: 522612.84 | U5: 5.165 | V5: 5.378 | W5: 5.165 | X5: 5.378 | Y5: 0.0086369 | Z5: 0.0086369 | AA5: 0 | AB5: 0.0086369 | AC5: 0.0086369 | AD5: 0.0086369 | AE5: 0.92032734 | AF5: 0.91731322 | AG5: 1.0865754 | AH5: 1.0901457 | AI5: 0.059761645 | AJ5: 0.059958011
A6: 10027 | B6: Big Bend Elec Coop | C6: 1 | D6: 0 | E6: 62.107 | F6: 72.36 | G6: 73.884 | H6: 0 | I6: 0 | J6: 0 | K6: 0 | L6: 0 | M6: 0 | N6: 67.791 | O6: 68.216 | P6: 595476.14 | Q6: 597572.16 | R6: 61.194 | S6: 537528.1 | T6: 536059.44 | U6: 6.597 | V6: 7.022 | W6: 6.597 | X6: 7.022 | Y6: 0.0088591 | Z6: 0.0088591 | AA6: 0 | AB6: 0.0088591 | AC6: 0.0088591 | AD6: 0.0088591 | AE6: 0.90268869 | AF6: 0.89706475 | AG6: 1.1078047 | AH6: 1.1147498 | AI6: 0.077546328 | AJ6: 0.078032487
A7: 10029 | B7: Blachly Lane Elec Coop | C7: 0 | D7: 1 | E7: 17.879 | F7: 23.15 | G7: 24.409 | H7: 0 | I7: 0 | J7: 0 | K7: 0 | L7: 0 | M7: 0 | N7: 21.679 | O7: 21.674 | P7: 190428.34 | Q7: 189864.24 | R7: 17.616 | S7: 154738.94 | T7: 154316.16 | U7: 4.063 | V7: 4.058 | W7: 4.063 | X7: 4.058 | Y7: 0.0025503 | Z7: 0.0025503 | AA7: 0 | AB7: 0.0025503 | AC7: 0.0025503 | AD7: 0.0025503 | AE7: 0.8125851 | AF7: 0.81277255 | AG7: 1.2306426 | AH7: 1.2303588 | AI7: 0.079991769 | AJ7: 0.07997332
A8: 10044 | B8: Canby, City of | C8: 1 | D8: 0 | E8: 20.612 | F8: 22.277 | G8: 22.45 | H8: 0 | I8: 0 | J8: 0 | K8: 0 | L8: 0 | M8: 0 | N8: 23.851 | O8: 24.05 | P8: 209507.18 | Q8: 210678 | R8: 20.309 | S8: 178394.26 | T8: 177906.84 | U8: 3.542 | V8: 3.741 | W8: 3.542 | X8: 3.741 | Y8: 0.0029401 | Z8: 0.0029401 | AA8: 0 | AB8: 0.0029401 | AC8: 0.0029401 | AD8: 0.0029401 | AE8: 0.851507 | AF8: 0.84446126 | AG8: 1.1744054 | AH8: 1.184204 | AI8: 0 | AJ8: 0
A9: 10046 | B9: Central Electric Coop | C9: 0 | D9: 1 | E9: 83.072 | F9: 102.161 | G9: 103.89 | H9: 0 | I9: 0 | J9: 0 | K9: 0 | L9: 0 | M9: 0 | N9: 98.879 | O9: 100.606 | P9: 868553.14 | Q9: 881308.56 | R9: 81.851 | S9: 718979.18 | T9: 717014.76 | U9: 17.028 | V9: 18.755 | W9: 17.028 | X9: 18.755 | Y9: 0.0118496 | Z9: 0.0118496 | AA9: 0 | AB9: 0.0118496 | AC9: 0.0118496 | AD9: 0.0118496 | AE9: 0.82778932 | AF9: 0.81357951 | AG9: 1.2080366 | AH9: 1.2291359 | AI9: 0.078522376 | AJ9: 0.079893831
A10: 10047 | B10: Central Lincoln PUD | C10: 1 | D10: 0 | E10: 159.01 | F10: 151.106 | G10: 151.672 | H10: 0 | I10: 0 | J10: 0 | K10: 0 | L10: 0 | M10: 0 | N10: 152.313 | O10: 152.465 | P10: 1337917.4 | Q10: 1335593.4 | R10: 156.673 | S10: 1376215.6 | T10: 1372455.5 | U10: 0 | V10: 0 | W10: 0 | X10: 0 | Y10: 0.0220505 | Z10: 0.0220725 | AA10: 0 | AB10: 0.0220505 | AC10: 0.0220725 | AD10: 0.0220615 | AE10: 0.99999994 | AF10: 0.99999903 | AG10: 1 | AH10: 1 | AI10: 0 | AJ10: 0
A11: 10055 | B11: Albion, City of | C11: 1 | D11: 0 | E11: 0.404 | F11: 0.464 | G11: 0.469 | H11: 0 | I11: 0 | J11: 0 | K11: 0 | L11: 0 | M11: 0 | N11: 0.391 | O11: 0.39 | P11: 3434.544 | Q11: 3416.4 | R11: 0.398 | S11: 3496.032 | T11: 3486.48 | U11: 0 | V11: 0 | W11: 0 | X11: 0 | Y11: 5.66e-05 | Z11: 5.65e-05 | AA11: 0 | AB11: 5.66e-05 | AC11: 5.65e-05 | AD11: 5.655e-05 | AE11: 1 | AF11: 0.99973782 | AG11: 1 | AH11: 1 | AI11: 0 | AJ11: 0
A12: 10057 | B12: Ashland, City of | C12: 1 | D12: 0 | E12: 21.383 | F12: 19.323 | G12: 19.376 | H12: 0 | I12: 0 | J12: 0.158 | K12: 0.158 | L12: 1387.872 | M12: 1384.08 | N12: 19.994 | O12: 19.99 | P12: 175627.3 | Q12: 175112.4 | R12: 21.069 | S12: 185070.1 | T12: 184564.44 | U12: 0 | V12: 0 | W12: 0 | X12: 0 | Y12: 0.0028945 | Z12: 0.002894 | AA12: 0 | AB12: 0.0028945 | AC12: 0.002894 | AD12: 0.00289425 | AE12: 1 | AF12: 1 | AG12: 1 | AH12: 1 | AI12: 0 | AJ12: 0
A13: 10059 | B13: Bandon, City of | C13: 1 | D13: 0 | E13: 7.753 | F13: 7.714 | G13: 7.735 | H13: 0 | I13: 0 | J13: 0 | K13: 0 | L13: 0 | M13: 0 | N13: 7.604 | O13: 7.599 | P13: 66793.536 | Q13: 66567.24 | R13: 7.639 | S13: 67100.976 | T13: 66917.64 | U13: 0 | V13: 0 | W13: 0 | X13: 0 | Y13: 0.0011008 | Z13: 0.0011001 | AA13: 0 | AB13: 0.0011008 | AC13: 0.0011001 | AD13: 0.00110045 | AE13: 0.99996218 | AF13: 0.99996948 | AG13: 1 | AH13: 1 | AI13: 0 | AJ13: 0
A14: 10061 | B14: Blaine, City of | C14: 1 | D14: 0 | E14: 8.877 | F14: 11.791 | G14: 12.473 | H14: 0 | I14: 0 | J14: 0 | K14: 0 | L14: 0 | M14: 0 | N14: 9.714 | O14: 9.802 | P14: 85327.776 | Q14: 85865.52 | R14: 8.747 | S14: 76833.648 | T14: 76623.72 | U14: 0.967 | V14: 1.055 | W14: 0 | X14: 1.055 | Y14: 0.0012663 | Z14: 0.0012663 | AA14: 0 | AB14: 0.0012663 | AC14: 0.0012663 | AD14: 0.0012663 | AE14: 0.90048087 | AF14: 0.89239657 | AG14: 1.1105522 | AH14: 1.1206128 | AI14: 0 | AJ14: 0
... A136: 10298 | B136: PNGC Aggregate | C136: 1 | D136: 0 | E136: 611.261 | F136: 923.847 | G136: 939.444 | H136: 0 | I136: 0 | J136: 18.715 | K136: 12.046 | L136: 164392.56 | M136: 105522.96 | N136: 665.216 | O136: 671.893 | P136: 5843257.3 | Q136: 5885782.7 | R136: 602.276 | S136: 5290392.4 | T136: 5275937.8 | U136: 67.096 | V136: 73.69 | W136: 67.096 | X136: 73.69 | Y136: 0.1091585 | Z136: 0.1091704 | AA136: 0 | AB136: 0.1091585 | AC136: 0.1091704 | AD136: 0.10916445 | AE136: 0.90109597 | AF136: 0.89243419 | AG136: 1.1045036 | AH136: 1.1155899 | AI136: 0 | AJ136: 0
A148: 1 | B148: 2 | C148: 3 | D148: 4 | E148: 6 | F148: 7 | G148: 8 | H148: 9 | I148: 10 | J148: 11 | K148: 12 | L148: 13 | M148: 14 | N148: 15 | O148: 16 | P148: 17 | Q148: 18 | R148: 19 | S148: 20 | U148: 22 | V148: 23 | W148: 24 | X148: 25 | Y148: 32 | Z148: 33 | AA148: 34 | AB148: 35 | AC148: 36 | AD148: 37 | AE148: 38 | AF148: 39 | AG148: 40 | AH148: 41 | AI148: 42 | AJ148: 43

Sheet TOCA_current
A1: TOCA Computations, RHWMs and Net Requirements
A2: BESID | B2: Preference Customer | C2: NOTJOE | D2: JOE | E2: CHWM 2026 | F2: TRL 2026 | G2: TRL 2027 | H2: TRL 2028 | I2: NLSL 2026 | J2: NLSL 2027 | K2: NLSL 2028 | L2: Existing/Other Resource aMW 2026 | M2: Existing/Other Resource aMW 2027 | N2: Existing/Other Resource aMW 2028 | O2: Existing/Other Resource MWh 2026 | P2: Existing/Other Resource MWh 2027 | Q2: Existing/Other Resource MWh 2028 | R2: TRL - NLSL - Existing Resource 2026 | S2: TRL - NLSL - Existing Resource 2027 | T2: TRL - NLSL - Existing Resource 2028 | U2: TRL - NLSL - Existing Resource MWh 2026 | V2: TRL - NLSL - Existing Resource MWh 2027 | W2: TRL - NLSL - Existing Resource MWh 2028 | X2: RHWM 2026 | Y2: RHWM MWh 2026 | Z2: RHWM MWh 2027 | AA2: RHWM MWh 2028 | AB2: Above RHWM 2026 | AC2: Above RHWM 2027 | AD2: Above RHWM 2028 | AE2: Above RHWM Not Served with LS 2026 | AF2: Above RHWM Not Served with LS 2027 | AG2: Above RHWM Not Served with LS 2028 | AH2: Above RHWM Load Served at the LS rate 2026 | AI2: Above RHWM Load Served at the LS rate 2027 | AJ2: Above RHWM Load Served at the LS rate 2028 | AK2: Total Vintage 2026 | AL2: Total Vintage 2027 | AM2: Total Vintage 2028 | AN2: Remaining Above RHWM 2026 | AO2: Remaining Above RHWM 2027 | AP2: Remaining Above RHWM 2028 | AQ2: TOCA 2026 | AR2: TOCA 2027 | AS2: TOCA 2028 | AT2: Slice% 2026 | AU2: Non-slice TOCA 2026 | AV2: Non-slice TOCA 2027 | AW2: Non-slice TOCA 2028 | AX2: Avg Non-Slice TOCA | AY2: T1 Percentage 2026 | AZ2: T1 Percentage 2027 | BA2: T1 Percentage 2028 | BB2: LDD adjTRL/RHWM 2026 | BC2: LDD adjTRL/RHWM 2027 | BD2: LDD adjTRL/RHWM 2028 | BE2: Applicable LDD 2026 | BF2: Applicable LDD 2027 | BG2: Applicable LDD 2028
A3: 10015 | B3: Asotin County PUD #1 | C3: 1 | D3: 0 | E3: 0.582 | F3: 0.761 | G3: 0.761 | H3: 0.76 | I3: 0 | J3: 0 | K3: 0 | L3: 0 | M3: 0 | N3: 0 | O3: 0 | P3: 0 | Q3: 0 | R3: 0.761 | S3: 0.761 | T3: 0.76 | U3: 6666.36 | V3: 6666.36 | W3: 6675.84 | X3: 0.577 | Y3: 5054.52 | Z3: 5054.52 | AA3: 5068.368 | AB3: 0.184 | AC3: 0.184 | AD3: 0.183 | AE3: 0 | AF3: 0 | AG3: 0 | AH3: 0.184 | AI3: 0.184 | AJ3: 0.183 | AK3: 0 | AL3: 0 | AM3: 0 | AN3: 0 | AO3: 0 | AP3: 0 | AQ3: 8.12e-05 | AR3: 8.12e-05 | AS3: 8.12e-05 | AT3: 0 | AU3: 8.12e-05 | AV3: 8.12e-05 | AW3: 8.12e-05 | AX3: 8.12e-05 | AY3: 0.75860134 | AZ3: 0.75860134 | BA3: 0.7595995 | BB3: 1.3188908 | BC3: 1.3188908 | BD3: 1.3171577 | BE3: 0 | BF3: 0 | BG3: 0
A4: 10024 | B4: Benton County PUD #1 | C4: 1 | D4: 0 | E4: 203.92 | F4: 213.666 | G4: 214.564 | H4: 214.739 | I4: 0 | J4: 0 | K4: 0 | L4: 0.919 | M4: 0.919 | N4: 0.918 | O4: 8050.44 | P4: 8050.44 | Q4: 8063.712 | R4: 212.747 | S4: 213.645 | T4: 213.821 | U4: 1863663.7 | V4: 1871530.2 | W4: 1878203.7 | X4: 202.081 | Y4: 1770229.6 | Z4: 1770229.6 | AA4: 1775079.5 | AB4: 10.666 | AC4: 11.564 | AD4: 11.74 | AE4: 10.666 | AF4: 11.564 | AG4: 11.74 | AH4: 0 | AI4: 0 | AJ4: 0 | AK4: 0 | AL4: 0 | AM4: 0 | AN4: 10.666 | AO4: 11.564 | AP4: 11.74 | AQ4: 0.0284239 | AR4: 0.0284239 | AS4: 0.0284239 | AT4: 0 | AU4: 0.0284239 | AV4: 0.0284239 | AW4: 0.0284239 | AX4: 0.0284239 | AY4: 0.95008188 | AZ4: 0.94610557 | BA4: 0.94532989 | BB4: 1.0527808 | BC4: 1.0572246 | BD4: 1.0580955 | BE4: 0 | BF4: 0 | BG4: 0
A5: 10025 | B5: Benton REA | C5: 1 | D5: 0 | E5: 60.549 | F5: 74.805 | G5: 75.47 | H5: 75.931 | I5: 0 | J5: 0 | K5: 0 | L5: 0 | M5: 0 | N5: 0 | O5: 0 | P5: 0 | Q5: 0 | R5: 74.805 | S5: 75.47 | T5: 75.931 | U5: 655291.8 | V5: 661117.2 | W5: 666977.9 | X5: 60.003 | Y5: 525626.28 | Z5: 525626.28 | AA5: 527066.35 | AB5: 14.802 | AC5: 15.467 | AD5: 15.928 | AE5: 14.802 | AF5: 15.467 | AG5: 15.928 | AH5: 0 | AI5: 0 | AJ5: 0 | AK5: 0 | AL5: 0 | AM5: 0 | AN5: 14.802 | AO5: 15.467 | AP5: 15.928 | AQ5: 0.0084398 | AR5: 0.0084398 | AS5: 0.0084398 | AT5: 0 | AU5: 0.0084398 | AV5: 0.0084398 | AW5: 0.0084398 | AX5: 0.0084398 | AY5: 0.80212816 | AZ5: 0.79506025 | BA5: 0.7902332 | BB5: 1.2466877 | BC5: 1.2577704 | BD5: 1.2654534 | BE5: 0.068567822 | BF5: 0.069177374 | BG5: 0.069599937
A6: 10027 | B6: Big Bend Elec Coop | C6: 1 | D6: 0 | E6: 62.107 | F6: 72.558 | G6: 73.884 | H6: 75.005 | I6: 0 | J6: 0 | K6: 0 | L6: 0 | M6: 0 | N6: 0 | O6: 0 | P6: 0 | Q6: 0 | R6: 72.558 | S6: 73.884 | T6: 75.005 | U6: 635608.08 | V6: 647223.84 | W6: 658843.92 | X6: 61.547 | Y6: 539151.72 | Z6: 539151.72 | AA6: 540628.85 | AB6: 11.011 | AC6: 12.337 | AD6: 13.458 | AE6: 11.011 | AF6: 12.337 | AG6: 13.458 | AH6: 0 | AI6: 0 | AJ6: 0 | AK6: 0 | AL6: 0 | AM6: 0 | AN6: 11.011 | AO6: 12.337 | AP6: 13.458 | AQ6: 0.0086569 | AR6: 0.0086569 | AS6: 0.0086569 | AT6: 0 | AU6: 0.0086569 | AV6: 0.0086569 | AW6: 0.0086569 | AX6: 0.0086569 | AY6: 0.84824114 | AZ6: 0.83301771 | BA6: 0.8205677 | BB6: 1.1789039 | BC6: 1.2004484 | BD6: 1.2186622 | BE6: 0.082523275 | BF6: 0.084031391 | BG6: 0.085306351
A7: 10029 | B7: Blachly Lane Elec Coop | C7: 0 | D7: 1 | E7: 17.879 | F7: 23.213 | G7: 24.409 | H7: 24.669 | I7: 0 | J7: 0 | K7: 0 | L7: 0 | M7: 0 | N7: 0 | O7: 0 | P7: 0 | Q7: 0 | R7: 23.213 | S7: 24.409 | T7: 24.669 | U7: 203345.88 | V7: 213822.84 | W7: 216692.5 | X7: 17.718 | Y7: 155209.68 | Z7: 155209.68 | AA7: 155634.91 | AB7: 5.495 | AC7: 6.691 | AD7: 6.951 | AE7: 5.495 | AF7: 6.691 | AG7: 6.951 | AH7: 0 | AI7: 0 | AJ7: 0 | AK7: 0 | AL7: 0 | AM7: 0 | AN7: 5.495 | AO7: 6.691 | AP7: 6.951 | AQ7: 0.0024921 | AR7: 0.0024921 | AS7: 0.0024921 | AT7: 0 | AU7: 0.0024921 | AV7: 0.0024921 | AW7: 0.0024921 | AX7: 0.0024921 | AY7: 0.7632669 | AZ7: 0.7258681 | BA7: 0.71821779 | BB7: 1.3101366 | BC7: 1.3776386 | BD7: 1.3923129 | BE7: 0.085158878 | BF7: 0.089546506 | BG7: 0.090500339
A8: 10044 | B8: Canby, City of | C8: 1 | D8: 0 | E8: 20.612 | F8: 22.338 | G8: 22.45 | H8: 22.556 | I8: 0 | J8: 0 | K8: 0 | L8: 0 | M8: 0 | N8: 0 | O8: 0 | P8: 0 | Q8: 0 | R8: 22.338 | S8: 22.45 | T8: 22.556 | U8: 195680.88 | V8: 196662 | W8: 198131.9 | X8: 20.426 | Y8: 178931.76 | Z8: 178931.76 | AA8: 179421.98 | AB8: 1.912 | AC8: 2.024 | AD8: 2.13 | AE8: 1.912 | AF8: 2.024 | AG8: 2.13 | AH8: 0 | AI8: 0 | AJ8: 0 | AK8: 0 | AL8: 0 | AM8: 0 | AN8: 1.912 | AO8: 2.024 | AP8: 2.13 | AQ8: 0.002873 | AR8: 0.002873 | AS8: 0.002873 | AT8: 0 | AU8: 0.002873 | AV8: 0.002873 | AW8: 0.002873 | AX8: 0.002873 | AY8: 0.91439444 | AZ8: 0.90983265 | BA8: 0.90555696 | BB8: 1.0936062 | BC8: 1.0990894 | BD8: 1.1042789 | BE8: 0 | BF8: 0 | BG8: 0
A9: 10046 | B9: Central Electric Coop | C9: 0 | D9: 1 | E9: 83.072 | F9: 102.441 | G9: 103.89 | H9: 105.331 | I9: 0 | J9: 0 | K9: 0 | L9: 0 | M9: 0 | N9: 0 | O9: 0 | P9: 0 | Q9: 0 | R9: 102.441 | S9: 103.89 | T9: 105.331 | U9: 897383.16 | V9: 910076.4 | W9: 925227.5 | X9: 82.323 | Y9: 721149.48 | Z9: 721149.48 | AA9: 723125.23 | AB9: 20.118 | AC9: 21.567 | AD9: 23.008 | AE9: 20.118 | AF9: 21.567 | AG9: 23.008 | AH9: 0 | AI9: 0 | AJ9: 0 | AK9: 0 | AL9: 0 | AM9: 0 | AN9: 20.118 | AO9: 21.567 | AP9: 23.008 | AQ9: 0.0115792 | AR9: 0.0115792 | AS9: 0.0115792 | AT9: 0 | AU9: 0.0115792 | AV9: 0.0115792 | AW9: 0.0115792 | AX9: 0.0115792 | AY9: 0.80361305 | AZ9: 0.7924047 | BA9: 0.78156406 | BB9: 1.2443788 | BC9: 1.2619802 | BD9: 1.2794845 | BE9: 0.080884625 | BF9: 0.082028716 | BG9: 0.083166491
A10: 10047 | B10: Central Lincoln PUD | C10: 1 | D10: 0 | E10: 159.01 | F10: 151.52 | G10: 151.672 | H10: 151.976 | I10: 0 | J10: 0 | K10: 0 | L10: 0 | M10: 0 | N10: 0 | O10: 0 | P10: 0 | Q10: 0 | R10: 151.52 | S10: 151.672 | T10: 151.976 | U10: 1327315.2 | V10: 1328646.7 | W10: 1334957.2 | X10: 157.576 | Y10: 1380365.8 | Z10: 1380365.8 | AA10: 1384147.6 | AB10: 0 | AC10: 0 | AD10: 0 | AE10: 0 | AF10: 0 | AG10: 0 | AH10: 0 | AI10: 0 | AJ10: 0 | AK10: 0 | AL10: 0 | AM10: 0 | AN10: 0 | AO10: 0 | AP10: 0 | AQ10: 0.0213122 | AR10: 0.0213336 | AS10: 0.0213763 | AT10: 0 | AU10: 0.0213122 | AV10: 0.0213336 | AW10: 0.0213763 | AX10: 0.0213407 | AY10: 1 | AZ10: 1 | BA10: 0.99999945 | BB10: 1 | BC10: 1 | BD10: 1 | BE10: 0 | BF10: 0 | BG10: 0
A11: 10055 | B11: Albion, City of | C11: 1 | D11: 0 | E11: 0.404 | F11: 0.466 | G11: 0.469 | H11: 0.471 | I11: 0 | J11: 0 | K11: 0 | L11: 0 | M11: 0 | N11: 0 | O11: 0 | P11: 0 | Q11: 0 | R11: 0.466 | S11: 0.469 | T11: 0.471 | U11: 4082.16 | V11: 4108.44 | W11: 4137.264 | X11: 0.4 | Y11: 3504 | Z11: 3504 | AA11: 3513.6 | AB11: 0.066 | AC11: 0.069 | AD11: 0.071 | AE11: 0 | AF11: 0 | AG11: 0 | AH11: 0.066 | AI11: 0.069 | AJ11: 0.071 | AK11: 0 | AL11: 0 | AM11: 0 | AN11: 0 | AO11: 0 | AP11: 0 | AQ11: 5.63e-05 | AR11: 5.63e-05 | AS11: 5.63e-05 | AT11: 0 | AU11: 5.63e-05 | AV11: 5.63e-05 | AW11: 5.63e-05 | AX11: 5.63e-05 | AY11: 0.85894373 | AZ11: 0.85344942 | BA11: 0.84982543 | BB11: 1.165 | BC11: 1.1725 | BD11: 1.1775 | BE11: 0 | BF11: 0 | BG11: 0
A12: 10057 | B12: Ashland, City of | C12: 1 | D12: 0 | E12: 21.383 | F12: 19.376 | G12: 19.376 | H12: 19.381 | I12: 0 | J12: 0 | K12: 0 | L12: 0.158 | M12: 0.158 | N12: 0.158 | O12: 1384.08 | P12: 1384.08 | Q12: 1387.872 | R12: 19.218 | S12: 19.218 | T12: 19.223 | U12: 168349.68 | V12: 168349.68 | W12: 168854.83 | X12: 21.19 | Y12: 185624.4 | Z12: 185624.4 | AA12: 186132.96 | AB12: 0 | AC12: 0 | AD12: 0 | AE12: 0 | AF12: 0 | AG12: 0 | AH12: 0 | AI12: 0 | AJ12: 0 | AK12: 0 | AL12: 0 | AM12: 0 | AN12: 0 | AO12: 0 | AP12: 0 | AQ12: 0.0027031 | AR12: 0.0027031 | AS12: 0.0027038 | AT12: 0 | AU12: 0.0027031 | AV12: 0.0027031 | AW12: 0.0027038 | AX12: 0.0027033333 | AY12: 0.99999123 | AZ12: 0.99999123 | BA12: 0.99999003 | BB12: 1 | BC12: 1 | BD12: 1 | BE12: 0 | BF12: 0 | BG12: 0
A13: 10059 | B13: Bandon, City of | C13: 1 | D13: 0 | E13: 7.753 | F13: 7.735 | G13: 7.735 | H13: 7.735 | I13: 0 | J13: 0 | K13: 0 | L13: 0 | M13: 0 | N13: 0 | O13: 0 | P13: 0 | Q13: 0 | R13: 7.735 | S13: 7.735 | T13: 7.735 | U13: 67758.6 | V13: 67758.6 | W13: 67944.24 | X13: 7.683 | Y13: 67303.08 | Z13: 67303.08 | AA13: 67487.472 | AB13: 0.052 | AC13: 0.052 | AD13: 0.052 | AE13: 0 | AF13: 0 | AG13: 0 | AH13: 0.052 | AI13: 0.052 | AJ13: 0.052 | AK13: 0 | AL13: 0 | AM13: 0 | AN13: 0 | AO13: 0 | AP13: 0 | AQ13: 0.0010807 | AR13: 0.0010807 | AS13: 0.0010807 | AT13: 0 | AU13: 0.0010807 | AV13: 0.0010807 | AW13: 0.0010807 | AX13: 0.0010807 | AY13: 0.99331517 | AZ13: 0.99331517 | BA13: 0.99331517 | BB13: 1.0067682 | BC13: 1.0067682 | BD13: 1.0067682 | BE13: 0 | BF13: 0 | BG13: 0
A14: 10061 | B14: Blaine, City of | C14: 1 | D14: 0 | E14: 8.877 | F14: 11.823 | G14: 12.473 | H14: 13.11 | I14: 0 | J14: 0 | K14: 0 | L14: 0 | M14: 0 | N14: 0 | O14: 0 | P14: 0 | Q14: 0 | R14: 11.823 | S14: 12.473 | T14: 13.11 | U14: 103569.48 | V14: 109263.48 | W14: 115158.24 | X14: 8.797 | Y14: 77061.72 | Z14: 77061.72 | AA14: 77272.848 | AB14: 3.026 | AC14: 3.676 | AD14: 4.313 | AE14: 3.026 | AF14: 3.676 | AG14: 4.313 | AH14: 0 | AI14: 0 | AJ14: 0 | AK14: 0 | AL14: 0 | AM14: 0 | AN14: 3.026 | AO14: 3.676 | AP14: 4.313 | AQ14: 0.0012373 | AR14: 0.0012373 | AS14: 0.0012373 | AT14: 0 | AU14: 0.0012373 | AV14: 0.0012373 | AW14: 0.0012373 | AX14: 0.0012373 | AY14: 0.74402848 | AZ14: 0.70525525 | BA14: 0.6709877 | BB14: 1.3439809 | BC14: 1.4178697 | BD14: 1.4902808 | BE14: 0 | BF14: 0 | BG14: 0
... A136: 10298 | B136: PNGC Aggregate | C136: 1 | D136: 0 | E136: 769.476 | F136: 926.378 | G136: 939.444 | H136: 950.54 | I136: 0 | J136: 0 | K136: 0 | L136: 11.767 | M136: 12.046 | N136: 12.333 | O136: 103078.92 | P136: 105522.96 | Q136: 108333.07 | R136: 914.609 | S136: 927.397 | T136: 938.206 | U136: 8011974.8 | V136: 8123997.7 | W136: 8241201.5 | X136: 762.537 | Y136: 6679824.1 | Z136: 6679824.1 | AA136: 6698125 | AB136: 153.158 | AC136: 165.9 | AD136: 176.658 | AE136: 153.158 | AF136: 165.9 | AG136: 176.658 | AH136: 0 | AI136: 0 | AJ136: 0 | AK136: 0 | AL136: 0 | AM136: 0 | AN136: 153.158 | AO136: 165.9 | AP136: 176.658 | AQ136: 0.1071025 | AR136: 0.107109 | AS136: 0.1071162 | AT136: 0 | AU136: 0.1071025 | AV136: 0.107109 | AW136: 0.1071162 | AX136: 0.10710923 | AY136: 0.8346677 | AZ136: 0.82340513 | BA136: 0.814149 | BB136: 1.199429 | BC136: 1.2161993 | BD136: 1.2303744 | BE136: 0 | BF136: 0 | BG136: 0

Sheet LS_previous
B1: Tier 1 Load Shaping Charges Billing Determinant (MWh)
D2: 45200 | E2: 45200 | F2: 45231 | G2: 45231 | H2: 45261 | I2: 45261 | J2: 45292 | K2: 45292 | L2: 45323 | M2: 45323 | N2: 45352 | O2: 45352 | P2: 45383 | Q2: 45383 | R2: 45413 | S2: 45413 | T2: 45444 | U2: 45444 | V2: 45474 | W2: 45474 | X2: 45505 | Y2: 45505 | Z2: 45536 | AA2: 45536 | AB2: 45566 | AC2: 45566 | AD2: 45597 | AE2: 45597 | AF2: 45627 | AG2: 45627 | AH2: 45658 | AI2: 45658 | AJ2: 45689 | AK2: 45689 | AL2: 45717 | AM2: 45717 | AN2: 45748 | AO2: 45748 | AP2: 45778 | AQ2: 45778 | AR2: 45809 | AS2: 45809 | AT2: 45839 | AU2: 45839 | AV2: 45870 | AW2: 45870 | AX2: 45901 | AY2: 45901
B3: BESID | C3: AccountName | D3: HLH | E3: LLH | F3: HLH | G3: LLH | H3: HLH | I3: LLH | J3: HLH | K3: LLH | L3: HLH | M3: LLH | N3: HLH | O3: LLH | P3: HLH | Q3: LLH | R3: HLH | S3: LLH | T3: HLH | U3: LLH | V3: HLH | W3: LLH | X3: HLH | Y3: LLH | Z3: HLH | AA3: LLH | AB3: HLH | AC3: LLH | AD3: HLH | AE3: LLH | AF3: HLH | AG3: LLH | AH3: HLH | AI3: LLH | AJ3: HLH | AK3: LLH | AL3: HLH | AM3: LLH | AN3: HLH | AO3: LLH | AP3: HLH | AQ3: LLH | AR3: HLH | AS3: LLH | AT3: HLH | AU3: LLH | AV3: HLH | AW3: LLH | AX3: HLH | AY3: LLH
B4: 10015 | C4: Asotin County PUD #1 | D4: 20.352145 | E4: 52.848143 | F4: -101.53345 | G4: -51.745926 | H4: -120.25532 | I4: -56.713477 | J4: -118.60241 | K4: -72.751456 | L4: -120.19566 | M4: -39.526863 | N4: -91.265286 | O4: -68.580008 | P4: 14.962154 | Q4: 8.1882827 | R4: 50.805202 | S4: 130.95826 | T4: 142.08934 | U4: 205.09217 | V4: 341.59336 | W4: 381.93102 | X4: 323.16892 | Y4: 339.57374 | Z4: 125.63012 | AA4: 224.89636 | AB4: 20.352145 | AC4: 52.848143 | AD4: -101.53345 | AE4: -51.745926 | AF4: -120.25532 | AG4: -56.713477 | AH4: -118.60241 | AI4: -72.751456 | AJ4: -110.81551 | AK4: -34.836788 | AL4: -91.265286 | AM4: -68.580008 | AN4: 14.962154 | AO4: 8.1882827 | AP4: 50.805202 | AQ4: 130.95826 | AR4: 142.08934 | AS4: 205.09217 | AT4: 341.59336 | AU4: 381.93102 | AV4: 323.16892 | AW4: 339.57374 | AX4: 125.63012 | AY4: 224.89636
B5: 10024 | C5: Benton County PUD #1 | D5: -1348.4856 | E5: -3430.2314 | F5: -26827.073 | G5: -12326.523 | H5: -19766.262 | I5: -6211.9864 | J5: -29412.174 | K5: -9325.9914 | L5: -22234.095 | M5: -4085.0802 | N5: -27942.889 | O5: -16674.223 | P5: -4674.716 | Q5: -4702.0901 | R5: -7592.4801 | S5: 64.495731 | T5: 15617.039 | U5: 11180.968 | V5: 45034.789 | W5: 36212.73 | X5: 33887.882 | Y5: 22206.367 | Z5: 1571.2295 | AA5: -283.65982 | AB5: -1579.2416 | AC5: -3358.1544 | AD5: -26952.385 | AE5: -12454.292 | AF5: -20198.754 | AG5: -6590.8154 | AH5: -29795.507 | AI5: -9659.7914 | AJ5: -18915.574 | AK5: -2478.2082 | AL5: -28046.698 | AM5: -16786.998 | AN5: -4713.057 | AO5: -4779.0011 | AP5: -7619.6101 | AQ5: 3.3037314 | AR5: 15657.499 | AS5: 11115.904 | AT5: 45081.035 | AU5: 36186.663 | AV5: 34073.094 | AW5: 21961.272 | AX5: 1363.2005 | AY5: -213.68782
B6: 10025 | C6: Benton REA | D6: 6996.4671 | E6: 4215.5087 | F6: -4657.0326 | G6: 1697.6709 | H6: 1683.1357 | I6: 3226.454 | J6: -1730.8988 | K6: 2555.4217 | L6: -5550.2424 | M6: 11.03877 | N6: -6373.0784 | O6: -1544.6523 | P6: 2745.5793 | Q6: 2364.7654 | R6: 94.055066 | S6: 3580.4014 | T6: 4929.7085 | U6: 3810.3293 | V6: 12690.139 | W6: 10229.181 | X6: 10755.066 | Y6: 9745.2052 | Z6: 7206.8066 | AA6: 5371.1994 | AB6: 7187.3651 | AC6: 4469.6337 | AD6: -4468.1686 | AE6: 1860.8309 | AF6: 1765.2987 | AG6: 3274.444 | AH6: -3069.6918 | AI6: 3975.7047 | AJ6: -4369.5352 | AK6: 624.55239 | AL6: -5108.3914 | AM6: -2530.8483 | AN6: 2957.1703 | AO6: 2501.3454 | AP6: 330.52107 | AQ6: 3760.0884 | AR6: 5223.4375 | AS6: 3979.9193 | AT6: 12996.503 | AU6: 10426.36 | AV6: 11100.066 | AW6: 9829.7912 | AX6: 7306.2926 | AY6: 5573.5954
B7: 10027 | C7: Big Bend Elec Coop | D7: 1623.396 | E7: 1915.2996 | F7: -12919.372 | G7: -6660.9874 | H7: -13185.731 | I7: -6752.0278 | J7: -15406.177 | K7: -6877.9356 | L7: -15434.035 | M7: -6772.4624 | N7: -15460.891 | O7: -9371.3342 | P7: 83.540258 | Q7: 941.45592 | R7: 7839.4164 | S7: 9459.3106 | T7: 16952.976 | U7: 14896.626 | V7: 22324.456 | W7: 21208.616 | X7: 14721.387 | Y7: 12880.605 | Z7: 5545.6903 | AA7: 6448.9198 | AB7: 1832.743 | AC7: 2227.1436 | AD7: -12743.72 | AE7: -6542.8854 | AF7: -12973.358 | AG7: -6615.1948 | AH7: -15204.42 | AI7: -6736.5596 | AJ7: -14185.216 | AK7: -6128.422 | AL7: -15306.055 | AM7: -9288.7982 | AN7: 404.49926 | AO7: 1144.1439 | AP7: 8407.0344 | AQ7: 9879.6956 | AR7: 17722.601 | AS7: 15407.72 | AT7: 23107.437 | AU7: 21791.537 | AV7: 15465.385 | AW7: 13184.86 | AX7: 5846.0243 | AY7: 6857.4368
B8: 10029 | C8: Blachly Lane Elec Coop | D8: 0 | E8: 0 | F8: 0 | G8: 0 | H8: 0 | I8: 0 | J8: 0 | K8: 0 | L8: 0 | M8: 0 | N8: 0 | O8: 0 | P8: 0 | Q8: 0 | R8: 0 | S8: 0 | T8: 0 | U8: 0 | V8: 0 | W8: 0 | X8: 0 | Y8: 0 | Z8: 0 | AA8: 0 | AB8: 0 | AC8: 0 | AD8: 0 | AE8: 0 | AF8: 0 | AG8: 0 | AH8: 0 | AI8: 0 | AJ8: 0 | AK8: 0 | AL8: 0 | AM8: 0 | AN8: 0 | AO8: 0 | AP8: 0 | AQ8: 0 | AR8: 0 | AS8: 0 | AT8: 0 | AU8: 0 | AV8: 0 | AW8: 0 | AX8: 0 | AY8: 0
B9: 10044 | C9: Canby, City of | D9: 1043.9973 | E9: -672.93723 | F9: -1332.7712 | G9: -744.54276 | H9: 331.78288 | I9: -553.27307 | J9: -563.69921 | K9: -667.32662 | L9: -1077.4389 | M9: -823.21175 | N9: -1206.4212 | O9: -1301.4137 | P9: 242.22289 | Q9: -861.4726 | R9: -2545.7417 | S9: -1991.59 | T9: -2201.3473 | U9: -2038.4846 | V9: 138.50991 | W9: -477.349 | X9: 371.13207 | Y9: 119.56607 | Z9: -6.2990194 | AA9: -1030.0875 | AB9: 955.71629 | AC9: -649.12923 | AD9: -1364.3092 | AE9: -775.59276 | AF9: 304.08188 | AG9: -590.04607 | AH9: -1013.7232 | AI9: -281.78162 | AJ9: -717.00489 | AK9: -658.46775 | AL9: -869.17518 | AM9: -1702.9387 | AN9: 211.56589 | AO9: -893.2156 | AP9: -2577.2537 | AQ9: -2024.553 | AR9: -2228.6643 | AS9: -2073.5636 | AT9: 108.71491 | AU9: -512.024 | AV9: 397.64507 | AW9: 28.583071 | AX9: -91.731019 | AY9: -1007.0455
B10: 10046 | C10: Central Electric Coop | D10: 0 | E10: 0 | F10: 0 | G10: 0 | H10: 0 | I10: 0 | J10: 0 | K10: 0 | L10: 0 | M10: 0 | N10: 0 | O10: 0 | P10: 0 | Q10: 0 | R10: 0 | S10: 0 | T10: 0 | U10: 0 | V10: 0 | W10: 0 | X10: 0 | Y10: 0 | Z10: 0 | AA10: 0 | AB10: 0 | AC10: 0 | AD10: 0 | AE10: 0 | AF10: 0 | AG10: 0 | AH10: 0 | AI10: 0 | AJ10: 0 | AK10: 0 | AL10: 0 | AM10: 0 | AN10: 0 | AO10: 0 | AP10: 0 | AQ10: 0 | AR10: 0 | AS10: 0 | AT10: 0 | AU10: 0 | AV10: 0 | AW10: 0 | AX10: 0 | AY10: 0
B11: 10047 | C11: Central Lincoln PUD | D11: 10673.669 | E11: 6402.2049 | F11: -6622.3318 | G11: 5509.9312 | H11: 1220.9272 | I11: 5183.852 | J11: -5256.9792 | K11: 4214.3764 | L11: -5324.6761 | M11: 3822.2439 | N11: -4580.1444 | O11: 2220.4046 | P11: 5546.7813 | Q11: 5269.9101 | R11: -16835.173 | S11: -2917.0925 | T11: -22659.682 | U11: -9491.4916 | V11: -11038.572 | W11: -352.4203 | X11: -8682.9484 | Y11: 2850.8825 | Z11: -1618.9734 | AA11: 1663.8526 | AB11: 10685.156 | AC11: 6409.127 | AD11: -6628.7835 | AE11: 5515.5579 | AF11: 1222.4925 | AG11: 5189.2711 | AH11: -8208.1964 | AI11: 7165.0784 | AJ11: -2835.2941 | AK11: 5073.439 | AL11: -1844.7456 | AM11: -516.89569 | AN11: 5552.5843 | AO11: 5275.3354 | AP11: -16851.794 | AQ11: -2919.879 | AR11: -22682.095 | AS11: -9500.8366 | AT11: -11049.395 | AU11: -352.6312 | AV11: -8691.4128 | AW11: 2853.8732 | AX11: -1620.4441 | AY11: 1665.6215
B12: 10055 | C12: Albion, City of | D12: 46.383668 | E12: 29.28104 | F12: 7.0990172 | G12: 42.586269 | H12: 91.660507 | I12: 90.455757 | J12: 64.747849 | K12: 85.812388 | L12: 38.237233 | M12: 58.313549 | N12: 15.550578 | O12: 36.388527 | P12: 31.79272 | Q12: 28.979918 | R12: -37.957834 | S12: -6.0501144 | T12: -40.589449 | U12: -24.896968 | V12: 6.7410022 | W12: 1.3316993 | X12: -1.4472237 | Y12: 0.83982468 | Z12: 4.3914937 | AA12: -1.2106913 | AB12: 47.918912 | AC12: 30.276676 | AD12: 8.531466 | AE12: 43.733857 | AF12: 93.213556 | AG12: 91.592356 | AH12: 55.571418 | AI12: 97.701201 | AJ12: 46.050515 | AK12: 62.50218 | AL12: 25.23957 | AM12: 29.37517 | AN12: 33.273961 | AO12: 29.987939 | AP12: -36.426652 | AQ12: -4.9174075 | AR12: -38.947448 | AS12: -23.931041 | AT12: 8.3747053 | AU12: 2.2991715 | AV12: 0.18360531 | AW12: 1.7927985 | AX12: 5.8919875 | AY12: -0.23235438
B13: 10057 | C13: Ashland, City of | D13: 756.58774 | E13: -404.45923 | F13: -1057.4106 | G13: -239.3407 | H13: 1122.949 | I13: 349.79225 | J13: 71.607331 | K13: 138.37248 | L13: -635.68507 | M13: -123.63122 | N13: -1173.8449 | O13: -762.50884 | P13: -159.44931 | Q13: -651.50287 | R13: -2910.2779 | S13: -1718.6367 | T13: -2402.9089 | U13: -1872.0866 | V13: 649.17156 | W13: -98.065645 | X13: 467.8011 | Y13: 197.25513 | Z13: -106.77083 | AA13: -675.73487 | AB13: 757.86396 | AC13: -403.62605 | AD13: -1055.7783 | AE13: -238.28276 | AF13: 1124.7093 | AG13: 350.93524 | AH13: -351.80482 | AI13: 564.80154 | AJ13: -306.97302 | AK13: 40.844757 | AL13: -823.54691 | AM13: -1109.9726 | AN13: -158.08811 | AO13: -650.62776 | AP13: -2908.592 | AQ13: -1717.5481 | AR13: -2401.1289 | AS13: -1871.032 | AT13: 650.70507 | AU13: -97.138284 | AV13: 469.31024 | AW13: 198.125 | AX13: -105.46336 | AY13: -674.85319
B14: 10059 | C14: Bandon, City of | D14: 547.91761 | E14: 0.47721417 | F14: -198.57465 | G14: 133.7468 | H14: 688.2863 | I14: 321.77914 | J14: 694.68956 | K14: 518.69166 | L14: 488.08454 | M14: 458.79692 | N14: -52.66896 | O14: 55.995907 | P14: 647.44552 | Q14: 293.88102 | R14: -822.71899 | S14: -369.80673 | T14: -1025.2527 | U14: -673.60298 | V14: -596.24657 | W14: -370.71467 | X14: -577.24682 | Y14: -271.59568 | Z14: -142.80105 | AA14: -289.79871 | AB14: 549.70432 | AC14: 1.643666 | AD14: -196.28951 | AE14: 135.22792 | AF14: 690.75064 | AG14: 323.37934 | AH14: 496.11754 | AI14: 721.48735 | AJ14: 614.72106 | AK14: 522.28312 | AL14: 109.79598 | AM14: -102.5036 | AN14: 649.3512 | AO14: 295.10617 | AP14: -820.35871 | AQ14: -368.28278 | AR14: -1022.7607 | AS14: -672.12649 | AT14: -594.09964 | AU14: -369.41636 | AV14: -575.13402 | AW14: -270.37786 | AX14: -140.9706 | AY14: -288.56435
B15: 10061 | C15: Blaine, City of | D15: 1844.5201 | E15: 845.64168 | F15: 1222.8917 | G15: 1155.7439 | H15: 1551.5009 | I15: 983.71318 | J15: 1652.8306 | K15: 1316.8508 | L15: 1311.2922 | M15: 1060.5921 | N15: 1179.1764 | O15: 825.9141 | P15: 1746.606 | Q15: 942.68869 | R15: 399.39433 | S15: 543.73932 | T15: 250.20696 | U15: 158.996 | V15: 1061.4867 | W15: 863.59974 | X15: 1092.1332 | Y15: 870.96167 | Z15: 1363.6727 | AA15: 757.7997 | AB15: 1640.8921 | AC15: 672.84068 | AD15: 1102.8447 | AE15: 1016.6609 | AF15: 1409.4379 | AG15: 804.70318 | AH15: 1285.5556 | AI15: 1403.3798 | AJ15: 1330.5926 | AK15: 1002.7449 | AL15: 1244.6444 | AM15: 491.8101 | AN15: 1615.345 | AO15: 811.47069 | AP15: 257.74533 | AQ15: 410.79132 | AR15: 122.92296 | AS15: -2.3980015 | AT15: 896.44268 | AU15: 705.26674 | AV15: 957.82616 | AW15: 698.27967 | AX15: 1199.4847 | AY15: 587.4077
... B137: 10298 | C137: PNGC Aggregate | D137: 64445.133 | E137: 19439.307 | F137: 3109.939 | G137: 33485.574 | H137: 110692.17 | I137: 82029.321 | J137: 82496.785 | K137: 86603.182 | L137: 45724.474 | M137: 59662.839 | N137: 19059.94 | O137: 25371.794 | P137: 44297.575 | Q137: 23102.503 | R137: -72258.45 | S137: -29120.501 | T137: -61279.237 | U137: -40905.893 | V137: 23080.995 | W137: 20369.722 | X137: 21599.281 | Y137: 20591.693 | Z137: 9924.6654 | AA137: -2914.2023 | AB137: 69847.629 | AC137: 24425.571 | AD137: 9345.7386 | AE137: 37942.528 | AF137: 117523.11 | AG137: 86698.424 | AH137: 74479.614 | AI137: 105583.57 | AJ137: 65066.226 | AK137: 70288.163 | AL137: 37245.735 | AM137: 17756.303 | AN137: 49570.289 | AO137: 26474.404 | AP137: -67231.305 | AQ137: -25695.45 | AR137: -56002.406 | AS137: -37745.408 | AT137: 28472.112 | AU137: 23754.177 | AV137: 28018.774 | AW137: 22689.7 | AX137: 13714.968 | AY137: 1336.4046
B148: 1 | C148: 2 | D148: 3 | E148: 4 | F148: 5 | G148: 6 | H148: 7 | I148: 8 | J148: 9 | K148: 10 | L148: 11 | M148: 12 | N148: 13 | O148: 14 | P148: 15 | Q148: 16 | R148: 17 | S148: 18 | T148: 19 | U148: 20 | V148: 21 | W148: 22 | X148: 23 | Y148: 24 | Z148: 25 | AA148: 26 | AB148: 27 | AC148: 28 | AD148: 29 | AE148: 30 | AF148: 31 | AG148: 32 | AH148: 33 | AI148: 34 | AJ148: 35 | AK148: 36 | AL148: 37 | AM148: 38 | AN148: 39 | AO148: 40 | AP148: 41 | AQ148: 42 | AR148: 43 | AS148: 44 | AT148: 45 | AU148: 46 | AV148: 47 | AW148: 48 | AX148: 49 | AY148: 50

Sheet LS_current
B1: Tier 1 Load Shaping Charges Billing Determinant (MWh)
D2: 45931 | E2: 45931 | F2: 45962 | G2: 45962 | H2: 45992 | I2: 45992 | J2: 46023 | K2: 46023 | L2: 46054 | M2: 46054 | N2: 46082 | O2: 46082 | P2: 46113 | Q2: 46113 | R2: 46143 | S2: 46143 | T2: 46174 | U2: 46174 | V2: 46204 | W2: 46204 | X2: 46235 | Y2: 46235 | Z2: 46266 | AA2: 46266 | AB2: 46296 | AC2: 46296 | AD2: 46327 | AE2: 46327 | AF2: 46357 | AG2: 46357 | AH2: 46388 | AI2: 46388 | AJ2: 46419 | AK2: 46419 | AL2: 46447 | AM2: 46447 | AN2: 46478 | AO2: 46478 | AP2: 46508 | AQ2: 46508 | AR2: 46539 | AS2: 46539 | AT2: 46569 | AU2: 46569 | AV2: 46600 | AW2: 46600 | AX2: 46631 | AY2: 46631 | AZ2: 46661 | BA2: 46661 | BB2: 46692 | BC2: 46692 | BD2: 46722 | BE2: 46722 | BF2: 46753 | BG2: 46753 | BH2: 46784 | BI2: 46784 | BJ2: 46813 | BK2: 46813 | BL2: 46844 | BM2: 46844 | BN2: 46874 | BO2: 46874 | BP2: 46905 | BQ2: 46905 | BR2: 46935 | BS2: 46935 | BT2: 46966 | BU2: 46966 | BV2: 46997 | BW2: 46997
B3: BESID | C3: AccountName | D3: HLH | E3: LLH | F3: HLH | G3: LLH | H3: HLH | I3: LLH | J3: HLH | K3: LLH | L3: HLH | M3: LLH | N3: HLH | O3: LLH | P3: HLH | Q3: LLH | R3: HLH | S3: LLH | T3: HLH | U3: LLH | V3: HLH | W3: LLH | X3: HLH | Y3: LLH | Z3: HLH | AA3: LLH | AB3: HLH | AC3: LLH | AD3: HLH | AE3: LLH | AF3: HLH | AG3: LLH | AH3: HLH | AI3: LLH | AJ3: HLH | AK3: LLH | AL3: HLH | AM3: LLH | AN3: HLH | AO3: LLH | AP3: HLH | AQ3: LLH | AR3: HLH | AS3: LLH | AT3: HLH | AU3: LLH | AV3: HLH | AW3: LLH | AX3: HLH | AY3: LLH | AZ3: HLH | BA3: LLH | BB3: HLH | BC3: LLH | BD3: HLH | BE3: LLH | BF3: HLH | BG3: LLH | BH3: HLH | BI3: LLH | BJ3: HLH | BK3: LLH | BL3: HLH | BM3: LLH | BN3: HLH | BO3: LLH | BP3: HLH | BQ3: LLH | BR3: HLH | BS3: LLH | BT3: HLH | BU3: LLH | BV3: HLH | BW3: LLH
B4: 10015 | C4: Asotin County PUD #1 | D4: 22.21833 | E4: 64.139316 | F4: -90.875655 | G4: -46.681041 | H4: -142.04716 | I4: -42.821636 | J4: -134.29404 | K4: -73.069069 | L4: -108.38044 | M4: -32.437155 | N4: -97.746276 | O4: -42.036557 | P4: 26.073779 | Q4: 19.360721 | R4: 57.215139 | S4: 133.51552 | T4: 136.96427 | U4: 219.53461 | V4: 336.01868 | W4: 385.47396 | X4: 293.7527 | Y4: 342.77026 | Z4: 139.09799 | AA4: 247.7654 | AB4: 22.21833 | AC4: 64.139316 | AD4: -90.875655 | AE4: -46.681041 | AF4: -142.04716 | AG4: -42.821636 | AH4: -134.29404 | AI4: -73.069069 | AJ4: -108.38044 | AK4: -32.437155 | AL4: -97.746276 | AM4: -42.036557 | AN4: 26.073779 | AO4: 19.360721 | AP4: 57.215139 | AQ4: 133.51552 | AR4: 136.96427 | AS4: 219.53461 | AT4: 336.01868 | AU4: 385.47396 | AV4: 293.7527 | AW4: 342.77026 | AX4: 139.09799 | AY4: 247.7654 | AZ4: 22.21833 | BA4: 64.139316 | BB4: -90.875655 | BC4: -46.681041 | BD4: -142.04716 | BE4: -42.821636 | BF4: -134.29404 | BG4: -73.069069 | BH4: -112.33717 | BI4: -33.02552 | BJ4: -97.746276 | BK4: -42.036557 | BL4: 26.073779 | BM4: 19.360721 | BN4: 57.215139 | BO4: 133.51552 | BP4: 136.96427 | BQ4: 219.53461 | BR4: 336.01868 | BS4: 385.47396 | BT4: 293.7527 | BU4: 342.77026 | BV4: 139.09799 | BW4: 247.7654
B5: 10024 | C5: Benton County PUD #1 | D5: -955.13203 | E5: 610.80707 | F5: -22984.094 | G5: -10788.143 | H5: -27614.87 | I5: -1246.3893 | J5: -34954.234 | K5: -9497.8787 | L5: -17984.76 | M5: -1579.0218 | N5: -30270.445 | O5: -7445.7899 | P5: -868.61132 | Q5: -860.30719 | R5: -5239.577 | S5: 724.20121 | T5: 13603.94 | U5: 16343.455 | V5: 43011.538 | W5: 37377.228 | X5: 23681.207 | Y5: 23081.807 | Z5: 6041.3451 | AA5: 7810.0892 | AB5: -882.88003 | AC5: 619.44407 | AD5: -22966.238 | AE5: -10826.918 | AF5: -27932.93 | AG5: -1500.0823 | AH5: -35018.591 | AI5: -9911.0867 | AJ5: -17993.819 | AK5: -1605.0278 | AL5: -30425.326 | AM5: -7268.2469 | AN5: -773.00032 | AO5: -839.33019 | AP5: -5118.387 | AQ5: 754.25721 | AR5: 13758.832 | AS5: 16395.799 | AT5: 43191.736 | AU5: 37456.777 | AV5: 23836.467 | AW5: 23106.232 | AX5: 6126.0201 | AY5: 7819.1972 | AZ5: -296.66603 | BA5: 659.77807 | BB5: -22870.873 | BC5: -10425.913 | BD5: -27961.935 | BE5: -1525.2713 | BF5: -35280.85 | BG5: -10111.553 | BH5: -19369.752 | BI5: -1899.9343 | BJ5: -30428.28 | BK5: -7274.2099 | BL5: -518.74332 | BM5: -1014.3382 | BN5: -5244.369 | BO5: 1019.2182 | BP5: 13900.921 | BQ5: 16474.834 | BR5: 43601.641 | BS5: 37382.194 | BT5: 23789.544 | BU5: 23384.727 | BV5: 6170.4011 | BW5: 7839.5342
B6: 10025 | C6: Benton REA | D6: 2970.1635 | E6: 2481.6731 | F6: -7134.5662 | G6: -1085.0202 | H6: -4638.2632 | I6: 1614.9388 | J6: -7333.4566 | K6: -615.52018 | L6: -7907.1193 | M6: -1967.2847 | N6: -11021.158 | O6: -1914.8786 | P6: -81.234385 | Q6: 613.88408 | R6: -2978.1114 | S6: 470.22501 | T6: 341.02374 | U6: 2485.5617 | V6: 8132.427 | W6: 7455.06 | X6: 3801.4546 | Y6: 6851.2862 | Z6: 4695.3729 | AA6: 4764.6232 | AB6: 3048.4375 | AC6: 2512.1341 | AD6: -7115.8622 | AE6: -1077.5922 | AF6: -4747.5402 | AG6: 1518.0808 | AH6: -8612.8096 | AI6: 409.03482 | AJ6: -7958.7093 | AK6: -2013.3117 | AL6: -10191.975 | AM6: -2801.4066 | AN6: -57.675385 | AO6: 613.05608 | AP6: -2919.0374 | AQ6: 491.01601 | AR6: 443.31274 | AS6: 2521.1517 | AT6: 8250.759 | AU6: 7503.983 | AV6: 3875.7826 | AW6: 6870.2562 | AX6: 4696.6989 | AY6: 4739.7392 | AZ6: 2069.8505 | BA6: 3550.4051 | BB6: -6196.4492 | BC6: -2061.6322 | BD6: -4935.2892 | BE6: 1369.7908 | BF6: -8627.5386 | BG6: 388.57182 | BH6: -8238.0135 | BI6: -2244.9303 | BJ6: -10157.805 | BK6: -2785.5876 | BL6: -965.33039 | BM6: 1600.1891 | BN6: -1735.7904 | BO6: -596.90499 | BP6: 523.93574 | BQ6: 2551.9177 | BR6: 6929.242 | BS6: 9038.345 | BT6: 5376.1006 | BU6: 5573.3222 | BV6: 4789.2679 | BW6: 4786.9222
B7: 10027 | C7: Big Bend Elec Coop | D7: -163.76033 | E7: 1864.6195 | F7: -13338.928 | G7: -7692.2896 | H7: -17414.526 | I7: -6589.688 | J7: -18876.847 | K7: -8335.9221 | L7: -15729.83 | M7: -7215.6073 | N7: -17952.539 | O7: -7962.0347 | P7: -540.01433 | Q7: 808.74086 | R7: 6897.469 | S7: 8130.3972 | T7: 14501.468 | U7: 15221.783 | V7: 19925.488 | W7: 20157.644 | X7: 9885.6746 | Y7: 11685.965 | Z7: 5137.3045 | AA7: 7598.2661 | AB7: -238.09333 | AC7: 1789.7995 | AD7: -13502.46 | AE7: -7884.6246 | AF7: -17583.769 | AG7: -6741.583 | AH7: -18852.514 | AI7: -8687.4661 | AJ7: -15933.747 | AK7: -7384.4313 | AL7: -18369.911 | AM7: -7976.7337 | AN7: -593.87133 | AO7: 737.52486 | AP7: 7111.487 | AQ7: 8234.0382 | AR7: 14889.477 | AS7: 15465.773 | AT7: 20333.653 | AU7: 20445.037 | AV7: 10149.305 | AW7: 11800.244 | AX7: 5182.7905 | AY7: 7612.9111 | AZ7: -47.543334 | BA7: 1537.0965 | BB7: -13847.322 | BC7: -7825.4796 | BD7: -17712.081 | BE7: -6859.064 | BF7: -18966.905 | BG7: -8825.3541 | BH7: -16925.442 | BI7: -7845.4028 | BJ7: -18573.374 | BK7: -8137.8017 | BL7: -384.37333 | BM7: 488.45786 | BN7: 7172.818 | BO7: 8608.9802 | BP7: 15356.368 | BQ7: 15767.661 | BR7: 21037.685 | BS7: 20580.779 | BT7: 10265.071 | BU7: 12185.087 | BV7: 5282.1545 | BW7: 7671.7201
B8: 10029 | C8: Blachly Lane Elec Coop | D8: 0 | E8: 0 | F8: 0 | G8: 0 | H8: 0 | I8: 0 | J8: 0 | K8: 0 | L8: 0 | M8: 0 | N8: 0 | O8: 0 | P8: 0 | Q8: 0 | R8: 0 | S8: 0 | T8: 0 | U8: 0 | V8: 0 | W8: 0 | X8: 0 | Y8: 0 | Z8: 0 | AA8: 0 | AB8: 0 | AC8: 0 | AD8: 0 | AE8: 0 | AF8: 0 | AG8: 0 | AH8: 0 | AI8: 0 | AJ8: 0 | AK8: 0 | AL8: 0 | AM8: 0 | AN8: 0 | AO8: 0 | AP8: 0 | AQ8: 0 | AR8: 0 | AS8: 0 | AT8: 0 | AU8: 0 | AV8: 0 | AW8: 0 | AX8: 0 | AY8: 0 | AZ8: 0 | BA8: 0 | BB8: 0 | BC8: 0 | BD8: 0 | BE8: 0 | BF8: 0 | BG8: 0 | BH8: 0 | BI8: 0 | BJ8: 0 | BK8: 0 | BL8: 0 | BM8: 0 | BN8: 0 | BO8: 0 | BP8: 0 | BQ8: 0 | BR8: 0 | BS8: 0 | BT8: 0 | BU8: 0 | BV8: 0 | BW8: 0
B9: 10044 | C9: Canby, City of | D9: 1766.2252 | E9: 297.48347 | F9: -261.94652 | G9: -65.479047 | H9: 194.17153 | I9: 537.35857 | J9: -428.06771 | K9: -136.0812 | L9: 34.458808 | M9: -68.139452 | N9: -745.87617 | O9: 178.31489 | P9: 1322.7429 | Q9: 35.321224 | R9: -1598.7674 | S9: -1389.6318 | T9: -1749.1237 | U9: -968.09477 | V9: 629.8149 | W9: 188.9763 | X9: 75.387199 | Y9: 716.56986 | Z9: 1074.4702 | AA9: 363.34941 | AB9: 1772.2002 | AC9: 291.76347 | AD9: -256.89252 | AE9: -70.394047 | AF9: 199.47853 | AG9: 532.30557 | AH9: -809.51571 | AI9: 245.6158 | AJ9: 39.356808 | AK9: -72.811452 | AL9: -404.82217 | AM9: -162.37711 | AN9: 1328.2779 | AO9: 30.026224 | AP9: -1592.2954 | AQ9: -1395.8508 | AR9: -1743.4327 | AS9: -973.54177 | AT9: 636.2119 | AU9: 182.8373 | AV9: 81.420199 | AW9: 710.79486 | AX9: 1080.5102 | AY9: 357.55941 | AZ9: 1475.2682 | BA9: 593.41147 | BB9: 86.587484 | BC9: -409.40905 | BD9: 207.27853 | BE9: 529.21857 | BF9: -801.81771 | BG9: 242.6298 | BH9: 46.476922 | BI9: -134.78539 | BJ9: -396.95017 | BK9: -165.43011 | BL9: 1027.0299 | BM9: 335.83322 | BN9: -1299.6764 | BO9: -1683.7508 | BP9: -1735.2467 | BQ9: -977.16577 | BR9: 310.0289 | BS9: 513.7393 | BT9: 432.6162 | BU9: 364.32486 | BV9: 1088.9492 | BW9: 353.68841
B10: 10046 | C10: Central Electric Coop | D10: 0 | E10: 0 | F10: 0 | G10: 0 | H10: 0 | I10: 0 | J10: 0 | K10: 0 | L10: 0 | M10: 0 | N10: 0 | O10: 0 | P10: 0 | Q10: 0 | R10: 0 | S10: 0 | T10: 0 | U10: 0 | V10: 0 | W10: 0 | X10: 0 | Y10: 0 | Z10: 0 | AA10: 0 | AB10: 0 | AC10: 0 | AD10: 0 | AE10: 0 | AF10: 0 | AG10: 0 | AH10: 0 | AI10: 0 | AJ10: 0 | AK10: 0 | AL10: 0 | AM10: 0 | AN10: 0 | AO10: 0 | AP10: 0 | AQ10: 0 | AR10: 0 | AS10: 0 | AT10: 0 | AU10: 0 | AV10: 0 | AW10: 0 | AX10: 0 | AY10: 0 | AZ10: 0 | BA10: 0 | BB10: 0 | BC10: 0 | BD10: 0 | BE10: 0 | BF10: 0 | BG10: 0 | BH10: 0 | BI10: 0 | BJ10: 0 | BK10: 0 | BL10: 0 | BM10: 0 | BN10: 0 | BO10: 0 | BP10: 0 | BQ10: 0 | BR10: 0 | BS10: 0 | BT10: 0 | BU10: 0 | BV10: 0 | BW10: 0
B11: 10047 | C11: Central Lincoln PUD | D11: 11842.076 | E11: 9808.7704 | F11: -2957.1254 | G11: 7401.8209 | H11: -3562.7168 | I11: 9437.7403 | J11: -8382.3122 | K11: 4742.0018 | L11: -1346.2445 | M11: 6185.5009 | N11: -5363.978 | O11: 9776.4075 | P11: 9186.9846 | Q11: 8667.6052 | R11: -14256.348 | S11: -1667.1004 | T11: -23058.364 | U11: -5140.0719 | V11: -11686.327 | W11: 1070.5796 | X11: -15601.241 | Y11: 4152.388 | Z11: 2611.0894 | AA11: 8134.9976 | AB11: 11743.952 | AC11: 9752.0843 | AD11: -2960.3582 | AE11: 7409.0482 | AF11: -3566.4524 | AG11: 9447.1077 | AH11: -11337.196 | AI11: 7692.9088 | AJ11: -1347.8321 | AK11: 6191.5529 | AL11: -2629.8539 | AM11: 7046.381 | AN11: 9196.0581 | AO11: 8676.1949 | AP11: -14270.856 | AQ11: -1668.9395 | AR11: -23081.681 | AS11: -5145.3457 | AT11: -11698.233 | AU11: 1071.5354 | AV11: -15617.078 | AW11: 4156.4398 | AX11: 2613.4966 | AY11: 8143.015 | AZ11: 9397.7757 | BA11: 12288.158 | BB11: -274.20929 | BC11: 4697.0368 | BD11: -3596.647 | BE11: 9449.7582 | BF11: -11381.645 | BG11: 7691.343 | BH11: -992.71999 | BI11: 6209.8101 | BJ11: -2656.9251 | BK11: 7046.2921 | BL11: 6666.8665 | BM11: 11209.062 | BN11: -12022.442 | BO11: -3979.5063 | BP11: -23144.305 | BQ11: -5166.5286 | BR11: -13909.995 | BS11: 3233.4703 | BT11: -13450.066 | BU11: 1937.3711 | BV11: 2602.1688 | BW11: 8147.334
B12: 10055 | C12: Albion, City of | D12: 45.257794 | E12: 35.530013 | F12: 11.393765 | G12: 44.092091 | H12: 73.213613 | I12: 97.920472 | J12: 50.326515 | K12: 83.413468 | L12: 43.30082 | M12: 61.437513 | N12: 7.7863605 | O12: 52.691189 | P12: 36.916039 | Q12: 35.067071 | R12: -36.710087 | S12: -6.3409662 | T12: -47.517906 | U12: -16.882958 | V12: -0.031840368 | W12: 2.0298638 | X12: -24.704375 | Y12: 1.406805 | Z12: 11.250395 | AA12: 12.97382 | AB12: 46.537794 | AC12: 36.359013 | AD12: 12.499765 | AE12: 45.028091 | AF12: 74.414613 | AG12: 98.828472 | AH12: 40.776515 | AI12: 95.072468 | AJ12: 44.39882 | AK12: 62.244513 | AL12: 17.13036 | AM12: 45.456189 | AN12: 38.125039 | AO12: 35.900071 | AP12: -35.516087 | AQ12: -5.4259662 | AR12: -46.231906 | AS12: -16.127958 | AT12: 1.2951596 | AU12: 2.8118638 | AV12: -23.375375 | AW12: 2.185805 | AX12: 12.489395 | AY12: 13.77582 | AZ12: 40.896794 | BA12: 44.110013 | BB12: 21.635765 | BC12: 37.933091 | BD12: 75.615613 | BE12: 99.736472 | BF12: 41.914515 | BG12: 96.043468 | BH12: 45.541535 | BI12: 62.267371 | BJ12: 18.36936 | BK12: 46.327189 | BL12: 32.196039 | BM12: 43.870071 | BN12: -28.365087 | BO12: -10.467966 | BP12: -44.945906 | BQ12: -15.372958 | BR12: -3.6948404 | BS12: 9.9118638 | BT12: -16.118375 | BU12: -2.962195 | BV12: 13.728395 | BW12: 14.57782
B13: 10057 | C13: Ashland, City of | D13: 1154.3049 | E13: 190.50868 | F13: -273.40721 | G13: 207.46009 | H13: 860.38159 | I13: 1112.8037 | J13: 40.407497 | K13: 429.95639 | L13: 191.51699 | M13: 360.86349 | N13: -936.00104 | O13: 412.51999 | P13: 568.38974 | Q13: -49.462571 | R13: -2253.5715 | S13: -1347.2681 | T13: -2105.4529 | U13: -1113.9807 | V13: 866.84409 | W13: 263.73392 | X13: -114.60521 | Y13: 532.40438 | Z13: 685.37603 | AA13: 317.40777 | AB13: 1152.4947 | AC13: 189.4137 | AD13: -273.40721 | AE13: 207.46009 | AF13: 860.38159 | AG13: 1112.8037 | AH13: -384.8725 | AI13: 855.23639 | AJ13: 191.51699 | AK13: 360.86349 | AL13: -587.42804 | AM13: 63.947992 | AN13: 568.38974 | AO13: -49.462571 | AP13: -2253.5715 | AQ13: -1347.2681 | AR13: -2105.4529 | AS13: -1113.9807 | AT13: 866.84409 | AU13: 263.73392 | AV13: -114.60521 | AW13: 532.40438 | AX13: 685.37603 | AY13: 317.40777 | AZ13: 850.44066 | BA13: 491.4687 | BB13: 79.04587 | BC13: -148.7062 | BD13: 857.67476 | BE13: 1111.2878 | BF13: -387.68073 | BG13: 853.58929 | BH13: 250.76173 | BI13: 340.8239 | BJ13: -589.95239 | BK13: 62.590927 | BL13: 264.2526 | BM13: 251.66544 | BN13: -1981.0048 | BO13: -1624.7277 | BP13: -2108.0443 | BQ13: -1115.3654 | BR13: 509.27152 | BS13: 618.76737 | BT13: 230.86256 | BU13: 184.30613 | BV13: 683.6211 | BW13: 316.3432
B14: 10059 | C14: Bandon, City of | D14: 562.91162 | E14: 144.32656 | F14: -69.318061 | G14: 192.99625 | H14: 384.67976 | I14: 497.85151 | J14: 471.44154 | K14: 505.60197 | L14: 632.60852 | M14: 545.86642 | N14: -152.22946 | O14: 400.71828 | P14: 784.83269 | Q14: 435.82674 | R14: -750.41149 | S14: -344.16755 | T14: -1107.1917 | U14: -489.52108 | V14: -682.26838 | W14: -330.71384 | X14: -980.39025 | Y14: -235.76202 | Z14: 26.360018 | AA14: 7.7675515 | AB14: 562.91162 | AC14: 144.32656 | AD14: -69.318061 | AE14: 192.99625 | AF14: 384.67976 | AG14: 497.85151 | AH14: 270.25454 | AI14: 706.78897 | AJ14: 632.60852 | AK14: 545.86642 | AL14: 7.8205358 | AM14: 240.66728 | AN14: 784.83269 | AO14: 435.82674 | AP14: -750.41149 | AQ14: -344.16755 | AR14: -1107.1917 | AS14: -489.52108 | AT14: -682.26838 | AU14: -330.71384 | AV14: -980.39025 | AW14: -235.76202 | AX14: 26.360018 | AY14: 7.7675515 | AZ14: 430.85062 | BA14: 277.87456 | BB14: 86.369939 | BC14: 38.751254 | BD14: 385.59676 | BE14: 498.42151 | BF14: 271.12754 | BG14: 707.40397 | BH14: 640.33484 | BI14: 521.75208 | BJ14: 8.7505358 | BK14: 241.22428 | BL14: 630.47869 | BM14: 591.62174 | BN14: -623.60249 | BO14: -469.48855 | BP14: -1106.2747 | BQ14: -488.99908 | BR14: -795.37038 | BS14: -216.12484 | BT14: -867.01925 | BU14: -347.64502 | BV14: 27.258018 | BW14: 8.3105515
B15: 10061 | C15: Blaine, City of | D15: 569.73733 | E15: 76.200815 | F15: 228.4401 | G15: 216.48553 | H15: -33.837547 | I15: 206.45864 | J15: 160.7836 | K15: 323.0962 | L15: 334.53296 | M15: 300.10612 | N15: -172.971 | O15: 244.35742 | P15: 661.38555 | Q15: 195.77841 | R15: -708.032 | S15: -454.81527 | T15: -1081.1063 | U15: -537.52246 | V15: -277.45271 | W15: -72.026131 | X15: -610.17254 | Y15: -70.12367 | Z15: 362.60285 | AA15: 140.7231 | AB15: 541.06933 | AC15: 29.759815 | AD15: 280.7931 | AE15: 197.00753 | AF15: -24.300547 | AG15: 177.16864 | AH15: 20.804605 | AI15: 483.6492 | AJ15: 366.24396 | AK15: 287.34412 | AL15: 2.1610038 | AM15: 101.50442 | AN15: 698.60455 | AO15: 187.68041 | AP15: -670.801 | AQ15: -465.32327 | AR15: -1056.7903 | AS15: -558.91646 | AT15: -274.01671 | AU15: -97.519131 | AV15: -575.99954 | AW15: -109.96567 | AX15: 360.41485 | AY15: 99.9311 | AZ15: 421.30633 | BA15: 85.805815 | BB15: 463.2001 | BC15: 56.575533 | BD15: -10.106547 | BE15: 151.62264 | BF15: 54.350605 | BG15: 479.0132 | BH15: 404.37658 | BI15: 259.28193 | BJ15: 44.472004 | BK15: 93.462415 | BL15: 633.44855 | BM15: 280.93241 | BN15: -550.855 | BO15: -562.53127 | BP15: -1036.7303 | BQ15: -582.10446 | BR15: -365.75571 | BS15: -33.382131 | BT15: -461.82754 | BU15: -236.62467 | BV15: 354.59285 | BW15: 57.3791
... B137: 10298 | C137: PNGC Aggregate | D137: 30866.133 | E137: 10208.29 | F137: -13033.482 | G137: 11651.451 | H137: 46741.281 | I137: 74890.42 | J137: 27721.119 | K137: 59520.664 | L137: 30972.397 | M137: 46179.695 | N137: -23475.995 | O137: 33823.982 | P137: 25197.723 | Q137: 13247.153 | R137: -95277.92 | S137: -54861.08 | T137: -103280.28 | U137: -45343.832 | V137: -18137.693 | W137: -1479.65 | X137: -49977.248 | Y137: -2751.5597 | Z137: -5841.6637 | AA137: 2462.5687 | AB137: 31657.174 | AC137: 10017.242 | AD137: -11846.999 | AE137: 11707.55 | AF137: 48137.917 | AG137: 75241.61 | AH137: 16919.158 | AI137: 71534.157 | AJ137: 31872.305 | AK137: 46323.245 | AL137: -13410.553 | AM137: 24591.269 | AN137: 25016.067 | AO137: 12632.156 | AP137: -95536.235 | AQ137: -55902.798 | AR137: -103415.22 | AS137: -46207.594 | AT137: -18200.471 | AU137: -2397.7073 | AV137: -50087.351 | AW137: -3883.1608 | AX137: -6222.2035 | AY137: 1443.3784 | AZ137: 25909.919 | BA137: 17247.861 | BB137: -1870.6486 | BC137: 3190.8675 | BD137: 49540.265 | BE137: 75720.641 | BF137: 17856.731 | BG137: 71748.193 | BH137: 31186.584 | BI137: 44796.444 | BJ137: -12798.274 | BK137: 24647.251 | BL137: 17471.646 | BM137: 19528.295 | BN137: -89840.741 | BO137: -62284.16 | BP137: -103538.91 | BQ137: -46900.873 | BR137: -24773.772 | BS137: 3446.4008 | BT137: -43751.612 | BU137: -10908.77 | BV137: -6371.3392 | BW137: 751.44951
B147: 1 | C147: 2 | D147: 3 | E147: 4 | F147: 5 | G147: 6 | H147: 7 | I147: 8 | J147: 9 | K147: 10 | L147: 11 | M147: 12 | N147: 13 | O147: 14 | P147: 15 | Q147: 16 | R147: 17 | S147: 18 | T147: 19 | U147: 20 | V147: 21 | W147: 22 | X147: 23 | Y147: 24 | Z147: 25 | AA147: 26 | AZ147: 27 | BA147: 28 | BB147: 29 | BC147: 30 | BD147: 31 | BE147: 32 | BF147: 33 | BG147: 34 | BH147: 35 | BI147: 36 | BJ147: 37 | BK147: 38 | BL147: 39 | BM147: 40 | BN147: 41 | BO147: 42 | BP147: 43 | BQ147: 44 | BR147: 45 | BS147: 46 | BT147: 47 | BU147: 48 | BV147: 49 | BW147: 50

Sheet Demand_previous
B1: Tier 1 Demand Charge Billing Determinant (KW)
D2: 45200 | E2: 45200 | F2: 45231 | G2: 45231 | H2: 45261 | I2: 45261 | J2: 45292 | K2: 45292 | L2: 45323 | M2: 45323 | N2: 45352 | O2: 45352 | P2: 45383 | Q2: 45383 | R2: 45413 | S2: 45413 | T2: 45444 | U2: 45444 | V2: 45474 | W2: 45474 | X2: 45505 | Y2: 45505 | Z2: 45536 | AA2: 45536 | AB2: 45566 | AC2: 45566 | AD2: 45597 | AE2: 45597 | AF2: 45627 | AG2: 45627 | AH2: 45658 | AI2: 45658 | AJ2: 45689 | AK2: 45689 | AL2: 45717 | AM2: 45717 | AN2: 45748 | AO2: 45748 | AP2: 45778 | AQ2: 45778 | AR2: 45809 | AS2: 45809 | AT2: 45839 | AU2: 45839 | AV2: 45870 | AW2: 45870 | AX2: 45901 | AY2: 45901
B3: BESID | C3: AccountName | D3: HLH | E3: LLH | F3: HLH | G3: LLH | H3: HLH | I3: LLH | J3: HLH | K3: LLH | L3: HLH | M3: LLH | N3: HLH | O3: LLH | P3: HLH | Q3: LLH | R3: HLH | S3: LLH | T3: HLH | U3: LLH | V3: HLH | W3: LLH | X3: HLH | Y3: LLH | Z3: HLH | AA3: LLH | AB3: HLH | AC3: LLH | AD3: HLH | AE3: LLH | AF3: HLH | AG3: LLH | AH3: HLH | AI3: LLH | AJ3: HLH | AK3: LLH | AL3: HLH | AM3: LLH | AN3: HLH | AO3: LLH | AP3: HLH | AQ3: LLH | AR3: HLH | AS3: LLH | AT3: HLH | AU3: LLH | AV3: HLH | AW3: LLH | AX3: HLH | AY3: LLH
B4: 10015 | C4: Asotin County PUD #1 | D4: 279.8149 | E4: 0 | F4: 0 | G4: 0 | H4: 13.1375 | I4: 0 | J4: 112.75962 | K4: 0 | L4: 240.74 | M4: 0 | N4: 173.0625 | O4: 0 | P4: 531.86058 | Q4: 0 | R4: 477.12981 | S4: 0 | T4: 434.075 | U4: 0 | V4: 633.93029 | W4: 0 | X4: 362.02083 | Y4: 0 | Z4: 490.63021 | AA4: 0 | AB4: 300.48843 | AC4: 0 | AD4: 0 | AE4: 0 | AF4: 13.1375 | AG4: 0 | AH4: 112.75962 | AI4: 0 | AJ4: 224.72917 | AK4: 0 | AL4: 173.0625 | AM4: 0 | AN4: 531.86058 | AO4: 0 | AP4: 477.12981 | AQ4: 0 | AR4: 434.075 | AS4: 0 | AT4: 633.93029 | AU4: 0 | AV4: 310.94471 | AW4: 0 | AX4: 526.325 | AY4: 0
B5: 10024 | C5: Benton County PUD #1 | D5: 18099.462 | E5: 0 | F5: 23245.297 | G5: 0 | H5: 43271.192 | I5: 0 | J5: 44873.291 | K5: 0 | L5: 11934.688 | M5: 0 | N5: 28793.144 | O5: 0 | P5: 42192.978 | Q5: 0 | R5: 0 | S5: 0 | T5: 43498.405 | U5: 0 | V5: 64607.413 | W5: 0 | X5: 49640.41 | Y5: 0 | Z5: 3836.0859 | AA5: 0 | AB5: 24586.306 | AC5: 0 | AD5: 23051.578 | AE5: 0 | AF5: 43980.423 | AG5: 0 | AH5: 45468.418 | AI5: 0 | AJ5: 3705.1823 | AK5: 0 | AL5: 28504.647 | AM5: 0 | AN5: 41805.144 | AO5: 0 | AP5: 0 | AQ5: 0 | AR5: 43394.255 | AS5: 0 | AT5: 64530.245 | AU5: 0 | AV5: 38270.05 | AW5: 0 | AX5: 11995.995 | AY5: 0
B6: 10025 | C6: Benton REA | D6: 6540.2909 | E6: 0 | F6: 4835.955 | G6: 0 | H6: 16702.953 | I6: 0 | J6: 20794.209 | K6: 0 | L6: 8680.27 | M6: 0 | N6: 11481.442 | O6: 0 | P6: 0 | Q6: 0 | R6: 8409.9904 | S6: 0 | T6: 10926.147 | U6: 0 | V6: 18079.822 | W6: 0 | X6: 22492.87 | Y6: 0 | Z6: 11356.273 | AA6: 0 | AB6: 9139.0162 | AC6: 0 | AD6: 4786.795 | AE6: 0 | AF6: 17141.545 | AG6: 0 | AH6: 24671.462 | AI6: 0 | AJ6: 6244.6302 | AK6: 0 | AL6: 8909.3293 | AM6: 0 | AN6: 0 | AO6: 0 | AP6: 8373.5625 | AQ6: 0 | AR6: 10863.825 | AS6: 0 | AT6: 18054.37 | AU6: 0 | AV6: 19079.077 | AW6: 0 | AX6: 14776.868 | AY6: 0
B7: 10027 | C7: Big Bend Elec Coop | D7: 6923.9784 | E7: 0 | F7: 4049.38 | G7: 0 | H7: 9818.49 | I7: 0 | J7: 16611.113 | K7: 0 | L7: 8931.605 | M7: 0 | N7: 4098.4255 | O7: 0 | P7: 7468.0216 | Q7: 0 | R7: 3976.3293 | S7: 0 | T7: 3240.395 | U7: 0 | V7: 19952.2 | W7: 0 | X7: 32835.109 | Y7: 0 | Z7: 4982.974 | AA7: 0 | AB7: 9698.1204 | AC7: 0 | AD7: 4265.25 | AE7: 0 | AF7: 10105.558 | AG7: 0 | AH7: 17043.12 | AI7: 0 | AJ7: 7556.1641 | AK7: 0 | AL7: 4350.2236 | AM7: 0 | AN7: 7868.4856 | AO7: 0 | AP7: 4493.863 | AQ7: 0 | AR7: 3562.3325 | AS7: 0 | AT7: 20422.034 | AU7: 0 | AV7: 29492.349 | AW7: 0 | AX7: 8646.94 | AY7: 0
B8: 10029 | C8: Blachly Lane Elec Coop | D8: 0 | E8: 0 | F8: 0 | G8: 0 | H8: 0 | I8: 0 | J8: 0 | K8: 0 | L8: 0 | M8: 0 | N8: 0 | O8: 0 | P8: 0 | Q8: 0 | R8: 0 | S8: 0 | T8: 0 | U8: 0 | V8: 0 | W8: 0 | X8: 0 | Y8: 0 | Z8: 0 | AA8: 0 | AB8: 0 | AC8: 0 | AD8: 0 | AE8: 0 | AF8: 0 | AG8: 0 | AH8: 0 | AI8: 0 | AJ8: 0 | AK8: 0 | AL8: 0 | AM8: 0 | AN8: 0 | AO8: 0 | AP8: 0 | AQ8: 0 | AR8: 0 | AS8: 0 | AT8: 0 | AU8: 0 | AV8: 0 | AW8: 0 | AX8: 0 | AY8: 0
B9: 10044 | C9: Canby, City of | D9: 359.87019 | E9: 0 | F9: 2314.13 | G9: 0 | H9: 1048.0925 | I9: 0 | J9: 2313.8654 | K9: 0 | L9: 6778.8025 | M9: 0 | N9: 3340.5817 | O9: 0 | P9: 1452.9856 | Q9: 0 | R9: 4696.0937 | S9: 0 | T9: 6620.42 | U9: 0 | V9: 4785.649 | W9: 0 | X9: 8458.0579 | Y9: 0 | Z9: 3289.1016 | AA9: 0 | AB9: 1284.3032 | AC9: 0 | AD9: 2350.975 | AE9: 0 | AF9: 1074.345 | AG9: 0 | AH9: 3352.6538 | AI9: 0 | AJ9: 5780.0391 | AK9: 0 | AL9: 2491.8942 | AM9: 0 | AN9: 1482.6803 | AO9: 0 | AP9: 4951.8437 | AQ9: 0 | AR9: 6867.7125 | AS9: 0 | AT9: 5035.2716 | AU9: 0 | AV9: 7749.2115 | AW9: 0 | AX9: 4478.8775 | AY9: 0
B10: 10046 | C10: Central Electric Coop | D10: 0 | E10: 0 | F10: 0 | G10: 0 | H10: 0 | I10: 0 | J10: 0 | K10: 0 | L10: 0 | M10: 0 | N10: 0 | O10: 0 | P10: 0 | Q10: 0 | R10: 0 | S10: 0 | T10: 0 | U10: 0 | V10: 0 | W10: 0 | X10: 0 | Y10: 0 | Z10: 0 | AA10: 0 | AB10: 0 | AC10: 0 | AD10: 0 | AE10: 0 | AF10: 0 | AG10: 0 | AH10: 0 | AI10: 0 | AJ10: 0 | AK10: 0 | AL10: 0 | AM10: 0 | AN10: 0 | AO10: 0 | AP10: 0 | AQ10: 0 | AR10: 0 | AS10: 0 | AT10: 0 | AU10: 0 | AV10: 0 | AW10: 0 | AX10: 0 | AY10: 0
B11: 10047 | C11: Central Lincoln PUD | D11: 5773.2692 | E11: 0 | F11: 15671.885 | G11: 0 | H11: 13091.505 | I11: 0 | J11: 29919.858 | K11: 0 | L11: 41684.292 | M11: 0 | N11: 19762.517 | O11: 0 | P11: 17337.418 | Q11: 0 | R11: 11421.611 | S11: 0 | T11: 1704.3175 | U11: 0 | V11: 9294.9135 | W11: 0 | X11: 14247.363 | Y11: 0 | Z11: 74.013021 | AA11: 0 | AB11: 11577.905 | AC11: 0 | AD11: 15508.468 | AE11: 0 | AF11: 12893.965 | AG11: 0 | AH11: 36816.57 | AI11: 0 | AJ11: 34483.357 | AK11: 0 | AL11: 13004.591 | AM11: 0 | AN11: 17179.495 | AO11: 0 | AP11: 11283.248 | AQ11: 0 | AR11: 1564.55 | AS11: 0 | AT11: 9158.7308 | AU11: 0 | AV11: 8955.6803 | AW11: 0 | AX11: 5771.5475 | AY11: 0
B12: 10055 | C12: Albion, City of | D12: 217.22115 | E12: 0 | F12: 157.3275 | G12: 0 | H12: 348.7 | I12: 0 | J12: 373.08654 | K12: 0 | L12: 244.4575 | M12: 0 | N12: 221.23077 | O12: 0 | P12: 77.170673 | Q12: 0 | R12: 154.48317 | S12: 0 | T12: 128.7325 | U12: 0 | V12: 164.5024 | W12: 0 | X12: 190.89815 | Y12: 0 | Z12: 78.132812 | AA12: 0 | AB12: 239.25 | AC12: 0 | AD12: 162.5625 | AE12: 0 | AF12: 353.6975 | AG12: 0 | AH12: 404.04327 | AI12: 0 | AJ12: 226.15885 | AK12: 0 | AL12: 206.76923 | AM12: 0 | AN12: 82.264423 | AO12: 0 | AP12: 159.61298 | AQ12: 0 | AR12: 133.5175 | AS12: 0 | AT12: 169.3125 | AU12: 0 | AV12: 180.6226 | AW12: 0 | AX12: 98.91 | AY12: 0
B13: 10057 | C13: Ashland, City of | D13: 1002.5649 | E13: 0 | F13: 3199.38 | G13: 0 | H13: 0 | I13: 0 | J13: 2341.7716 | K13: 0 | L13: 6185.1175 | M13: 0 | N13: 4203.7452 | O13: 0 | P13: 2794.8269 | Q13: 0 | R13: 4656.6394 | S13: 0 | T13: 8376.665 | U13: 0 | V13: 4954.1755 | W13: 0 | X13: 7585.0509 | Y13: 0 | Z13: 7022.1042 | AA13: 0 | AB13: 1731.8773 | AC13: 0 | AD13: 3199.38 | AE13: 0 | AF13: 0 | AG13: 0 | AH13: 3368.887 | AI13: 0 | AJ13: 5249.5807 | AK13: 0 | AL13: 3358.6178 | AM13: 0 | AN13: 2794.8269 | AO13: 0 | AP13: 4656.6394 | AQ13: 0 | AR13: 8376.665 | AS13: 0 | AT13: 4954.1755 | AU13: 0 | AV13: 6759.976 | AW13: 0 | AX13: 7803.58 | AY13: 0
B14: 10059 | C14: Bandon, City of | D14: 316.73077 | E14: 0 | F14: 872.5675 | G14: 0 | H14: 616.9075 | I14: 0 | J14: 2003.8582 | K14: 0 | L14: 949.2 | M14: 0 | N14: 1521.5913 | O14: 0 | P14: 1190.7308 | Q14: 0 | R14: 698.34375 | S14: 0 | T14: 373.99 | U14: 0 | V14: 430.44712 | W14: 0 | X14: 553.16898 | Y14: 0 | Z14: 0 | AA14: 0 | AB14: 615.66667 | AC14: 0 | AD14: 872.5675 | AE14: 0 | AF14: 616.9075 | AG14: 0 | AH14: 2487.4808 | AI14: 0 | AJ14: 519.95833 | AK14: 0 | AL14: 1136.8558 | AM14: 0 | AN14: 1190.7308 | AO14: 0 | AP14: 698.34375 | AQ14: 0 | AR14: 373.99 | AS14: 0 | AT14: 430.44712 | AU14: 0 | AV14: 308.7524 | AW14: 0 | AX14: 203.6925 | AY14: 0
B15: 10061 | C15: Blaine, City of | D15: 470.44231 | E15: 0 | F15: 1893.22 | G15: 0 | H15: 1311.27 | I15: 0 | J15: 1977.4399 | K15: 0 | L15: 2013.8075 | M15: 0 | N15: 1645.9207 | O15: 0 | P15: 1315.4447 | Q15: 0 | R15: 1700.1394 | S15: 0 | T15: 919.3875 | U15: 0 | V15: 1831.3341 | W15: 0 | X15: 1854.5509 | Y15: 0 | Z15: 777.60156 | AA15: 0 | AB15: 1063.787 | AC15: 0 | AD15: 2029.3375 | AE15: 0 | AF15: 1501.4275 | AG15: 0 | AH15: 2690.3125 | AI15: 0 | AJ15: 1609.3437 | AK15: 0 | AL15: 1314.5457 | AM15: 0 | AN15: 1455.976 | AO15: 0 | AP15: 1864.6418 | AQ15: 0 | AR15: 1065.5975 | AS15: 0 | AT15: 2047.0745 | AU15: 0 | AV15: 1530.887 | AW15: 0 | AX15: 1362.0475 | AY15: 0
... B137: 10298 | C137: PNGC Aggregate | D137: 178659.36 | E137: 0 | F137: 211020 | G137: 0 | H137: 271196.53 | I137: 0 | J137: 401351.12 | K137: 0 | L137: 351752.34 | M137: 0 | N137: 257608.24 | O137: 0 | P137: 254202.21 | Q137: 0 | R137: 171962.57 | S137: 0 | T137: 196745.36 | U137: 0 | V137: 258191.75 | W137: 0 | X137: 306251.28 | Y137: 0 | Z137: 130294.11 | AA137: 0 | AB137: 223336.17 | AC137: 0 | AD137: 221501.47 | AE137: 0 | AF137: 280543.81 | AG137: 0 | AH137: 447204.81 | AI137: 0 | AJ137: 314684.11 | AK137: 0 | AL137: 236377.78 | AM137: 0 | AN137: 264402.31 | AO137: 0 | AP137: 177143.16 | AQ137: 0 | AR137: 202617.56 | AS137: 0 | AT137: 264088.39 | AU137: 0 | AV137: 277366.48 | AW137: 0 | AX137: 169845.19 | AY137: 0
B147: 1 | C147: 2 | D147: 3 | E147: 4 | F147: 5 | G147: 6 | H147: 7 | I147: 8 | J147: 9 | K147: 10 | L147: 11 | M147: 12 | N147: 13 | O147: 14 | P147: 15 | Q147: 16 | R147: 17 | S147: 18 | T147: 19 | U147: 20 | V147: 21 | W147: 22 | X147: 23 | Y147: 24 | Z147: 25 | AA147: 26 | AB147: 27 | AC147: 28 | AD147: 29 | AE147: 30 | AF147: 31 | AG147: 32 | AH147: 33 | AI147: 34 | AJ147: 35 | AK147: 36 | AL147: 37 | AM147: 38 | AN147: 39 | AO147: 40 | AP147: 41 | AQ147: 42 | AR147: 43 | AS147: 44 | AT147: 45 | AU147: 46 | AV147: 47 | AW147: 48 | AX147: 49 | AY147: 50

Sheet Demand_current
B1: Tier 1 Demand Charge Billing Determinant (KW)
D2: 45931 | E2: 45931 | F2: 45962 | G2: 45962 | H2: 45992 | I2: 45992 | J2: 46023 | K2: 46023 | L2: 46054 | M2: 46054 | N2: 46082 | O2: 46082 | P2: 46113 | Q2: 46113 | R2: 46143 | S2: 46143 | T2: 46174 | U2: 46174 | V2: 46204 | W2: 46204 | X2: 46235 | Y2: 46235 | Z2: 46266 | AA2: 46266 | AB2: 46296 | AC2: 46296 | AD2: 46327 | AE2: 46327 | AF2: 46357 | AG2: 46357 | AH2: 46388 | AI2: 46388 | AJ2: 46419 | AK2: 46419 | AL2: 46447 | AM2: 46447 | AN2: 46478 | AO2: 46478 | AP2: 46508 | AQ2: 46508 | AR2: 46539 | AS2: 46539 | AT2: 46569 | AU2: 46569 | AV2: 46600 | AW2: 46600 | AX2: 46631 | AY2: 46631 | AZ2: 46661 | BA2: 46661 | BB2: 46692 | BC2: 46692 | BD2: 46722 | BE2: 46722 | BF2: 46753 | BG2: 46753 | BH2: 46784 | BI2: 46784 | BJ2: 46813 | BK2: 46813 | BL2: 46844 | BM2: 46844 | BN2: 46874 | BO2: 46874 | BP2: 46905 | BQ2: 46905 | BR2: 46935 | BS2: 46935 | BT2: 46966 | BU2: 46966 | BV2: 46997 | BW2: 46997
B3: BESID | C3: AccountName | D3: HLH | E3: LLH | F3: HLH | G3: LLH | H3: HLH | I3: LLH | J3: HLH | K3: LLH | L3: HLH | M3: LLH | N3: HLH | O3: LLH | P3: HLH | Q3: LLH | R3: HLH | S3: LLH | T3: HLH | U3: LLH | V3: HLH | W3: LLH | X3: HLH | Y3: LLH | Z3: HLH | AA3: LLH | AB3: HLH | AC3: LLH | AD3: HLH | AE3: LLH | AF3: HLH | AG3: LLH | AH3: HLH | AI3: LLH | AJ3: HLH | AK3: LLH | AL3: HLH | AM3: LLH | AN3: HLH | AO3: LLH | AP3: HLH | AQ3: LLH | AR3: HLH | AS3: LLH | AT3: HLH | AU3: LLH | AV3: HLH | AW3: LLH | AX3: HLH | AY3: LLH | AZ3: HLH | BA3: LLH | BB3: HLH | BC3: LLH | BD3: HLH | BE3: LLH | BF3: HLH | BG3: LLH | BH3: HLH | BI3: LLH | BJ3: HLH | BK3: LLH | BL3: HLH | BM3: LLH | BN3: HLH | BO3: LLH | BP3: HLH | BQ3: LLH | BR3: HLH | BS3: LLH | BT3: HLH | BU3: LLH | BV3: HLH | BW3: LLH
B4: 10015 | C4: Asotin County PUD #1 | D4: 300.48843 | E4: 0 | F4: 0 | G4: 0 | H4: 29.670673 | I4: 0 | J4: 112.75962 | K4: 0 | L4: 224.72917 | M4: 0 | N4: 173.0625 | O4: 0 | P4: 531.86058 | Q4: 0 | R4: 445.335 | S4: 0 | T4: 476.14904 | U4: 0 | V4: 633.93029 | W4: 0 | X4: 310.94471 | Y4: 0 | Z4: 526.325 | AA4: 0 | AB4: 300.48843 | AC4: 0 | AD4: 0 | AE4: 0 | AF4: 29.670673 | AG4: 0 | AH4: 94.35 | AI4: 0 | AJ4: 224.72917 | AK4: 0 | AL4: 190.43056 | AM4: 0 | AN4: 531.86058 | AO4: 0 | AP4: 445.335 | AQ4: 0 | AR4: 476.14904 | AS4: 0 | AT4: 633.93029 | AU4: 0 | AV4: 310.94471 | AW4: 0 | AX4: 526.325 | AY4: 0 | AZ4: 279.8149 | BA4: 0 | BB4: 0 | BC4: 0 | BD4: 29.670673 | BE4: 0 | BF4: 94.35 | BG4: 0 | BH4: 227.54 | BI4: 0 | BJ4: 190.43056 | BK4: 0 | BL4: 508.695 | BM4: 0 | BN4: 477.12981 | BO4: 0 | BP4: 476.14904 | BQ4: 0 | BR4: 576.6075 | BS4: 0 | BT4: 362.02083 | BU4: 0 | BV4: 526.325 | BW4: 0
B5: 10024 | C5: Benton County PUD #1 | D5: 24991.556 | E5: 0 | F5: 15695.268 | G5: 0 | H5: 51658.647 | I5: 0 | J5: 44873.291 | K5: 0 | L5: 3797.5911 | M5: 0 | N5: 28793.144 | O5: 0 | P5: 42192.978 | Q5: 0 | R5: 0 | S5: 0 | T5: 55414.889 | U5: 0 | V5: 64607.413 | W5: 0 | X5: 38385.272 | Y5: 0 | Z5: 12356.682 | AA5: 0 | AB5: 24586.306 | AC5: 0 | AD5: 15463.768 | AE5: 0 | AF5: 52373.214 | AG5: 0 | AH5: 37393.075 | AI5: 0 | AJ5: 3705.1823 | AK5: 0 | AL5: 35389.697 | AM5: 0 | AN5: 41805.144 | AO5: 0 | AP5: 0 | AQ5: 0 | AR5: 55361.553 | AS5: 0 | AT5: 64530.245 | AU5: 0 | AV5: 38270.05 | AW5: 0 | AX5: 11995.995 | AY5: 0 | AZ5: 17195.476 | BA5: 0 | BB5: 22864.605 | BC5: 0 | BD5: 53116.937 | BE5: 0 | BF5: 38735.722 | BG5: 0 | BH5: 6831.78 | BI5: 0 | BJ5: 35928.535 | BK5: 0 | BL5: 34578.368 | BM5: 0 | BN5: 0 | BO5: 0 | BP5: 56063.993 | BQ5: 0 | BR5: 51678.633 | BS5: 0 | BT5: 50207.815 | BU5: 0 | BV5: 12459.043 | BW5: 0
B6: 10025 | C6: Benton REA | D6: 9317.206 | E6: 0 | F6: 2168.8698 | G6: 0 | H6: 19987.108 | I6: 0 | J6: 20794.209 | K6: 0 | L6: 6074.2813 | M6: 0 | N6: 11481.442 | O6: 0 | P6: 0 | Q6: 0 | R6: 5394.15 | S6: 0 | T6: 14555.296 | U6: 0 | V6: 18079.822 | W6: 0 | X6: 19015.75 | Y6: 0 | Z6: 14666.183 | AA6: 0 | AB6: 9139.0162 | AC6: 0 | AD6: 2091.1615 | AE6: 0 | AF6: 20441.793 | AG6: 0 | AH6: 21649.12 | AI6: 0 | AJ6: 6244.6302 | AK6: 0 | AL6: 11306.539 | AM6: 0 | AN6: 0 | AO6: 0 | AP6: 5326.465 | AQ6: 0 | AR6: 14529.409 | AS6: 0 | AT6: 18054.37 | AU6: 0 | AV6: 19079.077 | AW6: 0 | AX6: 14776.868 | AY6: 0 | AZ6: 9489.8125 | BA6: 0 | BB6: 2048.5825 | BC6: 0 | BD6: 21294.113 | BE6: 0 | BF6: 22102.942 | BG6: 0 | BH6: 6125.2975 | BI6: 0 | BJ6: 11451.442 | BK6: 0 | BL6: 0 | BM6: 0 | BN6: 5224.3341 | BO6: 0 | BP6: 14766.603 | BQ6: 0 | BR6: 18435.978 | BS6: 0 | BT6: 18993.634 | BU6: 0 | BV6: 14869.445 | BW6: 0
B7: 10027 | C7: Big Bend Elec Coop | D7: 9326.0532 | E7: 0 | F7: 2107.7292 | G7: 0 | H7: 11803.24 | I7: 0 | J7: 16611.113 | K7: 0 | L7: 7219.1302 | M7: 0 | N7: 4098.4255 | O7: 0 | P7: 7468.0216 | Q7: 0 | R7: 86.4225 | S7: 0 | T7: 8156.7644 | U7: 0 | V7: 19952.2 | W7: 0 | X7: 28890.075 | Y7: 0 | Z7: 8237.655 | AA7: 0 | AB7: 9698.1204 | AC7: 0 | AD7: 2287.5938 | AE7: 0 | AF7: 12127.075 | AG7: 0 | AH7: 15042.005 | AI7: 0 | AJ7: 7556.1641 | AK7: 0 | AL7: 5968.6597 | AM7: 0 | AN7: 7868.4856 | AO7: 0 | AP7: 532.3775 | AQ7: 0 | AR7: 8569.0505 | AS7: 0 | AT7: 20422.034 | AU7: 0 | AV7: 29492.349 | AW7: 0 | AX7: 8646.94 | AY7: 0 | AZ7: 7438.1106 | BA7: 0 | BB7: 4425.925 | BC7: 0 | BD7: 12366.517 | BE7: 0 | BF7: 15341.983 | BG7: 0 | BH7: 8661.3275 | BI7: 0 | BJ7: 6206.6389 | BK7: 0 | BL7: 5428.4 | BM7: 0 | BN7: 4700.9327 | BO7: 0 | BP7: 8583.7163 | BQ7: 0 | BR7: 15266.075 | BS7: 0 | BT7: 33829.062 | BU7: 0 | BV7: 8840.53 | BW7: 0
B8: 10029 | C8: Blachly Lane Elec Coop | D8: 0 | E8: 0 | F8: 0 | G8: 0 | H8: 0 | I8: 0 | J8: 0 | K8: 0 | L8: 0 | M8: 0 | N8: 0 | O8: 0 | P8: 0 | Q8: 0 | R8: 0 | S8: 0 | T8: 0 | U8: 0 | V8: 0 | W8: 0 | X8: 0 | Y8: 0 | Z8: 0 | AA8: 0 | AB8: 0 | AC8: 0 | AD8: 0 | AE8: 0 | AF8: 0 | AG8: 0 | AH8: 0 | AI8: 0 | AJ8: 0 | AK8: 0 | AL8: 0 | AM8: 0 | AN8: 0 | AO8: 0 | AP8: 0 | AQ8: 0 | AR8: 0 | AS8: 0 | AT8: 0 | AU8: 0 | AV8: 0 | AW8: 0 | AX8: 0 | AY8: 0 | AZ8: 0 | BA8: 0 | BB8: 0 | BC8: 0 | BD8: 0 | BE8: 0 | BF8: 0 | BG8: 0 | BH8: 0 | BI8: 0 | BJ8: 0 | BK8: 0 | BL8: 0 | BM8: 0 | BN8: 0 | BO8: 0 | BP8: 0 | BQ8: 0 | BR8: 0 | BS8: 0 | BT8: 0 | BU8: 0 | BV8: 0 | BW8: 0
B9: 10044 | C9: Canby, City of | D9: 1252.1343 | E9: 0 | F9: 1305.5938 | G9: 0 | H9: 2211.4736 | I9: 0 | J9: 2313.8654 | K9: 0 | L9: 5732.7943 | M9: 0 | N9: 3340.5817 | O9: 0 | P9: 1452.9856 | Q9: 0 | R9: 3845.9775 | S9: 0 | T9: 7551.4038 | U9: 0 | V9: 4785.649 | W9: 0 | X9: 7498.7139 | Y9: 0 | Z9: 4230.9775 | AA9: 0 | AB9: 1284.3032 | AC9: 0 | AD9: 1337.4323 | AE9: 0 | AF9: 2242.7163 | AG9: 0 | AH9: 2244.4 | AI9: 0 | AJ9: 5780.0391 | AK9: 0 | AL9: 3456.1204 | AM9: 0 | AN9: 1482.6803 | AO9: 0 | AP9: 4096.7975 | AQ9: 0 | AR9: 7803.7236 | AS9: 0 | AT9: 5035.2716 | AU9: 0 | AV9: 7749.2115 | AW9: 0 | AX9: 4478.8775 | AY9: 0 | AZ9: 1225.8245 | BA9: 0 | BB9: 1457.315 | BC9: 0 | BD9: 2270.9663 | BE9: 0 | BF9: 2271.155 | BG9: 0 | BH9: 5977.2475 | BI9: 0 | BJ9: 3488.8981 | BK9: 0 | BL9: 1422.1475 | BM9: 0 | BN9: 4433.5865 | BO9: 0 | BP9: 8046.0457 | BQ9: 0 | BR9: 5165.54 | BS9: 0 | BT9: 8086.3241 | BU9: 0 | BV9: 4717.78 | BW9: 0
B10: 10046 | C10: Central Electric Coop | D10: 0 | E10: 0 | F10: 0 | G10: 0 | H10: 0 | I10: 0 | J10: 0 | K10: 0 | L10: 0 | M10: 0 | N10: 0 | O10: 0 | P10: 0 | Q10: 0 | R10: 0 | S10: 0 | T10: 0 | U10: 0 | V10: 0 | W10: 0 | X10: 0 | Y10: 0 | Z10: 0 | AA10: 0 | AB10: 0 | AC10: 0 | AD10: 0 | AE10: 0 | AF10: 0 | AG10: 0 | AH10: 0 | AI10: 0 | AJ10: 0 | AK10: 0 | AL10: 0 | AM10: 0 | AN10: 0 | AO10: 0 | AP10: 0 | AQ10: 0 | AR10: 0 | AS10: 0 | AT10: 0 | AU10: 0 | AV10: 0 | AW10: 0 | AX10: 0 | AY10: 0 | AZ10: 0 | BA10: 0 | BB10: 0 | BC10: 0 | BD10: 0 | BE10: 0 | BF10: 0 | BG10: 0 | BH10: 0 | BI10: 0 | BJ10: 0 | BK10: 0 | BL10: 0 | BM10: 0 | BN10: 0 | BO10: 0 | BP10: 0 | BQ10: 0 | BR10: 0 | BS10: 0 | BT10: 0 | BU10: 0 | BV10: 0 | BW10: 0
B11: 10047 | C11: Central Lincoln PUD | D11: 11734.481 | E11: 0 | F11: 8863.4219 | G11: 0 | H11: 20673.178 | I11: 0 | J11: 29919.858 | K11: 0 | L11: 34659.096 | M11: 0 | N11: 19762.517 | O11: 0 | P11: 17337.418 | Q11: 0 | R11: 5891.315 | S11: 0 | T11: 7073.5745 | U11: 0 | V11: 9294.9135 | W11: 0 | X11: 9094.9543 | Y11: 0 | Z11: 5911.6925 | AA11: 0 | AB11: 11577.905 | AC11: 0 | AD11: 8693.1953 | AE11: 0 | AF11: 20483.236 | AG11: 0 | AH11: 29677.353 | AI11: 0 | AJ11: 34483.357 | AK11: 0 | AL11: 19619.94 | AM11: 0 | AN11: 17179.495 | AO11: 0 | AP11: 5747.4175 | AQ11: 0 | AR11: 6939.1827 | AS11: 0 | AT11: 9158.7308 | AU11: 0 | AV11: 8955.6803 | AW11: 0 | AX11: 5771.5475 | AY11: 0 | AZ11: 11250.517 | BA11: 0 | BB11: 8450.8975 | BC11: 0 | BD11: 20158.904 | BE11: 0 | BF11: 29360.223 | BG11: 0 | BH11: 34204.215 | BI11: 0 | BJ11: 19326.157 | BK11: 0 | BL11: 16908.202 | BM11: 0 | BN11: 5532.7404 | BO11: 0 | BP11: 6709.7284 | BQ11: 0 | BR11: 8899.2525 | BS11: 0 | BT11: 8756.2593 | BU11: 0 | BV11: 5532.24 | BW11: 0
B12: 10055 | C12: Albion, City of | D12: 234.21296 | E12: 0 | F12: 137.34115 | G12: 0 | H12: 376.67308 | I12: 0 | J12: 373.08654 | K12: 0 | L12: 221.01823 | M12: 0 | N12: 221.23077 | O12: 0 | P12: 77.170673 | Q12: 0 | R12: 139.7825 | S12: 0 | T12: 144.20433 | U12: 0 | V12: 164.5024 | W12: 0 | X12: 175.81731 | Y12: 0 | Z12: 94.0075 | AA12: 0 | AB12: 239.25 | AC12: 0 | AD12: 142.46094 | AE12: 0 | AF12: 381.78606 | AG12: 0 | AH12: 378.405 | AI12: 0 | AJ12: 226.15885 | AK12: 0 | AL12: 226.37037 | AM12: 0 | AN12: 82.264423 | AO12: 0 | AP12: 144.7975 | AQ12: 0 | AR12: 149.11298 | AS12: 0 | AT12: 169.3125 | AU12: 0 | AV12: 180.6226 | AW12: 0 | AX12: 98.91 | AY12: 0 | AZ12: 243.70433 | BA12: 0 | BB12: 146.7225 | BC12: 0 | BD12: 386.89904 | BE12: 0 | BF12: 383.56 | BG12: 0 | BH12: 238.845 | BI12: 0 | BJ12: 231.50231 | BK12: 0 | BL12: 87.0975 | BM12: 0 | BN12: 150.42308 | BO12: 0 | BP12: 154.02163 | BQ12: 0 | BR12: 172.32 | BS12: 0 | BT12: 187.02315 | BU12: 0 | BV12: 103.8125 | BW12: 0
B13: 10057 | C13: Ashland, City of | D13: 1731.8773 | E13: 0 | F13: 2322.0208 | G13: 0 | H13: 0 | I13: 0 | J13: 2341.7716 | K13: 0 | L13: 5249.5807 | M13: 0 | N13: 4203.7452 | O13: 0 | P13: 2794.8269 | Q13: 0 | R13: 3989.385 | S13: 0 | T13: 9145.7548 | U13: 0 | V13: 4954.1755 | W13: 0 | X13: 6759.976 | Y13: 0 | Z13: 7803.58 | AA13: 0 | AB13: 1731.8773 | AC13: 0 | AD13: 2322.0208 | AE13: 0 | AF13: 0 | AG13: 0 | AH13: 2358.2825 | AI13: 0 | AJ13: 5249.5807 | AK13: 0 | AL13: 4181.2245 | AM13: 0 | AN13: 2794.8269 | AO13: 0 | AP13: 3989.385 | AQ13: 0 | AR13: 9145.7548 | AS13: 0 | AT13: 4954.1755 | AU13: 0 | AV13: 6759.976 | AW13: 0 | AX13: 7803.58 | AY13: 0 | AZ13: 1733.4639 | BA13: 0 | BB13: 2310.1375 | BC13: 0 | BD13: 0 | BE13: 0 | BF13: 2358.2825 | BG13: 0 | BH13: 5254.945 | BI13: 0 | BJ13: 4181.2245 | BK13: 0 | BL13: 2807.3125 | BM13: 0 | BN13: 3986.149 | BO13: 0 | BP13: 9145.7548 | BQ13: 0 | BR13: 4928.5875 | BS13: 0 | BT13: 6775.1412 | BU13: 0 | BV13: 7803.58 | BW13: 0
B14: 10059 | C14: Bandon, City of | D14: 615.66667 | E14: 0 | F14: 518.92448 | G14: 0 | H14: 1055.7188 | I14: 0 | J14: 2003.8582 | K14: 0 | L14: 519.95833 | M14: 0 | N14: 1521.5913 | O14: 0 | P14: 1190.7308 | Q14: 0 | R14: 420.5575 | S14: 0 | T14: 652.22115 | U14: 0 | V14: 430.44712 | W14: 0 | X14: 308.7524 | Y14: 0 | Z14: 203.6925 | AA14: 0 | AB14: 615.66667 | AC14: 0 | AD14: 518.92448 | AE14: 0 | AF14: 1055.7188 | AG14: 0 | AH14: 2044.62 | AI14: 0 | AJ14: 519.95833 | AK14: 0 | AL14: 1484.5278 | AM14: 0 | AN14: 1190.7308 | AO14: 0 | AP14: 420.5575 | AQ14: 0 | AR14: 652.22115 | AS14: 0 | AT14: 430.44712 | AU14: 0 | AV14: 308.7524 | AW14: 0 | AX14: 203.6925 | AY14: 0 | AZ14: 634.1851 | BA14: 0 | BB14: 483.3475 | BC14: 0 | BD14: 1053.5144 | BE14: 0 | BF14: 2042.4375 | BG14: 0 | BH14: 513.5525 | BI14: 0 | BJ14: 1482.375 | BK14: 0 | BL14: 1226.205 | BM14: 0 | BN14: 393.51442 | BO14: 0 | BP14: 650.01683 | BQ14: 0 | BR14: 445.9 | BS14: 0 | BT14: 290.73611 | BU14: 0 | BV14: 201.4475 | BW14: 0
B15: 10061 | C15: Blaine, City of | D15: 922.42593 | E15: 0 | F15: 1335.2292 | G15: 0 | H15: 1889.1058 | I15: 0 | J15: 1977.4399 | K15: 0 | L15: 1441.9245 | M15: 0 | N15: 1645.9207 | O15: 0 | P15: 1315.4447 | Q15: 0 | R15: 1251.185 | S15: 0 | T15: 1376.9111 | U15: 0 | V15: 1831.3341 | W15: 0 | X15: 1417.0337 | Y15: 0 | Z15: 1264.5775 | AA15: 0 | AB15: 1063.787 | AC15: 0 | AD15: 1439.8932 | AE15: 0 | AF15: 2106.1803 | AG15: 0 | AH15: 2069.645 | AI15: 0 | AJ15: 1609.3437 | AK15: 0 | AL15: 1853.3773 | AM15: 0 | AN15: 1455.976 | AO15: 0 | AP15: 1387.1075 | AQ15: 0 | AR15: 1551.4591 | AS15: 0 | AT15: 2047.0745 | AU15: 0 | AV15: 1530.887 | AW15: 0 | AX15: 1362.0475 | AY15: 0 | AZ15: 1110.6322 | BA15: 0 | BB15: 1680.28 | BC15: 0 | BD15: 2322.0601 | BE15: 0 | BF15: 2231.78 | BG15: 0 | BH15: 1777.2925 | BI15: 0 | BJ15: 1984.4352 | BK15: 0 | BL15: 1460.905 | BM15: 0 | BN15: 1653.9255 | BO15: 0 | BP15: 1721.238 | BQ15: 0 | BR15: 2129.625 | BS15: 0 | BT15: 1773.0856 | BU15: 0 | BV15: 1449.6025 | BW15: 0
... B137: 10298 | C137: PNGC Aggregate | D137: 157133.68 | E137: 0 | F137: 113108.29 | G137: 0 | H137: 280879.16 | I137: 0 | J137: 339503.12 | K137: 0 | L137: 236944.69 | M137: 0 | N137: 199622.24 | O137: 0 | P137: 207879.21 | Q137: 0 | R137: 110388.24 | S137: 0 | T137: 200153.85 | U137: 0 | V137: 229997.75 | W137: 0 | X137: 237350.41 | Y137: 0 | Z137: 142615.75 | AA137: 0 | AB137: 168100.17 | AC137: 0 | AD137: 122942.49 | AE137: 0 | AF137: 290883.63 | AG137: 0 | AH137: 335649.44 | AI137: 0 | AJ137: 245630.11 | AK137: 0 | AL137: 218341.94 | AM137: 0 | AN137: 218079.31 | AO137: 0 | AP137: 115094.12 | AQ137: 0 | AR137: 206537.08 | AS137: 0 | AT137: 235894.39 | AU137: 0 | AV137: 243032.48 | AW137: 0 | AX137: 147997.19 | AY137: 0 | AZ137: 167444.06 | BA137: 0 | BB137: 144544.25 | BC137: 0 | BD137: 300584.36 | BE137: 0 | BF137: 345386.77 | BG137: 0 | BH137: 264801.81 | BI137: 0 | BJ137: 227022.6 | BK137: 0 | BL137: 216409.19 | BM137: 0 | BN137: 131466.73 | BO137: 0 | BP137: 211280.01 | BQ137: 0 | BR137: 226550 | BS137: 0 | BT137: 261237.2 | BU137: 0 | BV137: 151840.72 | BW137: 0
B147: 1 | C147: 2 | D147: 3 | E147: 4 | F147: 5 | G147: 6 | H147: 7 | I147: 8 | J147: 9 | K147: 10 | L147: 11 | M147: 12 | N147: 13 | O147: 14 | P147: 15 | Q147: 16 | R147: 17 | S147: 18 | T147: 19 | U147: 20 | V147: 21 | W147: 22 | X147: 23 | Y147: 24 | Z147: 25 | AA147: 26 | AZ147: 27 | BA147: 28 | BB147: 29 | BC147: 30 | BD147: 31 | BE147: 32 | BF147: 33 | BG147: 34 | BH147: 35 | BI147: 36 | BJ147: 37 | BK147: 38 | BL147: 39 | BM147: 40 | BN147: 41 | BO147: 42 | BP147: 43 | BQ147: 44 | BR147: 45 | BS147: 46 | BT147: 47 | BU147: 48 | BV147: 49 | BW147: 50

Sheet Rates_previous
B1: Cost Allocation under Tiered Rates
B2: RAMmodel_RAM2024 Final Proposal
I3: Average Annual Demand Revenue | J3: =AVERAGE(SUM(J6:J17),SUM(J18:J29)) -> 61441530 | N3: Average Annual Demand Revenue | O3: =AVERAGE(SUM(O6:O17),SUM(O18:O29)) -> 60952865
B5: Costs ($000) | C5: 2024 | D5: 2025 | E5: Rate Period | H5: Demand (kW) | I5: Demand Rate ($/kW/mo.) | J5: Demand | K5: Load Shaping HLH (MWh) | L5: Load Shaping LLH (MWh) | M5: Load Shaping HLH Rate ($/MWh) | N5: Load Shaping LLH Rate ($/MWh) | O5: Load Shaping | P5: RT1SC HLH | Q5: RT1SC LLH | R5: HLH | S5: LLH
B6: Composite | C6: 2696652.4 | D6: 2750890.8 | E6: 5447543.2 | G6: 45200 | H6: 273472.96 | I6: 10.37 | J6: 2835914.6 | K6: 195370.05 | L6: 146771.74 | M6: 47.71 | N6: 32.91 | O6: 14151363 | P6: 2552444 | Q6: 1666359.7 | R6: 416 | S6: 328
B7: Non-Slice | C7: 273682.28 | D7: 261470.94 | E7: 535153.22 | G7: 45231 | H7: 339133.44 | I7: 8.75 | J7: 2967417.6 | K7: -64109.153 | L7: 102091.18 | M7: 40.3 | N7: 31.39 | O7: 621043.24 | P7: 3264487.3 | Q7: 2115878.6 | R7: 400 | S7: 321
B8: Slice | C8: 0 | D8: 0 | E8: 0 | G8: 45261 | H8: 610434.96 | I8: 13.39 | J8: 8173724.2 | K8: 165559.67 | L8: 376171.41 | M8: 61.63 | N8: 52.69 | O8: 30023915 | P8: 3520485.7 | Q8: 2285993.7 | R8: 400 | S8: 344
B9: Tier 2 | C9: 114786.94 | D9: 205792.01 | E9: 320578.94 | G9: 45292 | H9: 590110.05 | I9: 10.84 | J9: 6396793 | K9: 111159.87 | L9: 332597.55 | M9: 49.88 | N9: 36.73 | O9: 17760962 | P9: 3735691.7 | Q9: 2298138 | R9: 416 | S9: 328
B10: Total Costs | C10: 3085121.6 | D10: 3218153.8 | E10: 6303275.4 | G10: 45323 | H10: 399433.73 | I10: 10.93 | J10: 4365810.6 | K10: 36539.967 | L10: 271724.09 | M10: 50.32 | N10: 42.01 | O10: 13253820 | P10: 3299995.9 | Q10: 1889902 | R10: 400 | S10: 296
G11: 45352 | H11: 533490 | I11: 7.62 | J11: 4065193.8 | K11: -122838.86 | L11: 26448.752 | M11: 35.07 | N11: 35.84 | O11: -3360035.6 | P11: 3449919.1 | Q11: 2216421.8 | R11: 416 | S11: 327
B12: Adjustments | G12: 45383 | H12: 598648.8 | I12: 4.43 | J12: 2652014.2 | K12: 44514.396 | L12: 69047.56 | M12: 20.42 | N12: 21.67 | O12: 2405244.6 | P12: 2722407.8 | Q12: 1750213.5 | R12: 416 | S12: 304
G13: 45413 | H13: 431526.32 | I13: 3.95 | J13: 1704528.9 | K13: -586407.49 | L13: -295896.7 | M13: 18.21 | N13: 16.34 | O13: -15513432 | P13: 3371816.8 | Q13: 2177069.2 | R13: 416 | S13: 328
B14: Revenues from Rate Pools to Composite Cost Pool | C14: 2024 | D14: 2025 | E14: Rate Period | G14: 45444 | H14: 573243.17 | I14: 3.88 | J14: 2224183.5 | K14: -726747.48 | L14: -321859.36 | M14: 17.87 | N14: 10.33 | O14: -16311785 | P14: 3560007.9 | Q14: 2109275.1 | R14: 400 | S14: 320
B15: DSI Revenue Credit | C15: -3998.3011 | D15: -3987.3768 | E15: -7985.6779 | G15: 45474 | H15: 674854.16 | I15: 12.08 | J15: 8152238.3 | K15: -82673.529 | L15: 132443.97 | M15: 55.6 | N15: 36.92 | O15: 293183.29 | P15: 3067031.8 | Q15: 1854722.6 | R15: 416 | S15: 328
B16: Exchange Revenues | C16: 0 | D16: 0 | E16: 0 | G16: 45505 | H16: 735139.19 | I16: 15.54 | J16: 11424063 | K16: 31699.056 | L16: 94970.368 | M16: 71.52 | N16: 48.93 | O16: 6914016.6 | P16: 3018290.2 | Q16: 1739738.1 | R16: 432 | S16: 312
B17: New Resource Revenues | C17: -0.83895508 | D17: -0.84078149 | E17: -1.6797366 | G17: 45536 | H17: 414503.71 | I17: 12.75 | J17: 5284922.3 | K17: 50115.644 | L17: 107529.45 | M17: 58.7 | N17: 44.18 | O17: 7692439.4 | P17: 2614938.3 | Q17: 1763369.1 | R17: 384 | S17: 336
B18: FPS Revenues | C18: 0 | D18: 0 | E18: 0 | G18: 45566 | H18: 381479.19 | I18: 10.37 | J18: 3955939.2 | K18: 229530.04 | L18: 114326.04 | M18: 47.71 | N18: 32.91 | O18: 14713348 | P18: 2552444 | Q18: 1666359.7 | R18: 432 | S18: 312
B19: Non-Federal RSS Revenues | C19: -964 | D19: -944 | E19: -1908 | G19: 45597 | H19: 350685.32 | I19: 8.75 | J19: 3068496.6 | K19: -64990.233 | L19: 101587.44 | M19: 40.3 | N19: 31.39 | O19: 569723.35 | P19: 3264487.3 | Q19: 2115878.6 | R19: 400 | S19: 321
B20: Other Credits | C20: -261207.39 | D20: -261564.51 | E20: -522771.9 | G20: 45627 | H20: 617149.74 | I20: 13.39 | J20: 8263635 | K20: 163529.61 | L20: 377608.69 | M20: 61.63 | N20: 52.69 | O20: 29974532 | P20: 3520485.7 | Q20: 2285993.7 | R20: 400 | S20: 344
B21: Tiered Rate Elements | E21: 0 | G21: 45658 | H21: 601845.09 | I21: 10.84 | J21: 6524000.8 | K21: 112974.21 | L21: 334980.95 | M21: 49.88 | N21: 36.73 | O21: 17939004 | P21: 3735691.7 | Q21: 2298138 | R21: 416 | S21: 328
B22: Unused RHWM Credit Reallocation | C22: -98789.345 | D22: -86643.867 | E22: -185433.21 | G22: 45689 | H22: 381422.51 | I22: 10.93 | J22: 4168948.1 | K22: 83554.897 | L22: 300296.86 | M22: 50.32 | N22: 42.01 | O22: 16819953 | P22: 3186982 | Q22: 1833395 | R22: 384 | S22: 288
B23: Balancing Augmentation Adjustment Reallocation | C23: -2358.4355 | D23: -5791.9218 | E23: -8150.3573 | G23: 45717 | H23: 539555.68 | I23: 7.62 | J23: 4111414.3 | K23: -120687.62 | L23: 28042.894 | M23: 35.07 | N23: 35.84 | O23: -3227457.5 | P23: 3449919.1 | Q23: 2216421.8 | R23: 416 | S23: 327
B24: Composite Augmentation RSS Revenue Debit/(Credit) | C24: -1947 | D24: -1947 | E24: -3894 | G24: 45748 | H24: 639950.95 | I24: 4.43 | J24: 2834982.7 | K24: 50663.708 | L24: 73608.48 | M24: 20.42 | N24: 21.67 | O24: 2629648.7 | P24: 2722407.8 | Q24: 1750213.5 | R24: 416 | S24: 304
B25: Composite Tier 2 RSS Revenue Debit/(Credit) | C25: -202.82344 | D25: -380.0342 | E25: -582.85764 | G25: 45778 | H25: 454232.12 | I25: 3.95 | J25: 1794216.9 | K25: -583431.16 | L25: -294847.35 | M25: 18.21 | N25: 16.34 | O25: -15442087 | P25: 3371816.8 | Q25: 2177069.2 | R25: 416 | S25: 328
B26: Composite Tier 2 Rate Design Adjustment Debit/(Credit) | C26: -2713.1263 | D26: -4998.2295 | E26: -7711.3557 | G26: 45809 | H26: 579886.96 | I26: 3.88 | J26: 2249961.4 | K26: -721567.76 | L26: -320694.89 | M26: 17.87 | N26: 10.33 | O26: -16207194 | P26: 3560007.9 | Q26: 2109275.1 | R26: 400 | S26: 320
B27: Transmission Losses Adjustment Reallocation | C27: -33464.085 | D27: -33638.998 | E27: -67103.082 | G27: 45839 | H27: 750446.9 | I27: 12.08 | J27: 9065398.6 | K27: -75783.569 | L27: 138259.5 | M27: 55.6 | N27: 36.92 | O27: 890974.24 | P27: 3067031.8 | Q27: 1854722.6 | R27: 416 | S27: 328
B28: Total | C28: -405645.35 | D28: -399896.78 | E28: -805542.12 | G28: 45870 | H28: 670799.92 | I28: 15.54 | J28: 10424231 | K28: 13747.471 | L28: 121447.4 | M28: 71.52 | N28: 48.93 | O28: 6925640.6 | P28: 3018290.2 | Q28: 1739738.1 | R28: 416 | S28: 328
G29: 45901 | H29: 484316.23 | I29: 12.75 | J29: 6175032 | K29: 77552.127 | L29: 86840.198 | M29: 58.7 | N29: 44.18 | O29: 8388909.8 | P29: 2614938.3 | Q29: 1763369.1 | R29: 400 | S29: 320
B30: Rate Discount Costs Applied to Composite Pool | C30: 2024 | D30: 2025 | E30: Rate Period
B31: Irigation Rate Discout Costs | C31: 21770.165 | D31: 21770.165 | E31: 43540.329 | H31: Rate Period Values
B32: Low Density Discount Costs | C32: 37700.686 | D32: 38531.674 | E32: 76232.36 | G32: IRD | H32: 11.57
B33: Total | C33: 59470.851 | D33: 60301.839 | E33: 119772.69 | G33: LSTUR | H33: 6.73
G34: Tier 2 Load Shaping Flat Block | H34: 39.674673
C35: 2024 | D35: 2025 | E35: Rate Period | G35: RT1SC aMW | H35: 7063.365
B36: Composite | C36: 2350477.9 | D36: 2411295.9 | E36: 4761773.8 | G36: sum of RHWM (MWh) | H36: =+H35*AVERAGE(8760,8784) -> 61959838
G37: Transfer Service Delivery Rate | H37: 1.12
B38: Non-Slice Revenues, Credits, and Costs | C38: 2024 | D38: 2025 | E38: Rate Period | G38: Transfer Service Regional Compliance Enforcement Rate | H38: 0.05
B39: Secondary Revenue | C39: -638012.82 | D39: -575151.8 | E39: -1213164.6
B40: Unused RHWM Credit Reallocation | C40: 98789.345 | D40: 86643.867 | E40: 185433.21
B41: Other Long Term Contract Revenues | C41: 0 | D41: 0 | E41: 0
B42: Non-federal RSC Revenues | C42: -92 | D42: -92 | E42: -184
B43: NR Revenues from ESS services | C43: 0 | D43: 0 | E43: 0
B44: Load Shaping Revenue | C44: -57930.734 | D44: -63974.995 | E44: -121905.73
B45: Balancing Augmentation Adjustment Reallocation | C45: 2358.4355 | D45: 5791.9218 | E45: 8150.3573
B46: Demand Revenue | C46: -60246.804 | D46: -62636.256 | E46: -122883.06
B47: Non-Slice Augmentation RSC Revenue Debit/(Credit) | C47: -842 | D47: -842 | E47: -1684
B48: Non-Slice Tier 2 RSC Revenue Debit/(Credit) | C48: 0 | D48: 0 | E48: 0
B49: Non-Slice Tier 2 Rate Design Debit/(Credit) | C49: 0 | D49: 0 | E49: 0
B50: Real Power Losses (Non-Slice) | C50: 0 | D50: 0 | E50: 0
... B53: Total | C53: -622512.5 | D53: -576622.27 | E53: -1199134.8
C55: 2024 | D55: 2025 | E55: Rate Period
B56: Non-Slice | C56: -348830.22 | D56: -315151.32 | E56: -663981.54
B58: TRM Costs after Adjustments | C58: 2024 | D58: 2025 | E58: Rate Period
B59: Composite | C59: 2350477.9 | D59: 2411295.9 | E59: 4761773.8
B60: Non-Slice | C60: -348830.22 | D60: -315151.32 | E60: -663981.54
B61: Slice | C61: 0 | D61: 0 | E61: 0
B62: Tier 2 | C62: 114786.94 | D62: 205792.01 | E62: 320578.94
B63: Total Costs | C63: 2116434.6 | D63: 2301936.6 | E63: 4418371.2
B65: Billing Determinants | C65: 2024 | D65: 2025 | E65: Rate Period
B66: TOCA | C66: 95.37968 | D66: 95.76905 | E66: 95.574365 | G66: Non-Slice Adjustment for Added Load Shaping + Demand Revenue
B67: Non-slice TOCA | C67: 75.63897 | D67: 76.02834 | E67: 75.833655 | G67: Demand Revenue | H67: =J3 -> 61441530
B68: Slice Percentage | C68: 19.74071 | D68: 19.74071 | E68: 19.74071 | G68: Load Shaping Revenue | H68: =O3 -> 60952865
H69: =H67+H68 -> 1.2239439e+08
B70: Annual TRM Rates ($000/percent) | C70: 2024 | D70: 2025 | E70: Rate Period | G70: Non-Slice Adjustment for Added Load Shaping + Demand Revenue
B71: Composite | C71: 24643.382 | D71: 25178.237 | E71: 24911.354 | G71: Demand Revenue | H71: =Charges_NonSlice!G1 -> 1.3406402e+08
B72: Non-Slice | C72: -4611.779 | D72: -4145.1822 | E72: -4377.8817 | G72: Load Shaping Revenue | H72: =Charges_NonSlice!F1 -> -25436318 | I72: Delta | J72: Clark + Emerald + Snohomish Load Shaping + Demand Revenue | K72: Delta After Product Switchers | L72: Non-Slice Adjustment Amount | M72: Close given other subtle differences
B73: Slice | C73: 0 | D73: 0 | E73: 0 | H73: =H71+H72 -> 1.086277e+08 | I73: =H73-H69 -> -13766693 | J73: =Charges_NonSlice!F41+Charges_NonSlice!G41+Charges_NonSlice!F56+Charges_NonSlice!G56+Charges_NonSlice!F108+Charges_NonSlice!G108 -> 61928244 | K73: =I73-J73 -> -75694937 | L73: =G76*E67*12 -> 53690228 | M73: =L73-K73 -> 1.2938516e+08
G74: 59000000
B75: Monthly TRM Rates ($/percent) | C75: 2024 | D75: 2025 | E75: Rate Period | G75: Non-Slice Adjustment for Added Load Shaping + Demand Revenue
B76: Composite | C76: 2053615.2 | D76: 2098186.4 | E76: 2075946 | G76: =+G74/1000 -> 59000 | H76: Non-Slice Rate Adjustment for Excess Demand and Load Shaping Revenue GOAL
B77: Non-Slice | C77: -384314.92 | D77: -345431.85 | E77: =-364823-G76 -> -423823 | G77: =Charges_NonSlice!Y1 -> 38.081251 | H77: Current Overall Non-Slice Rate
B78: Slice | C78: 0 | D78: 0 | E78: 0 | G78: =Charges_NonSlice!AD6 -> 0.097670502 | H78: RAM Non-Slice Rate Change
G79: =+Charges_NonSlice!Z1 -> 0.09763124
B80: Tier 2 Rates ($/MWh) | C80: 2024 | D80: 2025 | E80: Rate Period
B81: Tier 2 Short Term | C81: 63.83 | D81: 60.25 | E81: 61.495772
B82: Tier 2 Load Growth | C82: 63.83 | D82: 60.25 | E82: 62.04
B83: Tier 2 Vintage 3 | C83: 0 | D83: 0 | E83: 0

Sheet Rates_current
B1: Cost Allocation under Tiered Rates
B2: RAMmodel_RAM2026 Initial Proposal | J2: Year 2 Annual Demand Revenue | K2: =SUM(K18:K29) -> 1.4821193e+08 | O2: Year 2 Annual Demand Revenue | P2: =SUM(P18:P29) -> 76823690
J3: Average Annual Demand Revenue | K3: =AVERAGE(SUM(K6:K17),SUM(K18:K29),SUM(K30:K41)) -> 1.4877233e+08 | O3: Average Annual Demand Revenue | P3: =AVERAGE(SUM(P6:P17),SUM(P18:P29),SUM(P30:P41)) -> 73880201
B5: Costs ($000) | C5: 2026 | D5: 2027 | E5: 2028 | F5: Rate Period (total) | I5: Demand (kW) | J5: Demand Rate ($/kW/mo.) | K5: Demand | L5: Load Shaping HLH (MWh) | M5: Load Shaping LLH (MWh) | N5: Load Shaping HLH Rate ($/MWh) | O5: Load Shaping LLH Rate ($/MWh) | P5: Load Shaping | Q5: RT1SC HLH | R5: RT1SC LLH | S5: HLH | T5: LLH
B6: Composite | C6: 2948888.8 | D6: 3075945.6 | E6: 3256103.6 | F6: 9280938.1 | H6: 45931 | I6: 753867.43 | J6: 13.81 | K6: 10410909 | L6: 301810.9 | M6: 158182.93 | N6: 50.63 | O6: 48.85 | P6: 23007922 | Q6: 2586042.7 | R6: 1564244.9 | S6: =VLOOKUP($H6,Init!$C$5:$H$232, 2,FALSE) -> 432 | T6: =VLOOKUP($H6,Init!$C$5:$H$232, 3,FALSE) -> 312
B7: Non-Slice | C7: 183836.47 | D7: 163104.31 | E7: 179191.44 | F7: 526132.22 | H7: 45962 | I7: 706916.27 | J7: 10.78 | K7: 7620557.4 | L7: -51491.011 | M7: 156660.24 | N7: 39.53 | O7: 41.64 | P7: 4487892.8 | Q7: 3205599.2 | R7: 2100406.9 | S7: =VLOOKUP($H7,Init!$C$5:$H$232, 2,FALSE) -> 384 | T7: =VLOOKUP($H7,Init!$C$5:$H$232, 3,FALSE) -> 337
B8: Slice | C8: 0 | D8: 0 | E8: 0 | F8: 0 | H8: 45992 | I8: 1322782.2 | J8: 12.99 | K8: 17182941 | L8: 55249.524 | M8: 389854.38 | N8: 47.63 | O8: 48.79 | P8: 21652530 | Q8: 3866898.5 | R8: 2165586.6 | S8: =VLOOKUP($H8,Init!$C$5:$H$232, 2,FALSE) -> 416 | T8: =VLOOKUP($H8,Init!$C$5:$H$232, 3,FALSE) -> 328
B9: Tier 2 | C9: 330254 | D9: 341848.73 | E9: 367495.2 | F9: 1039597.9 | H9: 46023 | I9: 1370293.4 | J9: 11.88 | K9: 16279086 | L9: -25454.057 | M9: 257586.94 | N9: 43.56 | O9: 43.8 | P9: 10173529 | Q9: 4011749.3 | R9: 2352993.5 | S9: =VLOOKUP($H9,Init!$C$5:$H$232, 2,FALSE) -> 416 | T9: =VLOOKUP($H9,Init!$C$5:$H$232, 3,FALSE) -> 328
B10: Total Costs | C10: 3462979.3 | D10: 3580898.7 | E10: 3802790.3 | F10: 10846668 | H10: 46054 | I10: 1094310.4 | J10: 12.39 | K10: 13558506 | L10: 149330.01 | M10: 313746.97 | N10: 45.43 | O10: 49.18 | P10: 22214138 | Q10: 3227640.9 | R10: 1844484.7 | S10: =VLOOKUP($H10,Init!$C$5:$H$232, 2,FALSE) -> 384 | T10: =VLOOKUP($H10,Init!$C$5:$H$232, 3,FALSE) -> 288
H11: 46082 | I11: 1242029.6 | J11: 7.97 | K11: 9898976.2 | L11: -171562.33 | M11: 278770.42 | N11: 29.19 | O11: 34.54 | P11: 4620826 | Q11: 3606210.3 | R11: 1938664.5 | S11: =VLOOKUP($H11,Init!$C$5:$H$232, 2,FALSE) -> 416 | T11: =VLOOKUP($H11,Init!$C$5:$H$232, 3,FALSE) -> 327
B12: Adjustments | H12: 46113 | I12: 1123925.1 | J12: 6.09 | K12: 6844703.8 | L12: 210072.99 | M12: 100189.04 | N12: 22.33 | O12: 27.09 | P12: 7405050.8 | Q12: 2645914 | R12: 1651419.7 | S12: =VLOOKUP($H12,Init!$C$5:$H$232, 2,FALSE) -> 416 | T12: =VLOOKUP($H12,Init!$C$5:$H$232, 3,FALSE) -> 304
H13: 46143 | I13: 652754.56 | J13: 2.35 | K13: 1533973.2 | L13: -669781.91 | M13: -319842.19 | N13: 8.6 | O13: 12.73 | P13: -9831715.5 | Q13: 3367621.4 | R13: 2193836 | S13: =VLOOKUP($H13,Init!$C$5:$H$232, 2,FALSE) -> 400 | T13: =VLOOKUP($H13,Init!$C$5:$H$232, 3,FALSE) -> 344
B14: Revenues from Rate Pools to Composite Cost Pool | C14: 2026 | D14: 2027 | E14: 2028 | F14: Rate Period (total) | H14: 46174 | I14: 1157404 | J14: 4.12 | K14: 4768504.3 | L14: -860979.5 | M14: -333984.53 | N14: 15.1 | O14: 16.08 | P14: -18371262 | Q14: 3702041 | R14: 1978169.8 | S14: =VLOOKUP($H14,Init!$C$5:$H$232, 2,FALSE) -> 416 | T14: =VLOOKUP($H14,Init!$C$5:$H$232, 3,FALSE) -> 304
B15: DSI Revenue Credit | C15: -4469.1768 | D15: -4469.1768 | E15: -4481.4211 | F15: -13419.775 | H15: 46204 | I15: 1221946.8 | J15: 13.91 | K15: 16997280 | L15: -117807.24 | M15: 66863.002 | N15: 50.98 | O15: 48.06 | P15: -2792377.2 | Q15: 3203673.9 | R15: 1852204.9 | S15: =VLOOKUP($H15,Init!$C$5:$H$232, 2,FALSE) -> 416 | T15: =VLOOKUP($H15,Init!$C$5:$H$232, 3,FALSE) -> 328
B16: Exchange Revenues | C16: 0 | D16: 0 | E16: 0 | F16: 0 | H16: 46235 | I16: 1447093.7 | J16: 14.67 | K16: 21228865 | L16: -348485.59 | M16: 132517.85 | N16: 53.8 | O16: 50.32 | P16: -12080227 | Q16: 3447466.7 | R16: 1738937.7 | S16: =VLOOKUP($H16,Init!$C$5:$H$232, 2,FALSE) -> 416 | T16: =VLOOKUP($H16,Init!$C$5:$H$232, 3,FALSE) -> 328
B17: New Resource Revenues | C17: -7433.2916 | D17: -19855.26 | E17: -27984.872 | F17: -55273.423 | H17: 46266 | I17: 927509.43 | J17: 16.51 | K17: 15313181 | L17: 171839.61 | M17: 189784.53 | N17: 60.51 | O17: 59.06 | P17: 21606689 | Q17: 2507044.5 | R17: 1520820.3 | S17: =VLOOKUP($H17,Init!$C$5:$H$232, 2,FALSE) -> 400 | T17: =VLOOKUP($H17,Init!$C$5:$H$232, 3,FALSE) -> 320
B18: FPS Revenues | C18: 0 | D18: 0 | E18: 0 | F18: 0 | H18: 46296 | I18: 785365.5 | J18: 13.81 | K18: 10845898 | L18: 311575.85 | M18: 153036.08 | N18: 50.63 | O18: 48.85 | P18: 23250898 | Q18: 2586042.7 | R18: 1564244.9 | S18: =VLOOKUP($H18,Init!$C$5:$H$232, 2,FALSE) -> 432 | T18: =VLOOKUP($H18,Init!$C$5:$H$232, 3,FALSE) -> 312
B19: Non-Federal RSS Revenues | C19: -900 | D19: -898 | E19: -898 | F19: -2696 | H19: 46327 | I19: 777265.06 | J19: 10.78 | K19: 8378917.3 | L19: -44689.638 | M19: 172041.4 | N19: 39.53 | O19: 41.64 | P19: 5397222.5 | Q19: 3205599.2 | R19: 2100406.9 | S19: =VLOOKUP($H19,Init!$C$5:$H$232, 2,FALSE) -> 384 | T19: =VLOOKUP($H19,Init!$C$5:$H$232, 3,FALSE) -> 337
B20: Other Credits | C20: -532473.71 | D20: -444156.82 | E20: -491124.73 | F20: -1467755.3 | H20: 46357 | I20: 1361648.8 | J20: 12.99 | K20: 17687818 | L20: 74690.331 | M20: 392573.41 | N20: 47.63 | O20: 48.79 | P20: 22711157 | Q20: 3866898.5 | R20: 2165586.6 | S20: =VLOOKUP($H20,Init!$C$5:$H$232, 2,FALSE) -> 416 | T20: =VLOOKUP($H20,Init!$C$5:$H$232, 3,FALSE) -> 328
B21: NR Revenues from ESS services | C21: -3850.2465 | D21: -4658.0032 | E21: -5668.241 | F21: -14176.491 | H21: 46388 | I21: 1407518.1 | J21: 11.88 | K21: 16721315 | L21: -105543.29 | M21: 356225.54 | N21: 43.56 | O21: 43.8 | P21: 11005213 | Q21: 4011749.3 | R21: 2352993.5 | S21: =VLOOKUP($H21,Init!$C$5:$H$232, 2,FALSE) -> 400 | T21: =VLOOKUP($H21,Init!$C$5:$H$232, 3,FALSE) -> 344
B22: Tiered Rate Elements | H22: 46419 | I22: 1152969 | J22: 12.39 | K22: 14285285 | L22: 160159.86 | M22: 322028.37 | N22: 45.43 | O22: 49.18 | P22: 23113418 | Q22: 3227640.9 | R22: 1844484.7 | S22: =VLOOKUP($H22,Init!$C$5:$H$232, 2,FALSE) -> 384 | T22: =VLOOKUP($H22,Init!$C$5:$H$232, 3,FALSE) -> 288
B23: FPS Real Power Losses | C23: -44920.952 | D23: -44920.952 | E23: -44920.952 | F23: -134762.86 | H23: 46447 | I23: 1337722.3 | J23: 7.97 | K23: 10661647 | L23: -76076.625 | M23: 198223.82 | N23: 29.19 | O23: 34.54 | P23: 4625974.2 | Q23: 3606210.3 | R23: 1938664.5 | S23: =VLOOKUP($H23,Init!$C$5:$H$232, 2,FALSE) -> 432 | T23: =VLOOKUP($H23,Init!$C$5:$H$232, 3,FALSE) -> 311
B24: Unused RHWM Credit Reallocation | C24: -90763.557 | D24: -73915.396 | E24: -59710.338 | F24: -224389.29 | H24: 46478 | I24: 1189464.3 | J24: 6.09 | K24: 7243837.8 | L24: 217531.46 | M24: 98622.143 | N24: 22.33 | O24: 27.09 | P24: 7529151.4 | Q24: 2645914 | R24: 1651419.7 | S24: =VLOOKUP($H24,Init!$C$5:$H$232, 2,FALSE) -> 416 | T24: =VLOOKUP($H24,Init!$C$5:$H$232, 3,FALSE) -> 304
B25: Balancing Augmentation Adjustment Reallocation | C25: -834.05 | D25: -3377.6704 | E25: -685.32041 | F25: -4897.0408 | H25: 46508 | I25: 707390.35 | J25: 2.35 | K25: 1662367.3 | L25: -675756.85 | M25: -319146.63 | N25: 8.6 | O25: 12.73 | P25: -9874245.5 | Q25: 3367621.4 | R25: 2193836 | S25: =VLOOKUP($H25,Init!$C$5:$H$232, 2,FALSE) -> 400 | T25: =VLOOKUP($H25,Init!$C$5:$H$232, 3,FALSE) -> 344
B26: Composite Augmentation RSS Revenue Debit/(Credit) | C26: -1678 | D26: -1678 | E26: -1678 | F26: -5034 | H26: 46539 | I26: 1188706.4 | J26: 4.12 | K26: 4897470.3 | L26: -862558.01 | M26: -340883.59 | N26: 15.1 | O26: 16.08 | P26: -18506034 | Q26: 3702041 | R26: 1978169.8 | S26: =VLOOKUP($H26,Init!$C$5:$H$232, 2,FALSE) -> 416 | T26: =VLOOKUP($H26,Init!$C$5:$H$232, 3,FALSE) -> 304
B27: Composite Tier 2 RSS Revenue Debit/(Credit) | C27: -563.24966 | D27: -609.75556 | E27: -651.28298 | F27: -1824.2882 | H27: 46569 | I27: 1246354.1 | J27: 13.91 | K27: 17336786 | L27: -108820.53 | M27: 60586.345 | N27: 50.98 | O27: 48.06 | P27: -2635891 | Q27: 3203673.9 | R27: 1852204.9 | S27: =VLOOKUP($H27,Init!$C$5:$H$232, 2,FALSE) -> 416 | T27: =VLOOKUP($H27,Init!$C$5:$H$232, 3,FALSE) -> 328
B28: Composite Tier 2 Rate Design Adjustment Debit/(Credit) | C28: -8242.8454 | D28: -9666.672 | E28: -10487.916 | F28: -28397.433 | H28: 46600 | I28: 1525150.5 | J28: 14.67 | K28: 22373958 | L28: -351457.51 | M28: 138556.99 | N28: 53.8 | O28: 50.32 | P28: -11936226 | Q28: 3447466.7 | R28: 1738937.7 | S28: =VLOOKUP($H28,Init!$C$5:$H$232, 2,FALSE) -> 416 | T28: =VLOOKUP($H28,Init!$C$5:$H$232, 3,FALSE) -> 328
B29: Transmission Losses Adjustment Reallocation | C29: -41096.644 | D29: -41395.817 | E29: -41574.15 | F29: -124066.61 | H29: 46631 | I29: 976173.75 | J29: 16.51 | K29: 16116629 | L29: 181634.4 | M29: 188830.94 | N29: 60.51 | O29: 59.06 | P29: 22143053 | Q29: 2507044.5 | R29: 1520820.3 | S29: =VLOOKUP($H29,Init!$C$5:$H$232, 2,FALSE) -> 400 | T29: =VLOOKUP($H29,Init!$C$5:$H$232, 3,FALSE) -> 320
B30: Total | C30: -737225.72 | D30: -649601.52 | E30: -689865.22 | F30: -2076692.5 | H30: 46661 | I30: 861790.31 | J30: 13.81 | K30: 11901324 | L30: 231085.03 | M30: 249006.06 | N30: 50.63 | O30: 48.85 | P30: 23863781 | Q30: 2586042.7 | R30: 1564244.9 | S30: =VLOOKUP($H30,Init!$C$5:$H$232, 2,FALSE) -> 416 | T30: =VLOOKUP($H30,Init!$C$5:$H$232, 3,FALSE) -> 328
H31: 46692 | I31: 829623.45 | J31: 10.78 | K31: 8943340.8 | L31: 54023.385 | M31: 78355.515 | N31: 39.53 | O31: 41.64 | P31: 5398268.1 | Q31: 3205599.2 | R31: 2100406.9 | S31: =VLOOKUP($H31,Init!$C$5:$H$232, 2,FALSE) -> 400 | T31: =VLOOKUP($H31,Init!$C$5:$H$232, 3,FALSE) -> 321
B32: Rate Discount Costs Applied to Composite Pool | C32: 2026 | D32: 2027 | E32: 2028 | F32: Rate Period (total) | H32: 46722 | I32: 1398109.1 | J32: 12.99 | K32: 18161437 | L32: 85683.671 | M32: 384143.8 | N32: 47.63 | O32: 48.79 | P32: 22823489 | Q32: 3866898.5 | R32: 2165586.6 | S32: =VLOOKUP($H32,Init!$C$5:$H$232, 2,FALSE) -> 416 | T32: =VLOOKUP($H32,Init!$C$5:$H$232, 3,FALSE) -> 328
B33: Irigation Rate Discout Costs | C33: 22503.99 | D33: 22503.99 | E33: 22503.99 | F33: 67511.971 | H33: 46753 | I33: 1520317.9 | J33: 11.88 | K33: 18061377 | L33: -102604.43 | M33: 355662.15 | N33: 43.56 | O33: 43.8 | P33: 11108554 | Q33: 4011749.3 | R33: 2352993.5 | S33: =VLOOKUP($H33,Init!$C$5:$H$232, 2,FALSE) -> 400 | T33: =VLOOKUP($H33,Init!$C$5:$H$232, 3,FALSE) -> 344
B34: Low Density Discount Costs | C34: 42805.17 | D34: 43959.347 | E34: 44496.225 | F34: 131260.74 | H34: 46784 | I34: 1227185.5 | J34: 12.39 | K34: 15204829 | L34: 132893.46 | M34: 289974.13 | N34: 45.43 | O34: 49.18 | P34: 20298277 | Q34: 3341393.7 | R34: 1901361.1 | S34: =VLOOKUP($H34,Init!$C$5:$H$232, 2,FALSE) -> 400 | T34: =VLOOKUP($H34,Init!$C$5:$H$232, 3,FALSE) -> 296
B35: Total | C35: 65309.161 | D35: 66463.338 | E35: 67000.215 | F35: 198772.71 | H35: 46813 | I35: 1434378.6 | J35: 7.97 | K35: 11431998 | L35: -72175.907 | M35: 194121.81 | N35: 29.19 | O35: 34.54 | P35: 4598152.7 | Q35: 3606210.3 | R35: 1938664.5 | S35: =VLOOKUP($H35,Init!$C$5:$H$232, 2,FALSE) -> 432 | T35: =VLOOKUP($H35,Init!$C$5:$H$232, 3,FALSE) -> 311
H36: 46844 | I36: 1316169 | J36: 6.09 | K36: 8015469.2 | L36: 115862.15 | M36: 193099.3 | N36: 22.33 | O36: 27.09 | P36: 7818262 | Q36: 2645914 | R36: 1651419.7 | S36: =VLOOKUP($H36,Init!$C$5:$H$232, 2,FALSE) -> 400 | T36: =VLOOKUP($H36,Init!$C$5:$H$232, 3,FALSE) -> 320
C37: 2024 | D37: 2025 | F37: Rate Period | H37: 46874 | I37: 732563.42 | J37: 2.35 | K37: 1721524 | L37: -592124.58 | M37: -422764.55 | N37: 8.6 | O37: 12.73 | P37: -10474064 | Q37: 3367621.4 | R37: 2193836 | S37: =VLOOKUP($H37,Init!$C$5:$H$232, 2,FALSE) -> 416 | T37: =VLOOKUP($H37,Init!$C$5:$H$232, 3,FALSE) -> 328
B38: Composite | C38: 2276972.3 | D38: 2492807.5 | E38: 2633238.6 | F38: 7403018.3 | H38: 46905 | I38: 1230683.5 | J38: 4.12 | K38: 5070416 | L38: -869719.36 | M38: -355013.05 | N38: 15.1 | O38: 16.08 | P38: -18841372 | Q38: 3702041 | R38: 1978169.8 | S38: =VLOOKUP($H38,Init!$C$5:$H$232, 2,FALSE) -> 416 | T38: =VLOOKUP($H38,Init!$C$5:$H$232, 3,FALSE) -> 304
H39: 46935 | I39: 1245489.9 | J39: 13.91 | K39: 17324764 | L39: -209220.84 | M39: 148676.5 | N39: 50.98 | O39: 48.06 | P39: -3520685.6 | Q39: 3203673.9 | R39: 1852204.9 | S39: =VLOOKUP($H39,Init!$C$5:$H$232, 2,FALSE) -> 400 | T39: =VLOOKUP($H39,Init!$C$5:$H$232, 3,FALSE) -> 344
B40: Non-Slice Revenues, Credits, and Costs | C40: 2026 | D40: 2027 | E40: 2028 | F40: Rate Period (total) | H40: 46966 | I40: 1597272.5 | J40: 14.67 | K40: 23431988 | L40: -262391.72 | M40: 37679.863 | N40: 53.8 | O40: 50.32 | P40: -12220624 | Q40: 3447466.7 | R40: 1738937.7 | S40: =VLOOKUP($H40,Init!$C$5:$H$232, 2,FALSE) -> 432 | T40: =VLOOKUP($H40,Init!$C$5:$H$232, 3,FALSE) -> 312
B41: Secondary Revenue | C41: -443587.06 | D41: -412005.73 | E41: -392611.3 | F41: -1248204.1 | H41: 46997 | I41: 1041739.6 | J41: 16.51 | K41: 17199121 | L41: 185489.79 | M41: 180289.38 | N41: 60.51 | O41: 59.06 | P41: 21871878 | Q41: 2507044.5 | R41: 1520820.3 | S41: =VLOOKUP($H41,Init!$C$5:$H$232, 2,FALSE) -> 400 | T41: =VLOOKUP($H41,Init!$C$5:$H$232, 3,FALSE) -> 320
B42: Unused RHWM Credit Reallocation | C42: 90763.557 | D42: 73915.396 | E42: 59710.338 | F42: 224389.29
B43: Other Long Term Contract Revenues | C43: 0 | D43: 0 | E43: 0 | F43: 0 | I43: Rate Period Values
B44: Non-federal RSC Revenues | C44: -190 | D44: -190 | E44: -190 | F44: -570 | H44: IRD | I44: 11.96
H45: LSTUR | I45: 3.88
B46: Load Shaping Revenue | C46: -72092.997 | D46: -76823.69 | E46: -72723.916 | F46: -221640.6 | H46: Tier 2 Load Shaping Flat Block | I46: =(SUMPRODUCT(N6:N41,S6:S41)+SUMPRODUCT(O6:O41,T6:T41))/SUM(S6:T41) -> 39.399548
B47: Balancing Augmentation Adjustment Reallocation | C47: 834.05 | D47: 3377.6704 | E47: 685.32041 | F47: 4897.0408 | H47: RT1SC aMW | I47: 7109.552
B48: Demand Revenue | C48: -141637.48 | D48: -148211.93 | E48: -156467.59 | F48: -446317 | H48: sum of RHWM (MWh) | I48: =+I47*AVERAGE(8760,8760,8784) -> 62336552
B49: Non-Slice Augmentation RSC Revenue Debit/(Credit) | C49: -785 | D49: -785 | E49: -785 | F49: -2355 | H49: Transfer Service Delivery Rate | I49: 0
B50: Non-Slice Tier 2 RSC Revenue Debit/(Credit) | C50: 0 | D50: 0 | E50: 0 | F50: 0 | H50: Transfer Service Regional Compliance Enforcement Rate | I50: 0.05
B51: Non-Slice Tier 2 Rate Design Debit/(Credit) | C51: 0 | D51: 0 | E51: 0 | F51: 0
B52: PRSC Net Credit (Non-Slice) | C52: 0 | D52: 0 | E52: 0 | F52: 0
B53: Transmission Losses Adjustment Reallocation | C53: 41096.644 | D53: 41395.817 | E53: 41574.15 | F53: 124066.61
B54: Total | C54: -525598.29 | D54: -519327.47 | E54: -520807.99 | F54: -1565733.8
C56: 2026 | D56: 2027 | E56: 2028 | F56: Rate Period (total)
B57: Non-Slice | C57: -341761.82 | D57: -356223.15 | E57: -341616.55 | F57: -1039601.5
B59: TRM Costs after Adjustments | C59: 2026 | D59: 2027 | E59: 2028 | F59: Rate Period (total)
B60: Composite | C60: 2276972.3 | D60: 2492807.5 | E60: 2633238.6 | F60: 7403018.3
B61: Non-Slice | C61: -341761.82 | D61: -356223.15 | E61: -341616.55 | F61: -1039601.5
B62: Slice | C62: 0 | D62: 0 | E62: 0 | F62: 0
B63: Tier 2 | C63: 330254 | D63: 341848.73 | E63: 367495.2 | F63: 1039597.9
B64: Total Costs | C64: 2265464.4 | D64: 2478433 | E64: 2659117.3 | F64: 7403014.7
B66: Billing Determinants | C66: 2026 | D66: 2027 | E66: 2028 | F66: Rate Period (Avg)
B67: TOCA | C67: 94.89809 | D67: 95.30855 | E67: 95.64251 | F67: 95.28305
B68: Non-slice TOCA | C68: 83.15304 | D68: 83.5635 | E68: 83.89746 | F68: 83.538
B69: Slice Percentage | C69: 11.74505 | D69: 11.74505 | E69: 11.74505 | F69: 11.74505
B71: Annual TRM Rates ($000/percent) | C71: 2026 | D71: 2027 | E71: 2028 | F71: Rate Period (Avg)
B72: Composite | C72: 23993.868 | D72: 26155.129 | E72: 27532.095 | F72: 25898.34
B73: Non-Slice | C73: -4110.034 | D73: -4262.9037 | E73: -4071.8343 | F73: -4148.2181
B74: Slice | C74: 0 | D74: 0 | E74: 0 | F74: 0
B76: Monthly TRM Rates ($/percent) | C76: 2026 | D76: 2027 | E76: 2028 | F76: Rate Period (Avg)
B77: Composite | C77: 1999489 | D77: 2179594.1 | E77: 2294341.2 | F77: 2158195
B78: Non-Slice | C78: -342502.84 | D78: -355241.97 | E78: -339319.52 | F78: -345685
B79: Slice | C79: 0 | D79: 0 | E79: 0 | F79: 0
B81: Tier 2 Rates ($/MWh) | C81: 2026 | D81: 2027 | E81: 2028 | F81: Rate Period (Avg)
B82: Tier 2 Short Term | C82: 70.66 | D82: 67.4 | E82: 67.7 | F82: =+AVERAGE(C82:E82) -> 68.586667
B83: Tier 2 Load Growth | C83: 70.66 | D83: 67.4 | E83: 67.7 | F83: =+AVERAGE(C83:E83) -> 68.586667
B84: Tier 2 Vintage 3 | C84: 0 | D84: 0 | E84: 0 | F84: 0

Sheet IRD
A2: Previous | E2: Current
A3: Preference Customer Parameters | E3: Preference Customer Parameters
A4: BESID | B4: AccountName | C4: IRD Loads | E4: BESID | F4: AccountName | G4: IRD Loads | J4: JOE Previous | K4: JOE Current
A5: 10015 | B5: Asotin County PUD #1 | C5: 0 | E5: 10015 | F5: Asotin County PUD #1 | G5: 0 | J5: =VLOOKUP(A5, TOCA_previous!$A$3:$D$136, 4, FALSE) -> 0 | K5: =VLOOKUP(E5, TOCA_current!A3:D136, 4, FALSE) -> 0
A6: 10024 | B6: Benton County PUD #1 | C6: 312239.2 | E6: 10024 | F6: Benton County PUD #1 | G6: 312239.2 | J6: =VLOOKUP(A6, TOCA_previous!$A$3:$D$136, 4, FALSE) -> 0 | K6: =VLOOKUP(E6, TOCA_current!A3:D137, 4, FALSE) -> 0
A7: 10025 | B7: Benton REA | C7: 82900.857 | E7: 10025 | F7: Benton REA | G7: 82900.857 | J7: =VLOOKUP(A7, TOCA_previous!$A$3:$D$136, 4, FALSE) -> 0 | K7: =VLOOKUP(E7, TOCA_current!A4:D138, 4, FALSE) -> 0
A8: 10027 | B8: Big Bend Elec Coop | C8: 209669.54 | E8: 10027 | F8: Big Bend Elec Coop | G8: 209669.54 | J8: =VLOOKUP(A8, TOCA_previous!$A$3:$D$136, 4, FALSE) -> 0 | K8: =VLOOKUP(E8, TOCA_current!A5:D139, 4, FALSE) -> 0
A9: 10029 | B9: Blachly Lane Elec Coop | C9: 0 | E9: 10029 | F9: Blachly Lane Elec Coop | G9: 0 | J9: =VLOOKUP(A9, TOCA_previous!$A$3:$D$136, 4, FALSE) -> 1 | K9: =VLOOKUP(E9, TOCA_current!A6:D140, 4, FALSE) -> 1
A10: 10044 | B10: Canby, City of | C10: 0 | E10: 10044 | F10: Canby, City of | G10: 0 | J10: =VLOOKUP(A10, TOCA_previous!$A$3:$D$136, 4, FALSE) -> 0 | K10: =VLOOKUP(E10, TOCA_current!A7:D141, 4, FALSE) -> 0
A11: 10046 | B11: Central Electric Coop | C11: 41085.457 | E11: 10046 | F11: Central Electric Coop | G11: 41085.457 | J11: =VLOOKUP(A11, TOCA_previous!$A$3:$D$136, 4, FALSE) -> 1 | K11: =VLOOKUP(E11, TOCA_current!A8:D142, 4, FALSE) -> 1
A12: 10047 | B12: Central Lincoln PUD | C12: 0 | E12: 10047 | F12: Central Lincoln PUD | G12: 0 | J12: =VLOOKUP(A12, TOCA_previous!$A$3:$D$136, 4, FALSE) -> 0 | K12: =VLOOKUP(E12, TOCA_current!A9:D143, 4, FALSE) -> 0
A13: 10055 | B13: Albion, City of | C13: 0 | E13: 10055 | F13: Albion, City of | G13: 0 | J13: =VLOOKUP(A13, TOCA_previous!$A$3:$D$136, 4, FALSE) -> 0 | K13: =VLOOKUP(E13, TOCA_current!A10:D144, 4, FALSE) -> 0
A14: 10057 | B14: Ashland, City of | C14: 0 | E14: 10057 | F14: Ashland, City of | G14: 0 | J14: =VLOOKUP(A14, TOCA_previous!$A$3:$D$136, 4, FALSE) -> 0 | K14: =VLOOKUP(E14, TOCA_current!A11:D145, 4, FALSE) -> 0
A15: 10059 | B15: Bandon, City of | C15: 0 | E15: 10059 | F15: Bandon, City of | G15: 0 | J15: =VLOOKUP(A15, TOCA_previous!$A$3:$D$136, 4, FALSE) -> 0 | K15: =VLOOKUP(E15, TOCA_current!A12:D146, 4, FALSE) -> 0
A16: 10061 | B16: Blaine, City of | C16: 0 | E16: 10061 | F16: Blaine, City of | G16: 0 | J16: =VLOOKUP(A16, TOCA_previous!$A$3:$D$136, 4, FALSE) -> 0 | K16: =VLOOKUP(E16, TOCA_current!A13:D147, 4, FALSE) -> 0
A17: 10062 | B17: Bonners Ferry, City of | C17: 0 | E17: 10062 | F17: Bonners Ferry, City of | G17: 0 | J17: =VLOOKUP(A17, TOCA_previous!$A$3:$D$136, 4, FALSE) -> 0 | K17: =VLOOKUP(E17, TOCA_current!A14:D148, 4, FALSE) -> 0
... A102: 10331 | B102: Raft River Elec Coop | C102: 133086.86 | E102: 10331 | F102: Raft River Elec Coop | G102: 133086.86 | J102: =VLOOKUP(A102, TOCA_previous!$A$3:$D$136, 4, FALSE) -> 1 | K102: =VLOOKUP(E102, TOCA_current!A99:D233, 4, FALSE) -> 1
A103: 10333 | B103: Ravalli County Elec Coop | C103: 0 | E103: 10333 | F103: Ravalli County Elec Coop | G103: 0 | J103: 1 | K103: 1
A104: 10338 | B104: Riverside Elec Coop | C104: 4155.21 | E104: 10338 | F104: Riverside Elec Coop | G104: 4155.21 | J104: =VLOOKUP(A104, TOCA_previous!$A$3:$D$136, 4, FALSE) -> 0 | K104: =VLOOKUP(E104, TOCA_current!A101:D235, 4, FALSE) -> 0
A105: 10342 | B105: Salem Elec Coop | C105: 0 | E105: 10342 | F105: Salem Elec Coop | G105: 0 | J105: =VLOOKUP(A105, TOCA_previous!$A$3:$D$136, 4, FALSE) -> 0 | K105: =VLOOKUP(E105, TOCA_current!A102:D236, 4, FALSE) -> 0
A106: 10343 | B106: Salmon River Elec Coop | C106: 10505.661 | E106: 10343 | F106: Salmon River Elec Coop | G106: 10505.661 | J106: =VLOOKUP(A106, TOCA_previous!$A$3:$D$136, 4, FALSE) -> 0 | K106: =VLOOKUP(E106, TOCA_current!A103:D237, 4, FALSE) -> 0
A107: 10349 | B107: Seattle City Light | C107: 0 | E107: 10349 | F107: Seattle City Light | G107: 0 | J107: =VLOOKUP(A107, TOCA_previous!$A$3:$D$136, 4, FALSE) -> 0 | K107: =VLOOKUP(E107, TOCA_current!A104:D238, 4, FALSE) -> 0
A108: 10352 | B108: Skamania County PUD #1 | C108: 0 | E108: 10352 | F108: Skamania County PUD #1 | G108: 0 | J108: =VLOOKUP(A108, TOCA_previous!$A$3:$D$136, 4, FALSE) -> 0 | K108: =VLOOKUP(E108, TOCA_current!A105:D239, 4, FALSE) -> 0
A109: 10354 | B109: Snohomish County PUD #1 | C109: 0 | E109: 10354 | F109: Snohomish County PUD #1 | G109: 0 | J109: =VLOOKUP(A109, TOCA_previous!$A$3:$D$136, 4, FALSE) -> 0 | K109: =VLOOKUP(E109, TOCA_current!A106:D240, 4, FALSE) -> 0
A110: 10360 | B110: Southside Elec Lines | C110: 20009.34 | E110: 10360 | F110: Southside Elec Lines | G110: 20009.34 | J110: =VLOOKUP(A110, TOCA_previous!$A$3:$D$136, 4, FALSE) -> 0 | K110: =VLOOKUP(E110, TOCA_current!A107:D241, 4, FALSE) -> 0
A111: 10363 | B111: Springfield Utility Board | C111: 0 | E111: 10363 | F111: Springfield Utility Board | G111: 0 | J111: =VLOOKUP(A111, TOCA_previous!$A$3:$D$136, 4, FALSE) -> 0 | K111: =VLOOKUP(E111, TOCA_current!A108:D242, 4, FALSE) -> 0
A112: 10369 | B112: Surprise Valley Elec Coop | C112: 46210.901 | E112: 10369 | F112: Surprise Valley Elec Coop | G112: 46210.901 | J112: =VLOOKUP(A112, TOCA_previous!$A$3:$D$136, 4, FALSE) -> 0 | K112: =VLOOKUP(E112, TOCA_current!A109:D243, 4, FALSE) -> 0
A113: 10370 | B113: Tacoma Public Utilities | C113: 0 | E113: 10370 | F113: Tacoma Public Utilities | G113: 0 | J113: =VLOOKUP(A113, TOCA_previous!$A$3:$D$136, 4, FALSE) -> 0 | K113: =VLOOKUP(E113, TOCA_current!A110:D244, 4, FALSE) -> 0
A114: 10371 | B114: Tanner Elec Coop | C114: 0 | E114: 10371 | F114: Tanner Elec Coop | G114: 0 | J114: =VLOOKUP(A114, TOCA_previous!$A$3:$D$136, 4, FALSE) -> 0 | K114: =VLOOKUP(E114, TOCA_current!A111:D245, 4, FALSE) -> 0
A115: 10376 | B115: Tillamook PUD #1 | C115: 0 | E115: 10376 | F115: Tillamook PUD #1 | G115: 0 | J115: =VLOOKUP(A115, TOCA_previous!$A$3:$D$136, 4, FALSE) -> 0 | K115: =VLOOKUP(E115, TOCA_current!A112:D246, 4, FALSE) -> 0
... A132: 10502 | B132: Yakama Power | C132: 7189.697 | E132: 10502 | F132: Yakama Power | G132: 7189.697 | J132: =VLOOKUP(A132, TOCA_previous!$A$3:$D$136, 4, FALSE) -> 0 | K132: =VLOOKUP(E132, TOCA_current!A129:D263, 4, FALSE) -> 0
A133: 13927 | B133: Kalispel Tribe Utility | C133: 0 | E133: 13927 | F133: Kalispel Tribe Utility | G133: 0 | J133: 0 | K133: 0
A134: 10597 | B134: Hermiston, City of | C134: 0 | E134: 10597 | F134: Hermiston, City of | G134: 0 | J134: =VLOOKUP(A134, TOCA_previous!$A$3:$D$136, 4, FALSE) -> 0 | K134: =VLOOKUP(E134, TOCA_current!A130:D264, 4, FALSE) -> 0
A135: 10706 | B135: Port of Seattle - SETAC In'tl. Airport | C135: 0 | E135: 10706 | F135: Port of Seattle - SETAC In'tl. Airport | G135: 0 | J135: =VLOOKUP(A135, TOCA_previous!$A$3:$D$136, 4, FALSE) -> 0 | K135: =VLOOKUP(E135, TOCA_current!A131:D265, 4, FALSE) -> 0
A136: 11680 | B136: Weiser, City of | C136: 0 | E136: 11680 | F136: Weiser, City of | G136: 0 | J136: =VLOOKUP(A136, TOCA_previous!$A$3:$D$136, 4, FALSE) -> 0 | K136: =VLOOKUP(E136, TOCA_current!A132:D266, 4, FALSE) -> 0
A137: 12026 | B137: Jefferson County PUD #1 | C137: 0 | E137: 12026 | F137: Jefferson County PUD #1 | G137: 0 | J137: =VLOOKUP(A137, TOCA_previous!$A$3:$D$136, 4, FALSE) -> 0 | K137: =VLOOKUP(E137, TOCA_current!A133:D267, 4, FALSE) -> 0
A138: =+E138 -> 10298 | B138: PNGC Aggregate | C138: =SUMPRODUCT(C5:C137, J5:J137) -> 278595.01 | E138: 10298 | F138: PNGC Aggregate | G138: =SUMPRODUCT(G5:G137, K5:K137) -> 278595.01 | J138: =VLOOKUP(A138, TOCA_previous!$A$3:$D$136, 4, FALSE) -> 0 | K138: =VLOOKUP(E138, TOCA_current!A134:D268, 4, FALSE) -> 0

Sheet RT1SC
B2: Tier 1 System Capability
B3: previous | C3: 7063.365
B4: current | C4: 7109.552
B6: Sum of RHWMs
B7: previous | C7: 61959838
B8: current | C8: 62336548

Sheet LS_Demand_Rates_Restatement
B1: Reshaping physical format of rates for calculations
C2: 45931 | D2: =+IF(D3="LLH",C2,EOMONTH(C2,0)+1) -> 45931 | E2: =+IF(E3="LLH",D2,EOMONTH(D2,0)+1) -> 45962 | F2: =+IF(F3="LLH",E2,EOMONTH(E2,0)+1) -> 45962 | G2: =+IF(G3="LLH",F2,EOMONTH(F2,0)+1) -> 45992 | H2: =+IF(H3="LLH",G2,EOMONTH(G2,0)+1) -> 45992 | I2: =+IF(I3="LLH",H2,EOMONTH(H2,0)+1) -> 46023 | J2: =+IF(J3="LLH",I2,EOMONTH(I2,0)+1) -> 46023 | K2: =+IF(K3="LLH",J2,EOMONTH(J2,0)+1) -> 46054 | ... BV2: =+IF(BV3="LLH",BU2,EOMONTH(BU2,0)+1) -> 46997
B3: Rate Class | C3: HLH | D3: LLH | E3: HLH | F3: LLH | G3: HLH | H3: LLH | I3: HLH | J3: LLH | K3: HLH | L3: LLH | M3: HLH | N3: LLH | O3: HLH | P3: LLH | Q3: HLH | R3: LLH | S3: HLH | T3: LLH | U3: HLH | V3: LLH | W3: HLH | X3: LLH | Y3: HLH | Z3: LLH | AA3: HLH | AB3: LLH | AC3: HLH | AD3: LLH | AE3: HLH | AF3: LLH | AG3: HLH | AH3: LLH | AI3: HLH | AJ3: LLH | AK3: HLH | AL3: LLH | AM3: HLH | AN3: LLH | AO3: HLH | AP3: LLH | AQ3: HLH | AR3: LLH | AS3: HLH | AT3: LLH | AU3: HLH | AV3: LLH | AW3: HLH | AX3: LLH | AY3: HLH | AZ3: LLH | BA3: HLH | BB3: LLH | BC3: HLH | BD3: LLH | BE3: HLH | BF3: LLH | BG3: HLH | BH3: LLH | BI3: HLH | BJ3: LLH | BK3: HLH | BL3: LLH | BM3: HLH | BN3: LLH | BO3: HLH | BP3: LLH | BQ3: HLH | BR3: LLH | BS3: HLH | BT3: LLH | BU3: HLH | BV3: LLH
B4: previous LS | C4: =IF(C$3="HLH",VLOOKUP(DATE(YEAR(C$2)-2,MONTH(C$2),1),Rates_previous!$G$6:$O$29,7,FALSE),VLOOKUP(DATE(YEAR(C$2)-2,MONTH(C$2),1),Rates_previous!$G$6:$O$29,8,FALSE)) -> 47.71 | D4: =IF(D$3="HLH",VLOOKUP(DATE(YEAR(D$2)-2,MONTH(D$2),1),Rates_previous!$G$6:$O$29,7,FALSE),VLOOKUP(DATE(YEAR(D$2)-2,MONTH(D$2),1),Rates_previous!$G$6:$O$29,8,FALSE)) -> 32.91 | E4: =IF(E$3="HLH",VLOOKUP(DATE(YEAR(E$2)-2,MONTH(E$2),1),Rates_previous!$G$6:$O$29,7,FALSE),VLOOKUP(DATE(YEAR(E$2)-2,MONTH(E$2),1),Rates_previous!$G$6:$O$29,8,FALSE)) -> 40.3 | F4: =IF(F$3="HLH",VLOOKUP(DATE(YEAR(F$2)-2,MONTH(F$2),1),Rates_previous!$G$6:$O$29,7,FALSE),VLOOKUP(DATE(YEAR(F$2)-2,MONTH(F$2),1),Rates_previous!$G$6:$O$29,8,FALSE)) -> 31.39 | G4: =IF(G$3="HLH",VLOOKUP(DATE(YEAR(G$2)-2,MONTH(G$2),1),Rates_previous!$G$6:$O$29,7,FALSE),VLOOKUP(DATE(YEAR(G$2)-2,MONTH(G$2),1),Rates_previous!$G$6:$O$29,8,FALSE)) -> 61.63 | H4: =IF(H$3="HLH",VLOOKUP(DATE(YEAR(H$2)-2,MONTH(H$2),1),Rates_previous!$G$6:$O$29,7,FALSE),VLOOKUP(DATE(YEAR(H$2)-2,MONTH(H$2),1),Rates_previous!$G$6:$O$29,8,FALSE)) -> 52.69 | I4: =IF(I$3="HLH",VLOOKUP(DATE(YEAR(I$2)-2,MONTH(I$2),1),Rates_previous!$G$6:$O$29,7,FALSE),VLOOKUP(DATE(YEAR(I$2)-2,MONTH(I$2),1),Rates_previous!$G$6:$O$29,8,FALSE)) -> 49.88 | J4: =IF(J$3="HLH",VLOOKUP(DATE(YEAR(J$2)-2,MONTH(J$2),1),Rates_previous!$G$6:$O$29,7,FALSE),VLOOKUP(DATE(YEAR(J$2)-2,MONTH(J$2),1),Rates_previous!$G$6:$O$29,8,FALSE)) -> 36.73 | ... AX4: =IF(AX$3="HLH",VLOOKUP(DATE(YEAR(AX$2)-2,MONTH(AX$2),1),Rates_previous!$G$6:$O$29,7,FALSE),VLOOKUP(DATE(YEAR(AX$2)-2,MONTH(AX$2),1),Rates_previous!$G$6:$O$29,8,FALSE)) -> 44.18 | AY4: =+AVERAGE(AA4,C4) -> 47.71 | AZ4: =+AVERAGE(AB4,D4) -> 32.91 | BA4: =+AVERAGE(AC4,E4) -> 40.3 | BB4: =+AVERAGE(AD4,F4) -> 31.39 | BC4: =+AVERAGE(AE4,G4) -> 61.63 | BD4: =+AVERAGE(AF4,H4) -> 52.69 | BE4: =+AVERAGE(AG4,I4) -> 49.88 | BF4: =+AVERAGE(AH4,J4) -> 36.73 | ... BV4: =+AVERAGE(AX4,Z4) -> 44.18
B5: current LS | C5: =IF(C$3="HLH",VLOOKUP(DATE(YEAR(C$2),MONTH(C$2),1),Rates_current!$H$6:$P$41,7,FALSE),VLOOKUP(DATE(YEAR(C$2),MONTH(C$2),1),Rates_current!$H$6:$P$41,8,FALSE)) -> 50.63 | D5: =IF(D$3="HLH",VLOOKUP(DATE(YEAR(D$2),MONTH(D$2),1),Rates_current!$H$6:$P$41,7,FALSE),VLOOKUP(DATE(YEAR(D$2),MONTH(D$2),1),Rates_current!$H$6:$P$41,8,FALSE)) -> 48.85 | E5: =IF(E$3="HLH",VLOOKUP(DATE(YEAR(E$2),MONTH(E$2),1),Rates_current!$H$6:$P$41,7,FALSE),VLOOKUP(DATE(YEAR(E$2),MONTH(E$2),1),Rates_current!$H$6:$P$41,8,FALSE)) -> 39.53 | F5: =IF(F$3="HLH",VLOOKUP(DATE(YEAR(F$2),MONTH(F$2),1),Rates_current!$H$6:$P$41,7,FALSE),VLOOKUP(DATE(YEAR(F$2),MONTH(F$2),1),Rates_current!$H$6:$P$41,8,FALSE)) -> 41.64 | G5: =IF(G$3="HLH",VLOOKUP(DATE(YEAR(G$2),MONTH(G$2),1),Rates_current!$H$6:$P$41,7,FALSE),VLOOKUP(DATE(YEAR(G$2),MONTH(G$2),1),Rates_current!$H$6:$P$41,8,FALSE)) -> 47.63 | H5: =IF(H$3="HLH",VLOOKUP(DATE(YEAR(H$2),MONTH(H$2),1),Rates_current!$H$6:$P$41,7,FALSE),VLOOKUP(DATE(YEAR(H$2),MONTH(H$2),1),Rates_current!$H$6:$P$41,8,FALSE)) -> 48.79 | I5: =IF(I$3="HLH",VLOOKUP(DATE(YEAR(I$2),MONTH(I$2),1),Rates_current!$H$6:$P$41,7,FALSE),VLOOKUP(DATE(YEAR(I$2),MONTH(I$2),1),Rates_current!$H$6:$P$41,8,FALSE)) -> 43.56 | J5: =IF(J$3="HLH",VLOOKUP(DATE(YEAR(J$2),MONTH(J$2),1),Rates_current!$H$6:$P$41,7,FALSE),VLOOKUP(DATE(YEAR(J$2),MONTH(J$2),1),Rates_current!$H$6:$P$41,8,FALSE)) -> 43.8 | ... BV5: =IF(BV$3="HLH",VLOOKUP(DATE(YEAR(BV$2),MONTH(BV$2),1),Rates_current!$H$6:$P$41,7,FALSE),VLOOKUP(DATE(YEAR(BV$2),MONTH(BV$2),1),Rates_current!$H$6:$P$41,8,FALSE)) -> 59.06
B6: previous Demand | C6: =IF(C$3="HLH",VLOOKUP(DATE(YEAR(C$2)-2,MONTH(C$2),1),Rates_previous!$G$6:$O$29,3,FALSE),0) -> 10.37 | D6: =IF(D$3="HLH",VLOOKUP(DATE(YEAR(D$2)-2,MONTH(D$2),1),Rates_previous!$G$6:$O$29,3,FALSE),0) -> 0 | E6: =IF(E$3="HLH",VLOOKUP(DATE(YEAR(E$2)-2,MONTH(E$2),1),Rates_previous!$G$6:$O$29,3,FALSE),0) -> 8.75 | F6: =IF(F$3="HLH",VLOOKUP(DATE(YEAR(F$2)-2,MONTH(F$2),1),Rates_previous!$G$6:$O$29,3,FALSE),0) -> 0 | G6: =IF(G$3="HLH",VLOOKUP(DATE(YEAR(G$2)-2,MONTH(G$2),1),Rates_previous!$G$6:$O$29,3,FALSE),0) -> 13.39 | H6: =IF(H$3="HLH",VLOOKUP(DATE(YEAR(H$2)-2,MONTH(H$2),1),Rates_previous!$G$6:$O$29,3,FALSE),0) -> 0 | I6: =IF(I$3="HLH",VLOOKUP(DATE(YEAR(I$2)-2,MONTH(I$2),1),Rates_previous!$G$6:$O$29,3,FALSE),0) -> 10.84 | J6: =IF(J$3="HLH",VLOOKUP(DATE(YEAR(J$2)-2,MONTH(J$2),1),Rates_previous!$G$6:$O$29,3,FALSE),0) -> 0 | ... AX6: =IF(AX$3="HLH",VLOOKUP(DATE(YEAR(AX$2)-2,MONTH(AX$2),1),Rates_previous!$G$6:$O$29,3,FALSE),0) -> 0 | AY6: =+AVERAGE(AA6,C6) -> 10.37 | AZ6: =+AVERAGE(AB6,D6) -> 0 | BA6: =+AVERAGE(AC6,E6) -> 8.75 | BB6: =+AVERAGE(AD6,F6) -> 0 | BC6: =+AVERAGE(AE6,G6) -> 13.39 | BD6: =+AVERAGE(AF6,H6) -> 0 | BE6: =+AVERAGE(AG6,I6) -> 10.84 | BF6: =+AVERAGE(AH6,J6) -> 0 | ... BV6: =+AVERAGE(AX6,Z6) -> 0
B7: current Demand | C7: =IF(C$3="HLH",VLOOKUP(DATE(YEAR(C$2),MONTH(C$2),1),Rates_current!$H$6:$P$41,3,FALSE),0) -> 13.81 | D7: =IF(D$3="HLH",VLOOKUP(DATE(YEAR(D$2),MONTH(D$2),1),Rates_current!$H$6:$P$41,3,FALSE),0) -> 0 | E7: =IF(E$3="HLH",VLOOKUP(DATE(YEAR(E$2),MONTH(E$2),1),Rates_current!$H$6:$P$41,3,FALSE),0) -> 10.78 | F7: =IF(F$3="HLH",VLOOKUP(DATE(YEAR(F$2),MONTH(F$2),1),Rates_current!$H$6:$P$41,3,FALSE),0) -> 0 | G7: =IF(G$3="HLH",VLOOKUP(DATE(YEAR(G$2),MONTH(G$2),1),Rates_current!$H$6:$P$41,3,FALSE),0) -> 12.99 | H7: =IF(H$3="HLH",VLOOKUP(DATE(YEAR(H$2),MONTH(H$2),1),Rates_current!$H$6:$P$41,3,FALSE),0) -> 0 | I7: =IF(I$3="HLH",VLOOKUP(DATE(YEAR(I$2),MONTH(I$2),1),Rates_current!$H$6:$P$41,3,FALSE),0) -> 11.88 | J7: =IF(J$3="HLH",VLOOKUP(DATE(YEAR(J$2),MONTH(J$2),1),Rates_current!$H$6:$P$41,3,FALSE),0) -> 0 | ... BV7: =IF(BV$3="HLH",VLOOKUP(DATE(YEAR(BV$2),MONTH(BV$2),1),Rates_current!$H$6:$P$41,3,FALSE),0) -> 0
C9: =INDEX($C$2:$BV$2,1,C12) -> 45931 | D9: =INDEX($C$2:$BV$2,1,D12) -> 45962 | E9: =INDEX($C$2:$BV$2,1,E12) -> 45992 | F9: =INDEX($C$2:$BV$2,1,F12) -> 46023 | G9: =INDEX($C$2:$BV$2,1,G12) -> 46054 | H9: =INDEX($C$2:$BV$2,1,H12) -> 46082 | I9: =INDEX($C$2:$BV$2,1,I12) -> 46113 | J9: =INDEX($C$2:$BV$2,1,J12) -> 46143 | ... AL9: =INDEX($C$2:$BV$2,1,AL12) -> 46997
B10: previous Demand | C10: =INDEX($C$6:$BV$6,1,C12) -> 10.37 | D10: =INDEX($C$6:$BV$6,1,D12) -> 8.75 | E10: =INDEX($C$6:$BV$6,1,E12) -> 13.39 | F10: =INDEX($C$6:$BV$6,1,F12) -> 10.84 | G10: =INDEX($C$6:$BV$6,1,G12) -> 10.93 | H10: =INDEX($C$6:$BV$6,1,H12) -> 7.62 | I10: =INDEX($C$6:$BV$6,1,I12) -> 4.43 | J10: =INDEX($C$6:$BV$6,1,J12) -> 3.95 | ... AL10: =INDEX($C$6:$BV$6,1,AL12) -> 12.75
B11: current Demand | C11: =INDEX($C$7:$BV$7,1,C12) -> 13.81 | D11: =INDEX($C$7:$BV$7,1,D12) -> 10.78 | E11: =INDEX($C$7:$BV$7,1,E12) -> 12.99 | F11: =INDEX($C$7:$BV$7,1,F12) -> 11.88 | G11: =INDEX($C$7:$BV$7,1,G12) -> 12.39 | H11: =INDEX($C$7:$BV$7,1,H12) -> 7.97 | I11: =INDEX($C$7:$BV$7,1,I12) -> 6.09 | J11: =INDEX($C$7:$BV$7,1,J12) -> 2.35 | ... AL11: =INDEX($C$7:$BV$7,1,AL12) -> 16.51
C12: 1 | D12: 3 | E12: =D12+2 -> 5 | F12: =E12+2 -> 7 | G12: =F12+2 -> 9 | H12: =G12+2 -> 11 | I12: =H12+2 -> 13 | J12: =I12+2 -> 15 | K12: =J12+2 -> 17 | L12: =K12+2 -> 19 | ... AL12: =AK12+2 -> 71

Sheet Staging Table
A1: Staging Table | E1: Previous Year: | F1: =Init!R3 -> 2024 | BR1: Current Year: | BS1: =Init!R6 -> 2026
E2: Hours | F2: =VLOOKUP(F1,Init!K4:$M$40,3) -> 8784 | BR2: Hours | BS2: =VLOOKUP(BS1,Init!K4:$M$40,3) -> 8760
E3: TOCA | L3: Load Shaping MWh (If Slice/Block Customer then Load Shaping Billing Determinant is the average of the Monthly/Diurnal amounts in both years of the Rate Period) | AJ3: Demand MW | AV3: System Shaped Load | BH3: Tier 2 Load Shaping | BI3: Load Shaping True Up | BR3: TOCA | BY3: Load Shaping MWh (If Slice/Block Customer then Load Shaping Billing Determinant is the average of the Monthly/Diurnal amounts in both years of the Rate Period) | CW3: Demand MW | DI3: System Shaped Load | DU3: Tier 2 Load Shaping | DV3: Load Shaping True Up
A4: BESID | B4: Preference Customer | C4: JOE | D4: Slice/Block or Block | E4: =CONCATENATE("TOCA ", $F$1) -> TOCA 2024 | F4: =CONCATENATE("Non-slice TOCA ", $F$1) -> Non-slice TOCA 2024 | G4: =CONCATENATE("Slice % ", $F$1) -> Slice % 2024 | H4: =CONCATENATE("Applicable LDD ", $F$1) -> Applicable LDD 2024 | I4: PNGC LDD | J4: PNGC TOCA | K4: =CONCATENATE("IRD ", F1) -> IRD 2024 | L4: =DATE($F$1-1, 10, 1) -> 45200 | M4: =L4 -> 45200 | N4: =DATE($F$1-1, 11, 1) -> 45231 | O4: =N4 -> 45231 | P4: =DATE($F$1-1, 12, 1) -> 45261 | Q4: =P4 -> 45261 | R4: =DATE($F$1, 1, 1) -> 45292 | S4: =R4 -> 45292 | T4: =DATE($F$1, 2, 1) -> 45323 | U4: =T4 -> 45323 | V4: =DATE($F$1, 3, 1) -> 45352 | W4: =V4 -> 45352 | X4: =DATE($F$1, 4, 1) -> 45383 | Y4: =X4 -> 45383 | Z4: =DATE($F$1, 5, 1) -> 45413 | AA4: =Z4 -> 45413 | AB4: =DATE($F$1, 6, 1) -> 45444 | AC4: =AB4 -> 45444 | AD4: =DATE($F$1, 7, 1) -> 45474 | AE4: =AD4 -> 45474 | AF4: =DATE($F$1, 8, 1) -> 45505 | AG4: =AF4 -> 45505 | AH4: =DATE($F$1, 9, 1) -> 45536 | AI4: =AH4 -> 45536 | AJ4: =L4 -> 45200 | AK4: =N4 -> 45231 | AL4: =P4 -> 45261 | AM4: =R4 -> 45292 | AN4: =T4 -> 45323 | AO4: =V4 -> 45352 | AP4: =X4 -> 45383 | AQ4: =Z4 -> 45413 | AR4: =AB4 -> 45444 | AS4: =AD4 -> 45474 | AT4: =AF4 -> 45505 | AU4: =AH4 -> 45536 | AV4: =AJ4 -> 45200 | AW4: =AK4 -> 45231 | AX4: =AL4 -> 45261 | AY4: =AM4 -> 45292 | AZ4: =AN4 -> 45323 | BA4: =AO4 -> 45352 | BB4: =AP4 -> 45383 | BC4: =AQ4 -> 45413 | ... BG4: =AU4 -> 45536 | BH4: =CONCATENATE("T2 LS ", $F$1) -> T2 LS 2024 | BI4: ="TOCA Load "&$F$1 -> TOCA Load 2024 | BJ4: ="Annual T1 Load "&$F$1 -> Annual T1 Load 2024 | BK4: ="Above RHWM Not Served with LS"&$F$1 -> Above RHWM Not Served with LS2024 | BL4: =CONCATENATE("Annual Deviation ", $F$1) -> Annual Deviation 2024 | BM4: =CONCATENATE("Above Forecast ", $F$1) -> Above Forecast 2024 | BN4: LSTU Credit | BO4: LSTU Charge | BP4: Special Implimentation Provision | BQ4: =CONCATENATE("LSTU ", $F$1) -> LSTU 2024 | BR4: =CONCATENATE("TOCA ", $BS$1) -> TOCA 2026 | BS4: =CONCATENATE("Non-slice TOCA ", $BS$1) -> Non-slice TOCA 2026 | BT4: =CONCATENATE("Slice % ", $BS$1) -> Slice % 2026 | BU4: =CONCATENATE("Applicable LDD ", $BS$1) -> Applicable LDD 2026 | BV4: PNGC LDD | BW4: PNGC TOCA | BX4: =CONCATENATE("IRD ", BS1) -> IRD 2026 | BY4: =DATE($BS$1-1, 10, 1) -> 45931 | BZ4: =BY4 -> 45931 | CA4: =DATE($BS$1-1, 11, 1) -> 45962 | CB4: =CA4 -> 45962 | CC4: =DATE($BS$1-1, 12, 1) -> 45992 | CD4: =CC4 -> 45992 | CE4: =DATE($BS$1, 1, 1) -> 46023 | CF4: =CE4 -> 46023 | CG4: =DATE($BS$1, 2, 1) -> 46054 | CH4: =CG4 -> 46054 | CI4: =DATE($BS$1, 3, 1) -> 46082 | CJ4: =CI4 -> 46082 | CK4: =DATE($BS$1, 4, 1) -> 46113 | CL4: =CK4 -> 46113 | CM4: =DATE($BS$1, 5, 1) -> 46143 | CN4: =CM4 -> 46143 | CO4: =DATE($BS$1, 6, 1) -> 46174 | CP4: =CO4 -> 46174 | CQ4: =DATE($BS$1, 7, 1) -> 46204 | CR4: =CQ4 -> 46204 | CS4: =DATE($BS$1, 8, 1) -> 46235 | CT4: =CS4 -> 46235 | CU4: =DATE($BS$1, 9, 1) -> 46266 | CV4: =CU4 -> 46266 | CW4: =BY4 -> 45931 | CX4: =CA4 -> 45962 | CY4: =CC4 -> 45992 | CZ4: =CE4 -> 46023 | DA4: =CG4 -> 46054 | DB4: =CI4 -> 46082 | DC4: =CK4 -> 46113 | DD4: =CM4 -> 46143 | DE4: =CO4 -> 46174 | DF4: =CQ4 -> 46204 | DG4: =CS4 -> 46235 | DH4: =CU4 -> 46266 | DI4: =CW4 -> 45931 | DJ4: =CX4 -> 45962 | DK4: =CY4 -> 45992 | DL4: =CZ4 -> 46023 | DM4: =DA4 -> 46054 | DN4: =DB4 -> 46082 | DO4: =DC4 -> 46113 | DP4: =DD4 -> 46143 | ... DT4: =DH4 -> 46266 | DU4: =CONCATENATE("T2 LS ", $BS$1) -> T2 LS 2026 | DV4: ="TOCA Load "&$BS$1 -> TOCA Load 2026 | DW4: ="Annual T1 Load "&$BS$1 -> Annual T1 Load 2026 | DX4: ="Above RHWM Not Served with Load Shaping"&$BS$1 -> Above RHWM Not Served with Load Shaping2026 | DY4: =CONCATENATE("Annual Deviation ", $BS$1) -> Annual Deviation 2026 | DZ4: =CONCATENATE("Above Forecast ", $BS$1) -> Above Forecast 2026 | EA4: LSTU Credit | EB4: LSTU Charge | EC4: Special Implimentation Provision | ED4: =CONCATENATE("LSTU ", $BS$1) -> LSTU 2026
K5: MWh | L5: HLH | M5: LLH | N5: HLH | O5: LLH | P5: HLH | Q5: LLH | R5: HLH | S5: LLH | T5: HLH | U5: LLH | V5: HLH | W5: LLH | X5: HLH | Y5: LLH | Z5: HLH | AA5: LLH | AB5: HLH | AC5: LLH | AD5: HLH | AE5: LLH | AF5: HLH | AG5: LLH | AH5: HLH | AI5: LLH | AJ5: HLH | AK5: HLH | AL5: HLH | AM5: HLH | AN5: HLH | AO5: HLH | AP5: HLH | AQ5: HLH | AR5: HLH | AS5: HLH | AT5: HLH | AU5: HLH | AV5: Total | AW5: Total | AX5: Total | AY5: Total | AZ5: Total | BA5: Total | BB5: Total | BC5: Total | BD5: Total | BE5: Total | BF5: Total | BG5: Total | BH5: MWh | BI5: MWh | BJ5: MWh | BK5: MWh | BL5: MWh | BM5: MWh | BN5: MWh | BO5: MWh | BP5: MWh | BQ5: MWh | BX5: MWh | BY5: HLH | BZ5: LLH | CA5: HLH | CB5: LLH | CC5: HLH | CD5: LLH | CE5: HLH | CF5: LLH | CG5: HLH | CH5: LLH | CI5: HLH | CJ5: LLH | CK5: HLH | CL5: LLH | CM5: HLH | CN5: LLH | CO5: HLH | CP5: LLH | CQ5: HLH | CR5: LLH | CS5: HLH | CT5: LLH | CU5: HLH | CV5: LLH | CW5: HLH | CX5: HLH | CY5: HLH | CZ5: HLH | DA5: HLH | DB5: HLH | DC5: HLH | DD5: HLH | DE5: HLH | DF5: HLH | DG5: HLH | DH5: HLH | DI5: Total | DJ5: Total | DK5: Total | DL5: Total | DM5: Total | DN5: Total | DO5: Total | DP5: Total | DQ5: Total | DR5: Total | DS5: Total | DT5: Total | DU5: MWh | DV5: MWh | DW5: MWh | DX5: MWh | DY5: MWh | DZ5: MWh | EA5: MWh | EB5: MWh | EC5: MWh | ED5: MWh
A6: 10015 | B6: Asotin County PUD #1 | C6: =VLOOKUP(A6, TOCA_current!$A$3:$D$136, 4, FALSE) -> 0 | D6: 0 | E6: =VLOOKUP($A6,TOCA_previous!$A$2:$AJ$136,MATCH(E$4,TOCA_previous!$A$2:$AJ$2,0),FALSE) -> 8.3e-05 | F6: =VLOOKUP($A6,TOCA_previous!$A$2:$AJ$136,MATCH(F$4,TOCA_previous!$A$2:$AJ$2,0),FALSE) -> 8.3e-05 | G6: =E6-F6 -> 0 | H6: =VLOOKUP($A6,TOCA_previous!$A$2:$AJ$136,MATCH(H$4,TOCA_previous!$A$2:$AJ$2,0),FALSE) -> 0 | I6: =IF(C6=0,0,H6) -> 0 | J6: =IF(C6=0,0,E6) -> 0 | K6: =VLOOKUP(A6, IRD!$A$5:$C$138, 3, FALSE) -> 0 | L6: {=IF($G6=0, INDEX(LS_previous!$D$4:$AY$137, MATCH('Staging Table'!$A6, LS_previous!$B$4:$B$137, 0), MATCH(L$4&L$5, LS_previous!$D$2:$AY$2&LS_previous!$D$3:$AY$3, 0)),SUM(VLOOKUP($A6, LS_previous!$B$4:$AY$137, LS_previous!D$148, FALSE), VLOOKUP('Staging Table'!$A6, LS_previous!$B$4:$AY$137,LS_previous!AB$148, FALSE))/2)} -> 20.352145 | M6: {=IF($G6=0, INDEX(LS_previous!$D$4:$AY$137, MATCH('Staging Table'!$A6, LS_previous!$B$4:$B$137, 0), MATCH(M$4&M$5, LS_previous!$D$2:$AY$2&LS_previous!$D$3:$AY$3, 0)),SUM(VLOOKUP($A6, LS_previous!$B$4:$AY$137, LS_previous!E$148, FALSE), VLOOKUP('Staging Table'!$A6, LS_previous!$B$4:$AY$137,LS_previous!AC$148, FALSE))/2)} -> 52.848143 | N6: {=IF($G6=0, INDEX(LS_previous!$D$4:$AY$137, MATCH('Staging Table'!$A6, LS_previous!$B$4:$B$137, 0), MATCH(N$4&N$5, LS_previous!$D$2:$AY$2&LS_previous!$D$3:$AY$3, 0)),SUM(VLOOKUP($A6, LS_previous!$B$4:$AY$137, LS_previous!F$148, FALSE), VLOOKUP('Staging Table'!$A6, LS_previous!$B$4:$AY$137,LS_previous!AD$148, FALSE))/2)} -> -101.53345 | O6: {=IF($G6=0, INDEX(LS_previous!$D$4:$AY$137, MATCH('Staging Table'!$A6, LS_previous!$B$4:$B$137, 0), MATCH(O$4&O$5, LS_previous!$D$2:$AY$2&LS_previous!$D$3:$AY$3, 0)),SUM(VLOOKUP($A6, LS_previous!$B$4:$AY$137, LS_previous!G$148, FALSE), VLOOKUP('Staging Table'!$A6, LS_previous!$B$4:$AY$137,LS_previous!AE$148, FALSE))/2)} -> -51.745926 | P6: {=IF($G6=0, INDEX(LS_previous!$D$4:$AY$137, MATCH('Staging Table'!$A6, LS_previous!$B$4:$B$137, 0), MATCH(P$4&P$5, LS_previous!$D$2:$AY$2&LS_previous!$D$3:$AY$3, 0)),SUM(VLOOKUP($A6, LS_previous!$B$4:$AY$137, LS_previous!H$148, FALSE), VLOOKUP('Staging Table'!$A6, LS_previous!$B$4:$AY$137,LS_previous!AF$148, FALSE))/2)} -> -120.25532 | Q6: {=IF($G6=0, INDEX(LS_previous!$D$4:$AY$137, MATCH('Staging Table'!$A6, LS_previous!$B$4:$B$137, 0), MATCH(Q$4&Q$5, LS_previous!$D$2:$AY$2&LS_previous!$D$3:$AY$3, 0)),SUM(VLOOKUP($A6, LS_previous!$B$4:$AY$137, LS_previous!I$148, FALSE), VLOOKUP('Staging Table'!$A6, LS_previous!$B$4:$AY$137,LS_previous!AG$148, FALSE))/2)} -> -56.713477 | R6: {=IF($G6=0, INDEX(LS_previous!$D$4:$AY$137, MATCH('Staging Table'!$A6, LS_previous!$B$4:$B$137, 0), MATCH(R$4&R$5, LS_previous!$D$2:$AY$2&LS_previous!$D$3:$AY$3, 0)),SUM(VLOOKUP($A6, LS_previous!$B$4:$AY$137, LS_previous!J$148, FALSE), VLOOKUP('Staging Table'!$A6, LS_previous!$B$4:$AY$137,LS_previous!AH$148, FALSE))/2)} -> -118.60241 | S6: {=IF($G6=0, INDEX(LS_previous!$D$4:$AY$137, MATCH('Staging Table'!$A6, LS_previous!$B$4:$B$137, 0), MATCH(S$4&S$5, LS_previous!$D$2:$AY$2&LS_previous!$D$3:$AY$3, 0)),SUM(VLOOKUP($A6, LS_previous!$B$4:$AY$137, LS_previous!K$148, FALSE), VLOOKUP('Staging Table'!$A6, LS_previous!$B$4:$AY$137,LS_previous!AI$148, FALSE))/2)} -> -72.751456 | ... AI6: {=IF($G6=0, INDEX(LS_previous!$D$4:$AY$137, MATCH('Staging Table'!$A6, LS_previous!$B$4:$B$137, 0), MATCH(AI$4&AI$5, LS_previous!$D$2:$AY$2&LS_previous!$D$3:$AY$3, 0)),SUM(VLOOKUP($A6, LS_previous!$B$4:$AY$137, LS_previous!AA$148, FALSE), VLOOKUP('Staging Table'!$A6, LS_previous!$B$4:$AY$137,LS_previous!AY$148, FALSE))/2)} -> 224.89636 | AJ6: {=INDEX(Demand_previous!$D$4:$AY$137, MATCH('Staging Table'!$A6, Demand_previous!$B$4:$B$137, 0), MATCH(AJ$4&AJ$5,Demand_previous!$D$2:$AY$2&Demand_previous!$D$3:$AY$3, 0))/1000} -> 0.2798149 | AK6: {=INDEX(Demand_previous!$D$4:$AY$137, MATCH('Staging Table'!$A6, Demand_previous!$B$4:$B$137, 0), MATCH(AK$4&AK$5,Demand_previous!$D$2:$AY$2&Demand_previous!$D$3:$AY$3, 0))/1000} -> 0 | AL6: {=INDEX(Demand_previous!$D$4:$AY$137, MATCH('Staging Table'!$A6, Demand_previous!$B$4:$B$137, 0), MATCH(AL$4&AL$5,Demand_previous!$D$2:$AY$2&Demand_previous!$D$3:$AY$3, 0))/1000} -> 0.0131375 | AM6: {=INDEX(Demand_previous!$D$4:$AY$137, MATCH('Staging Table'!$A6, Demand_previous!$B$4:$B$137, 0), MATCH(AM$4&AM$5,Demand_previous!$D$2:$AY$2&Demand_previous!$D$3:$AY$3, 0))/1000} -> 0.11275962 | AN6: {=INDEX(Demand_previous!$D$4:$AY$137, MATCH('Staging Table'!$A6, Demand_previous!$B$4:$B$137, 0), MATCH(AN$4&AN$5,Demand_previous!$D$2:$AY$2&Demand_previous!$D$3:$AY$3, 0))/1000} -> 0.24074 | AO6: {=INDEX(Demand_previous!$D$4:$AY$137, MATCH('Staging Table'!$A6, Demand_previous!$B$4:$B$137, 0), MATCH(AO$4&AO$5,Demand_previous!$D$2:$AY$2&Demand_previous!$D$3:$AY$3, 0))/1000} -> 0.1730625 | AP6: {=INDEX(Demand_previous!$D$4:$AY$137, MATCH('Staging Table'!$A6, Demand_previous!$B$4:$B$137, 0), MATCH(AP$4&AP$5,Demand_previous!$D$2:$AY$2&Demand_previous!$D$3:$AY$3, 0))/1000} -> 0.53186058 | AQ6: {=INDEX(Demand_previous!$D$4:$AY$137, MATCH('Staging Table'!$A6, Demand_previous!$B$4:$B$137, 0), MATCH(AQ$4&AQ$5,Demand_previous!$D$2:$AY$2&Demand_previous!$D$3:$AY$3, 0))/1000} -> 0.47712981 | ... AU6: {=INDEX(Demand_previous!$D$4:$AY$137, MATCH('Staging Table'!$A6, Demand_previous!$B$4:$B$137, 0), MATCH(AU$4&AU$5,Demand_previous!$D$2:$AY$2&Demand_previous!$D$3:$AY$3, 0))/1000} -> 0.49063021 | AV6: =$F6*(VLOOKUP(AV$4, Rates_previous!$G$6:$Q$29, 10, FALSE)+VLOOKUP(AV$4, Rates_previous!$G$6:$Q$29, 11, FALSE)) -> 350.16071 | AW6: =$F6*(VLOOKUP(AW$4, Rates_previous!$G$6:$Q$29, 10, FALSE)+VLOOKUP(AW$4, Rates_previous!$G$6:$Q$29, 11, FALSE)) -> 446.57037 | AX6: =$F6*(VLOOKUP(AX$4, Rates_previous!$G$6:$Q$29, 10, FALSE)+VLOOKUP(AX$4, Rates_previous!$G$6:$Q$29, 11, FALSE)) -> 481.93779 | AY6: =$F6*(VLOOKUP(AY$4, Rates_previous!$G$6:$Q$29, 10, FALSE)+VLOOKUP(AY$4, Rates_previous!$G$6:$Q$29, 11, FALSE)) -> 500.80787 | AZ6: =$F6*(VLOOKUP(AZ$4, Rates_previous!$G$6:$Q$29, 10, FALSE)+VLOOKUP(AZ$4, Rates_previous!$G$6:$Q$29, 11, FALSE)) -> 430.76152 | BA6: =$F6*(VLOOKUP(BA$4, Rates_previous!$G$6:$Q$29, 10, FALSE)+VLOOKUP(BA$4, Rates_previous!$G$6:$Q$29, 11, FALSE)) -> 470.30629 | BB6: =$F6*(VLOOKUP(BB$4, Rates_previous!$G$6:$Q$29, 10, FALSE)+VLOOKUP(BB$4, Rates_previous!$G$6:$Q$29, 11, FALSE)) -> 371.22756 | BC6: =$F6*(VLOOKUP(BC$4, Rates_previous!$G$6:$Q$29, 10, FALSE)+VLOOKUP(BC$4, Rates_previous!$G$6:$Q$29, 11, FALSE)) -> 460.55754 | ... BG6: =$F6*(VLOOKUP(BG$4, Rates_previous!$G$6:$Q$29, 10, FALSE)+VLOOKUP(BG$4, Rates_previous!$G$6:$Q$29, 11, FALSE)) -> 363.39951 | BH6: =IF($D6=0,IF(C6=0, MAX(BJ6 - (VLOOKUP($A6,TOCA_previous!$A$2:$AJ$136,MATCH("RHWM "&Init!$D$1-2,TOCA_previous!$A$2:$AJ$2,0),FALSE)*$F$2*TOCA_previous!C3),0),0), 0) -> 1637.389 | BI6: =MIN(VLOOKUP($A6,TOCA_previous!$A$2:$AJ$136,MATCH("TRL - NLSL - Existing Resource "&$F$1,TOCA_previous!$A$2:$AJ$2,0),FALSE)*$F$2,(VLOOKUP($A6,TOCA_previous!$A$2:$AJ$136,MATCH("RHWM "&Init!$D$1-2,TOCA_previous!$A$2:$AJ$2,0),FALSE)*$F$2)) -> 5033.232 | BJ6: =SUM(L6:AI6)+(F6*RT1SC!$C$3*$F$2) -> 6670.621 | BK6: =VLOOKUP($A6,TOCA_previous!$A$2:$AJ$136,MATCH("Above RHWM Not Served with LS "&$F$1,TOCA_previous!$A$2:$AJ$2,0),FALSE)*$F$2 -> 0 | BL6: =BJ6-BI6 -> 1637.389 | BM6: =(VLOOKUP($A6,TOCA_previous!$A$2:$AJ$136,MATCH("RHWM "&Init!$D$1-2,TOCA_previous!$A$2:$AJ$2,0),FALSE)*$F$2) - $BI6 -> 0 | BN6: =IF(BL6>0,IF(BM6>0,(-1)*MIN(BL6,BM6),0),0) -> 0 | BO6: =IF(BL6<0,IF(BK6<ABS(BL6),MAX(0,ABS($BL6)-(BK6)),0),0) -> 0 | BP6: =IF(AND(BK6>0,BM6>0),IF(AND(BL6<=0,ABS(BL6)<BK6),(-1)*MIN(BK6,BK6-ABS(BL6),BM6),IF(AND(BL6>0,BL6<BM6),(-1)*MIN(BK6,BM6-BL6),0)),0) -> 0 | BQ6: =IF($D6=0,SUM($BN6:$BP6),0) -> 0 | BR6: =VLOOKUP($A6,TOCA_current!$A$2:$ZZ$136,MATCH(BR$4,TOCA_current!$A$2:$ZZ$2,0),FALSE) -> 8.12e-05 | BS6: =VLOOKUP($A6,TOCA_current!$A$2:$ZZ$136,MATCH(BS$4,TOCA_current!$A$2:$ZZ$2,0),FALSE) -> 8.12e-05 | BT6: =BR6-BS6 -> 0 | BU6: =VLOOKUP($A6,TOCA_current!A3:BG137,MATCH(BU$4,TOCA_current!$A$2:$BG$2,0),FALSE) -> 0 | BV6: =IF(C6=0,0,BU6) -> 0 | BW6: =IF(C6=0,0,BR6) -> 0 | BX6: =VLOOKUP($A6,IRD!$A$4:$G$138, 7, FALSE) -> 0 | BY6: {=IF($BT6=0, INDEX(LS_current!$D$4:$BW$137, MATCH('Staging Table'!$A6, LS_current!$B$4:$B$137, 0), MATCH(BY$4&BY$5, LS_current!$D$2:$BW$2&LS_current!$D$3:$BW$3, 0)),SUM(VLOOKUP($A6, LS_current!$B$4:$BW$137, LS_current!D$147, FALSE), VLOOKUP($A6, LS_current!$B$4:$BW$137,LS_current!AZ$147, FALSE))/2)} -> 22.21833 | BZ6: {=IF($BT6=0, INDEX(LS_current!$D$4:$BW$137, MATCH('Staging Table'!$A6, LS_current!$B$4:$B$137, 0), MATCH(BZ$4&BZ$5, LS_current!$D$2:$BW$2&LS_current!$D$3:$BW$3, 0)),SUM(VLOOKUP($A6, LS_current!$B$4:$BW$137, LS_current!E$147, FALSE), VLOOKUP($A6, LS_current!$B$4:$BW$137,LS_current!BA$147, FALSE))/2)} -> 64.139316 | CA6: {=IF($BT6=0, INDEX(LS_current!$D$4:$BW$137, MATCH('Staging Table'!$A6, LS_current!$B$4:$B$137, 0), MATCH(CA$4&CA$5, LS_current!$D$2:$BW$2&LS_current!$D$3:$BW$3, 0)),SUM(VLOOKUP($A6, LS_current!$B$4:$BW$137, LS_current!F$147, FALSE), VLOOKUP($A6, LS_current!$B$4:$BW$137,LS_current!BB$147, FALSE))/2)} -> -90.875655 | CB6: {=IF($BT6=0, INDEX(LS_current!$D$4:$BW$137, MATCH('Staging Table'!$A6, LS_current!$B$4:$B$137, 0), MATCH(CB$4&CB$5, LS_current!$D$2:$BW$2&LS_current!$D$3:$BW$3, 0)),SUM(VLOOKUP($A6, LS_current!$B$4:$BW$137, LS_current!G$147, FALSE), VLOOKUP($A6, LS_current!$B$4:$BW$137,LS_current!BC$147, FALSE))/2)} -> -46.681041 | CC6: {=IF($BT6=0, INDEX(LS_current!$D$4:$BW$137, MATCH('Staging Table'!$A6, LS_current!$B$4:$B$137, 0), MATCH(CC$4&CC$5, LS_current!$D$2:$BW$2&LS_current!$D$3:$BW$3, 0)),SUM(VLOOKUP($A6, LS_current!$B$4:$BW$137, LS_current!H$147, FALSE), VLOOKUP($A6, LS_current!$B$4:$BW$137,LS_current!BD$147, FALSE))/2)} -> -142.04716 | CD6: {=IF($BT6=0, INDEX(LS_current!$D$4:$BW$137, MATCH('Staging Table'!$A6, LS_current!$B$4:$B$137, 0), MATCH(CD$4&CD$5, LS_current!$D$2:$BW$2&LS_current!$D$3:$BW$3, 0)),SUM(VLOOKUP($A6, LS_current!$B$4:$BW$137, LS_current!I$147, FALSE), VLOOKUP($A6, LS_current!$B$4:$BW$137,LS_current!BE$147, FALSE))/2)} -> -42.821636 | CE6: {=IF($BT6=0, INDEX(LS_current!$D$4:$BW$137, MATCH('Staging Table'!$A6, LS_current!$B$4:$B$137, 0), MATCH(CE$4&CE$5, LS_current!$D$2:$BW$2&LS_current!$D$3:$BW$3, 0)),SUM(VLOOKUP($A6, LS_current!$B$4:$BW$137, LS_current!J$147, FALSE), VLOOKUP($A6, LS_current!$B$4:$BW$137,LS_current!BF$147, FALSE))/2)} -> -134.29404 | CF6: {=IF($BT6=0, INDEX(LS_current!$D$4:$BW$137, MATCH('Staging Table'!$A6, LS_current!$B$4:$B$137, 0), MATCH(CF$4&CF$5, LS_current!$D$2:$BW$2&LS_current!$D$3:$BW$3, 0)),SUM(VLOOKUP($A6, LS_current!$B$4:$BW$137, LS_current!K$147, FALSE), VLOOKUP($A6, LS_current!$B$4:$BW$137,LS_current!BG$147, FALSE))/2)} -> -73.069069 | ... CV6: {=IF($BT6=0, INDEX(LS_current!$D$4:$BW$137, MATCH('Staging Table'!$A6, LS_current!$B$4:$B$137, 0), MATCH(CV$4&CV$5, LS_current!$D$2:$BW$2&LS_current!$D$3:$BW$3, 0)),SUM(VLOOKUP($A6, LS_current!$B$4:$BW$137, LS_current!AA$147, FALSE), VLOOKUP($A6, LS_current!$B$4:$BW$137,LS_current!BW$147, FALSE))/2)} -> 247.7654 | CW6: {=INDEX(Demand_current!$D$4:$BW$137, MATCH($A6, Demand_current!$B$4:$B$137, 0), MATCH(CW$4&CW$5,Demand_current!$D$2:$BW$2&Demand_current!$D$3:$BW$3, 0))/1000} -> 0.30048843 | CX6: {=INDEX(Demand_current!$D$4:$BW$137, MATCH($A6, Demand_current!$B$4:$B$137, 0), MATCH(CX$4&CX$5,Demand_current!$D$2:$BW$2&Demand_current!$D$3:$BW$3, 0))/1000} -> 0 | CY6: {=INDEX(Demand_current!$D$4:$BW$137, MATCH($A6, Demand_current!$B$4:$B$137, 0), MATCH(CY$4&CY$5,Demand_current!$D$2:$BW$2&Demand_current!$D$3:$BW$3, 0))/1000} -> 0.029670673 | CZ6: {=INDEX(Demand_current!$D$4:$BW$137, MATCH($A6, Demand_current!$B$4:$B$137, 0), MATCH(CZ$4&CZ$5,Demand_current!$D$2:$BW$2&Demand_current!$D$3:$BW$3, 0))/1000} -> 0.11275962 | DA6: {=INDEX(Demand_current!$D$4:$BW$137, MATCH($A6, Demand_current!$B$4:$B$137, 0), MATCH(DA$4&DA$5,Demand_current!$D$2:$BW$2&Demand_current!$D$3:$BW$3, 0))/1000} -> 0.22472917 | DB6: {=INDEX(Demand_current!$D$4:$BW$137, MATCH($A6, Demand_current!$B$4:$B$137, 0), MATCH(DB$4&DB$5,Demand_current!$D$2:$BW$2&Demand_current!$D$3:$BW$3, 0))/1000} -> 0.1730625 | DC6: {=INDEX(Demand_current!$D$4:$BW$137, MATCH($A6, Demand_current!$B$4:$B$137, 0), MATCH(DC$4&DC$5,Demand_current!$D$2:$BW$2&Demand_current!$D$3:$BW$3, 0))/1000} -> 0.53186058 | DD6: {=INDEX(Demand_current!$D$4:$BW$137, MATCH($A6, Demand_current!$B$4:$B$137, 0), MATCH(DD$4&DD$5,Demand_current!$D$2:$BW$2&Demand_current!$D$3:$BW$3, 0))/1000} -> 0.445335 | ... DH6: {=INDEX(Demand_current!$D$4:$BW$137, MATCH($A6, Demand_current!$B$4:$B$137, 0), MATCH(DH$4&DH$5,Demand_current!$D$2:$BW$2&Demand_current!$D$3:$BW$3, 0))/1000} -> 0.526325 | DI6: =$BS6*(VLOOKUP(DI$4, Rates_current!$H$6:$R$41, 10, FALSE)+VLOOKUP(DI$4, Rates_current!$H$6:$R$41, 11, FALSE)) -> 337.00335 | DJ6: =$BS6*(VLOOKUP(DJ$4, Rates_current!$H$6:$R$41, 10, FALSE)+VLOOKUP(DJ$4, Rates_current!$H$6:$R$41, 11, FALSE)) -> 430.8477 | DK6: =$BS6*(VLOOKUP(DK$4, Rates_current!$H$6:$R$41, 10, FALSE)+VLOOKUP(DK$4, Rates_current!$H$6:$R$41, 11, FALSE)) -> 489.8378 | DL6: =$BS6*(VLOOKUP(DL$4, Rates_current!$H$6:$R$41, 10, FALSE)+VLOOKUP(DL$4, Rates_current!$H$6:$R$41, 11, FALSE)) -> 516.81711 | DM6: =$BS6*(VLOOKUP(DM$4, Rates_current!$H$6:$R$41, 10, FALSE)+VLOOKUP(DM$4, Rates_current!$H$6:$R$41, 11, FALSE)) -> 411.85659 | DN6: =$BS6*(VLOOKUP(DN$4, Rates_current!$H$6:$R$41, 10, FALSE)+VLOOKUP(DN$4, Rates_current!$H$6:$R$41, 11, FALSE)) -> 450.24383 | DO6: =$BS6*(VLOOKUP(DO$4, Rates_current!$H$6:$R$41, 10, FALSE)+VLOOKUP(DO$4, Rates_current!$H$6:$R$41, 11, FALSE)) -> 348.9435 | DP6: =$BS6*(VLOOKUP(DP$4, Rates_current!$H$6:$R$41, 10, FALSE)+VLOOKUP(DP$4, Rates_current!$H$6:$R$41, 11, FALSE)) -> 451.59034 | ... DT6: =$BS6*(VLOOKUP(DT$4, Rates_current!$H$6:$R$41, 10, FALSE)+VLOOKUP(DT$4, Rates_current!$H$6:$R$41, 11, FALSE)) -> 327.06262 | DU6: =IF(D6=0,IF(C6=0,MAX(0,DW6 - (VLOOKUP($A6,TOCA_current!$A$2:$AV$136,MATCH("RHWM "&Init!$D$1,TOCA_current!$A$2:$AV$2,0),FALSE)*$BS$2)), 0),0) -> 1616.1013 | DV6: =MIN(VLOOKUP($A6,TOCA_current!$A$2:$AV$136,MATCH("TRL - NLSL - Existing Resource "&$BS$1,TOCA_current!$A$2:$AV$2,0),FALSE)*$BS$2, VLOOKUP($A6,TOCA_current!$A$2:$AV$136,MATCH("RHWM "&Init!$D$1,TOCA_current!$A$2:$AV$2,0),FALSE)*$BS$2) -> 5054.52 | DW6: =SUM(BY6:CV6)+(BS6*RT1SC!$C$4*$BS$2) -> 6670.6213 | DX6: =VLOOKUP($A6,TOCA_current!$A$2:$AV$136,MATCH("Above RHWM Not Served with LS "&$BS$1,TOCA_current!$A$2:$AV$2,0),FALSE)*$BS$2 -> 0 | DY6: =DW6-DV6 -> 1616.1013 | DZ6: =(VLOOKUP($A6,TOCA_current!$A$2:$AV$136,MATCH("RHWM "&Init!$D$1,TOCA_current!$A$2:$AV$2,0),FALSE)*$BS$2) - $DV6 -> 0 | EA6: =IF(DY6>0,IF(DZ6>0,(-1)*MIN(DY6,DZ6),0),0) -> 0 | EB6: =IF(DY6<0,IF(DX6<ABS(DY6),MAX(0,ABS($DY6)-(DX6)),0),0) -> 0 | EC6: =IF(AND(DX6>0,DZ6>0),IF(AND(DY6<=0,ABS(DY6)<DX6),(-1)*MIN(DX6,DX6-ABS(DY6),DZ6),IF(AND(DY6>0,DY6<DZ6),(-1)*MIN(DX6,DZ6-DY6),0)),0) -> 0 | ED6: =IF($D6=0,SUM(EA6:EC6),0) -> 0
A7: 10024 | B7: Benton County PUD #1 | C7: =VLOOKUP(A7, TOCA_current!$A$3:$D$136, 4, FALSE) -> 0 | D7: 0 | E7: =VLOOKUP($A7,TOCA_previous!$A$2:$AJ$136,MATCH(E$4,TOCA_previous!$A$2:$AJ$2,0),FALSE) -> 0.0290878 | F7: =VLOOKUP($A7,TOCA_previous!$A$2:$AJ$136,MATCH(F$4,TOCA_previous!$A$2:$AJ$2,0),FALSE) -> 0.0290878 | G7: =E7-F7 -> 0 | H7: =VLOOKUP($A7,TOCA_previous!$A$2:$AJ$136,MATCH(H$4,TOCA_previous!$A$2:$AJ$2,0),FALSE) -> 0 | I7: =IF(C7=0,0,H7) -> 0 | J7: =IF(C7=0,0,E7) -> 0 | K7: =VLOOKUP(A7, IRD!$A$5:$C$138, 3, FALSE) -> 312239.2 | L7: {=IF($G7=0, INDEX(LS_previous!$D$4:$AY$137, MATCH('Staging Table'!$A7, LS_previous!$B$4:$B$137, 0), MATCH(L$4&L$5, LS_previous!$D$2:$AY$2&LS_previous!$D$3:$AY$3, 0)),SUM(VLOOKUP($A7, LS_previous!$B$4:$AY$137, LS_previous!D$148, FALSE), VLOOKUP('Staging Table'!$A7, LS_previous!$B$4:$AY$137,LS_previous!AB$148, FALSE))/2)} -> -1348.4856 | M7: {=IF($G7=0, INDEX(LS_previous!$D$4:$AY$137, MATCH('Staging Table'!$A7, LS_previous!$B$4:$B$137, 0), MATCH(M$4&M$5, LS_previous!$D$2:$AY$2&LS_previous!$D$3:$AY$3, 0)),SUM(VLOOKUP($A7, LS_previous!$B$4:$AY$137, LS_previous!E$148, FALSE), VLOOKUP('Staging Table'!$A7, LS_previous!$B$4:$AY$137,LS_previous!AC$148, FALSE))/2)} -> -3430.2314 | N7: {=IF($G7=0, INDEX(LS_previous!$D$4:$AY$137, MATCH('Staging Table'!$A7, LS_previous!$B$4:$B$137, 0), MATCH(N$4&N$5, LS_previous!$D$2:$AY$2&LS_previous!$D$3:$AY$3, 0)),SUM(VLOOKUP($A7, LS_previous!$B$4:$AY$137, LS_previous!F$148, FALSE), VLOOKUP('Staging Table'!$A7, LS_previous!$B$4:$AY$137,LS_previous!AD$148, FALSE))/2)} -> -26827.073 | O7: {=IF($G7=0, INDEX(LS_previous!$D$4:$AY$137, MATCH('Staging Table'!$A7, LS_previous!$B$4:$B$137, 0), MATCH(O$4&O$5, LS_previous!$D$2:$AY$2&LS_previous!$D$3:$AY$3, 0)),SUM(VLOOKUP($A7, LS_previous!$B$4:$AY$137, LS_previous!G$148, FALSE), VLOOKUP('Staging Table'!$A7, LS_previous!$B$4:$AY$137,LS_previous!AE$148, FALSE))/2)} -> -12326.523 | P7: {=IF($G7=0, INDEX(LS_previous!$D$4:$AY$137, MATCH('Staging Table'!$A7, LS_previous!$B$4:$B$137, 0), MATCH(P$4&P$5, LS_previous!$D$2:$AY$2&LS_previous!$D$3:$AY$3, 0)),SUM(VLOOKUP($A7, LS_previous!$B$4:$AY$137, LS_previous!H$148, FALSE), VLOOKUP('Staging Table'!$A7, LS_previous!$B$4:$AY$137,LS_previous!AF$148, FALSE))/2)} -> -19766.262 | Q7: {=IF($G7=0, INDEX(LS_previous!$D$4:$AY$137, MATCH('Staging Table'!$A7, LS_previous!$B$4:$B$137, 0), MATCH(Q$4&Q$5, LS_previous!$D$2:$AY$2&LS_previous!$D$3:$AY$3, 0)),SUM(VLOOKUP($A7, LS_previous!$B$4:$AY$137, LS_previous!I$148, FALSE), VLOOKUP('Staging Table'!$A7, LS_previous!$B$4:$AY$137,LS_previous!AG$148, FALSE))/2)} -> -6211.9864 | R7: {=IF($G7=0, INDEX(LS_previous!$D$4:$AY$137, MATCH('Staging Table'!$A7, LS_previous!$B$4:$B$137, 0), MATCH(R$4&R$5, LS_previous!$D$2:$AY$2&LS_previous!$D$3:$AY$3, 0)),SUM(VLOOKUP($A7, LS_previous!$B$4:$AY$137, LS_previous!J$148, FALSE), VLOOKUP('Staging Table'!$A7, LS_previous!$B$4:$AY$137,LS_previous!AH$148, FALSE))/2)} -> -29412.174 | S7: {=IF($G7=0, INDEX(LS_previous!$D$4:$AY$137, MATCH('Staging Table'!$A7, LS_previous!$B$4:$B$137, 0), MATCH(S$4&S$5, LS_previous!$D$2:$AY$2&LS_previous!$D$3:$AY$3, 0)),SUM(VLOOKUP($A7, LS_previous!$B$4:$AY$137, LS_previous!K$148, FALSE), VLOOKUP('Staging Table'!$A7, LS_previous!$B$4:$AY$137,LS_previous!AI$148, FALSE))/2)} -> -9325.9914 | ... AI7: {=IF($G7=0, INDEX(LS_previous!$D$4:$AY$137, MATCH('Staging Table'!$A7, LS_previous!$B$4:$B$137, 0), MATCH(AI$4&AI$5, LS_previous!$D$2:$AY$2&LS_previous!$D$3:$AY$3, 0)),SUM(VLOOKUP($A7, LS_previous!$B$4:$AY$137, LS_previous!AA$148, FALSE), VLOOKUP('Staging Table'!$A7, LS_previous!$B$4:$AY$137,LS_previous!AY$148, FALSE))/2)} -> -283.65982 | AJ7: {=INDEX(Demand_previous!$D$4:$AY$137, MATCH('Staging Table'!$A7, Demand_previous!$B$4:$B$137, 0), MATCH(AJ$4&AJ$5,Demand_previous!$D$2:$AY$2&Demand_previous!$D$3:$AY$3, 0))/1000} -> 18.099462 | AK7: {=INDEX(Demand_previous!$D$4:$AY$137, MATCH('Staging Table'!$A7, Demand_previous!$B$4:$B$137, 0), MATCH(AK$4&AK$5,Demand_previous!$D$2:$AY$2&Demand_previous!$D$3:$AY$3, 0))/1000} -> 23.245297 | AL7: {=INDEX(Demand_previous!$D$4:$AY$137, MATCH('Staging Table'!$A7, Demand_previous!$B$4:$B$137, 0), MATCH(AL$4&AL$5,Demand_previous!$D$2:$AY$2&Demand_previous!$D$3:$AY$3, 0))/1000} -> 43.271192 | AM7: {=INDEX(Demand_previous!$D$4:$AY$137, MATCH('Staging Table'!$A7, Demand_previous!$B$4:$B$137, 0), MATCH(AM$4&AM$5,Demand_previous!$D$2:$AY$2&Demand_previous!$D$3:$AY$3, 0))/1000} -> 44.873291 | AN7: {=INDEX(Demand_previous!$D$4:$AY$137, MATCH('Staging Table'!$A7, Demand_previous!$B$4:$B$137, 0), MATCH(AN$4&AN$5,Demand_previous!$D$2:$AY$2&Demand_previous!$D$3:$AY$3, 0))/1000} -> 11.934688 | AO7: {=INDEX(Demand_previous!$D$4:$AY$137, MATCH('Staging Table'!$A7, Demand_previous!$B$4:$B$137, 0), MATCH(AO$4&AO$5,Demand_previous!$D$2:$AY$2&Demand_previous!$D$3:$AY$3, 0))/1000} -> 28.793144 | AP7: {=INDEX(Demand_previous!$D$4:$AY$137, MATCH('Staging Table'!$A7, Demand_previous!$B$4:$B$137, 0), MATCH(AP$4&AP$5,Demand_previous!$D$2:$AY$2&Demand_previous!$D$3:$AY$3, 0))/1000} -> 42.192978 | AQ7: {=INDEX(Demand_previous!$D$4:$AY$137, MATCH('Staging Table'!$A7, Demand_previous!$B$4:$B$137, 0), MATCH(AQ$4&AQ$5,Demand_previous!$D$2:$AY$2&Demand_previous!$D$3:$AY$3, 0))/1000} -> 0 | ... AU7: {=INDEX(Demand_previous!$D$4:$AY$137, MATCH('Staging Table'!$A7, Demand_previous!$B$4:$B$137, 0), MATCH(AU$4&AU$5,Demand_previous!$D$2:$AY$2&Demand_previous!$D$3:$AY$3, 0))/1000} -> 3.8360859 | AV7: =$F7*(VLOOKUP(AV$4, Rates_previous!$G$6:$Q$29, 10, FALSE)+VLOOKUP(AV$4, Rates_previous!$G$6:$Q$29, 11, FALSE)) -> 122715.72 | AW7: =$F7*(VLOOKUP(AW$4, Rates_previous!$G$6:$Q$29, 10, FALSE)+VLOOKUP(AW$4, Rates_previous!$G$6:$Q$29, 11, FALSE)) -> 156503.01 | AX7: =$F7*(VLOOKUP(AX$4, Rates_previous!$G$6:$Q$29, 10, FALSE)+VLOOKUP(AX$4, Rates_previous!$G$6:$Q$29, 11, FALSE)) -> 168897.71 | AY7: =$F7*(VLOOKUP(AY$4, Rates_previous!$G$6:$Q$29, 10, FALSE)+VLOOKUP(AY$4, Rates_previous!$G$6:$Q$29, 11, FALSE)) -> 175510.83 | AZ7: =$F7*(VLOOKUP(AZ$4, Rates_previous!$G$6:$Q$29, 10, FALSE)+VLOOKUP(AZ$4, Rates_previous!$G$6:$Q$29, 11, FALSE)) -> 150962.71 | BA7: =$F7*(VLOOKUP(BA$4, Rates_previous!$G$6:$Q$29, 10, FALSE)+VLOOKUP(BA$4, Rates_previous!$G$6:$Q$29, 11, FALSE)) -> 164821.39 | BB7: =$F7*(VLOOKUP(BB$4, Rates_previous!$G$6:$Q$29, 10, FALSE)+VLOOKUP(BB$4, Rates_previous!$G$6:$Q$29, 11, FALSE)) -> 130098.71 | BC7: =$F7*(VLOOKUP(BC$4, Rates_previous!$G$6:$Q$29, 10, FALSE)+VLOOKUP(BC$4, Rates_previous!$G$6:$Q$29, 11, FALSE)) -> 161404.89 | ... BG7: =$F7*(VLOOKUP(BG$4, Rates_previous!$G$6:$Q$29, 10, FALSE)+VLOOKUP(BG$4, Rates_previous!$G$6:$Q$29, 11, FALSE)) -> 127355.33 | BH7: =IF($D7=0,IF(C7=0, MAX(BJ7 - (VLOOKUP($A7,TOCA_previous!$A$2:$AJ$136,MATCH("RHWM "&Init!$D$1-2,TOCA_previous!$A$2:$AJ$2,0),FALSE)*$F$2*TOCA_previous!C4),0),0), 0) -> 8770.7693 | BI7: =MIN(VLOOKUP($A7,TOCA_previous!$A$2:$AJ$136,MATCH("TRL - NLSL - Existing Resource "&$F$1,TOCA_previous!$A$2:$AJ$2,0),FALSE)*$F$2,(VLOOKUP($A7,TOCA_previous!$A$2:$AJ$136,MATCH("RHWM "&Init!$D$1-2,TOCA_previous!$A$2:$AJ$2,0),FALSE)*$F$2)) -> 1764907.6 | BJ7: =SUM(L7:AI7)+(F7*RT1SC!$C$3*$F$2) -> 1773678.4 | BK7: =VLOOKUP($A7,TOCA_previous!$A$2:$AJ$136,MATCH("Above RHWM Not Served with LS "&$F$1,TOCA_previous!$A$2:$AJ$2,0),FALSE)*$F$2 -> 89983.296 | BL7: =BJ7-BI7 -> 8770.7693 | BM7: =(VLOOKUP($A7,TOCA_previous!$A$2:$AJ$136,MATCH("RHWM "&Init!$D$1-2,TOCA_previous!$A$2:$AJ$2,0),FALSE)*$F$2) - $BI7 -> 0 | BN7: =IF(BL7>0,IF(BM7>0,(-1)*MIN(BL7,BM7),0),0) -> 0 | BO7: =IF(BL7<0,IF(BK7<ABS(BL7),MAX(0,ABS($BL7)-(BK7)),0),0) -> 0 | BP7: =IF(AND(BK7>0,BM7>0),IF(AND(BL7<=0,ABS(BL7)<BK7),(-1)*MIN(BK7,BK7-ABS(BL7),BM7),IF(AND(BL7>0,BL7<BM7),(-1)*MIN(BK7,BM7-BL7),0)),0) -> 0 | BQ7: =IF($D7=0,SUM($BN7:$BP7),0) -> 0 | BR7: =VLOOKUP($A7,TOCA_current!$A$2:$ZZ$136,MATCH(BR$4,TOCA_current!$A$2:$ZZ$2,0),FALSE) -> 0.0284239 | BS7: =VLOOKUP($A7,TOCA_current!$A$2:$ZZ$136,MATCH(BS$4,TOCA_current!$A$2:$ZZ$2,0),FALSE) -> 0.0284239 | BT7: =BR7-BS7 -> 0 | BU7: =VLOOKUP($A7,TOCA_current!A4:BG138,MATCH(BU$4,TOCA_current!$A$2:$BG$2,0),FALSE) -> 0 | BV7: =IF(C7=0,0,BU7) -> 0 | BW7: =IF(C7=0,0,BR7) -> 0 | BX7: =VLOOKUP($A7,IRD!$A$4:$G$138, 7, FALSE) -> 312239.2 | BY7: {=IF($BT7=0, INDEX(LS_current!$D$4:$BW$137, MATCH('Staging Table'!$A7, LS_current!$B$4:$B$137, 0), MATCH(BY$4&BY$5, LS_current!$D$2:$BW$2&LS_current!$D$3:$BW$3, 0)),SUM(VLOOKUP($A7, LS_current!$B$4:$BW$137, LS_current!D$147, FALSE), VLOOKUP($A7, LS_current!$B$4:$BW$137,LS_current!AZ$147, FALSE))/2)} -> -955.13203 | BZ7: {=IF($BT7=0, INDEX(LS_current!$D$4:$BW$137, MATCH('Staging Table'!$A7, LS_current!$B$4:$B$137, 0), MATCH(BZ$4&BZ$5, LS_current!$D$2:$BW$2&LS_current!$D$3:$BW$3, 0)),SUM(VLOOKUP($A7, LS_current!$B$4:$BW$137, LS_current!E$147, FALSE), VLOOKUP($A7, LS_current!$B$4:$BW$137,LS_current!BA$147, FALSE))/2)} -> 610.80707 | CA7: {=IF($BT7=0, INDEX(LS_current!$D$4:$BW$137, MATCH('Staging Table'!$A7, LS_current!$B$4:$B$137, 0), MATCH(CA$4&CA$5, LS_current!$D$2:$BW$2&LS_current!$D$3:$BW$3, 0)),SUM(VLOOKUP($A7, LS_current!$B$4:$BW$137, LS_current!F$147, FALSE), VLOOKUP($A7, LS_current!$B$4:$BW$137,LS_current!BB$147, FALSE))/2)} -> -22984.094 | CB7: {=IF($BT7=0, INDEX(LS_current!$D$4:$BW$137, MATCH('Staging Table'!$A7, LS_current!$B$4:$B$137, 0), MATCH(CB$4&CB$5, LS_current!$D$2:$BW$2&LS_current!$D$3:$BW$3, 0)),SUM(VLOOKUP($A7, LS_current!$B$4:$BW$137, LS_current!G$147, FALSE), VLOOKUP($A7, LS_current!$B$4:$BW$137,LS_current!BC$147, FALSE))/2)} -> -10788.143 | CC7: {=IF($BT7=0, INDEX(LS_current!$D$4:$BW$137, MATCH('Staging Table'!$A7, LS_current!$B$4:$B$137, 0), MATCH(CC$4&CC$5, LS_current!$D$2:$BW$2&LS_current!$D$3:$BW$3, 0)),SUM(VLOOKUP($A7, LS_current!$B$4:$BW$137, LS_current!H$147, FALSE), VLOOKUP($A7, LS_current!$B$4:$BW$137,LS_current!BD$147, FALSE))/2)} -> -27614.87 | CD7: {=IF($BT7=0, INDEX(LS_current!$D$4:$BW$137, MATCH('Staging Table'!$A7, LS_current!$B$4:$B$137, 0), MATCH(CD$4&CD$5, LS_current!$D$2:$BW$2&LS_current!$D$3:$BW$3, 0)),SUM(VLOOKUP($A7, LS_current!$B$4:$BW$137, LS_current!I$147, FALSE), VLOOKUP($A7, LS_current!$B$4:$BW$137,LS_current!BE$147, FALSE))/2)} -> -1246.3893 | CE7: {=IF($BT7=0, INDEX(LS_current!$D$4:$BW$137, MATCH('Staging Table'!$A7, LS_current!$B$4:$B$137, 0), MATCH(CE$4&CE$5, LS_current!$D$2:$BW$2&LS_current!$D$3:$BW$3, 0)),SUM(VLOOKUP($A7, LS_current!$B$4:$BW$137, LS_current!J$147, FALSE), VLOOKUP($A7, LS_current!$B$4:$BW$137,LS_current!BF$147, FALSE))/2)} -> -34954.234 | CF7: {=IF($BT7=0, INDEX(LS_current!$D$4:$BW$137, MATCH('Staging Table'!$A7, LS_current!$B$4:$B$137, 0), MATCH(CF$4&CF$5, LS_current!$D$2:$BW$2&LS_current!$D$3:$BW$3, 0)),SUM(VLOOKUP($A7, LS_current!$B$4:$BW$137, LS_current!K$147, FALSE), VLOOKUP($A7, LS_current!$B$4:$BW$137,LS_current!BG$147, FALSE))/2)} -> -9497.8787 | ... CV7: {=IF($BT7=0, INDEX(LS_current!$D$4:$BW$137, MATCH('Staging Table'!$A7, LS_current!$B$4:$B$137, 0), MATCH(CV$4&CV$5, LS_current!$D$2:$BW$2&LS_current!$D$3:$BW$3, 0)),SUM(VLOOKUP($A7, LS_current!$B$4:$BW$137, LS_current!AA$147, FALSE), VLOOKUP($A7, LS_current!$B$4:$BW$137,LS_current!BW$147, FALSE))/2)} -> 7810.0892 | CW7: {=INDEX(Demand_current!$D$4:$BW$137, MATCH($A7, Demand_current!$B$4:$B$137, 0), MATCH(CW$4&CW$5,Demand_current!$D$2:$BW$2&Demand_current!$D$3:$BW$3, 0))/1000} -> 24.991556 | CX7: {=INDEX(Demand_current!$D$4:$BW$137, MATCH($A7, Demand_current!$B$4:$B$137, 0), MATCH(CX$4&CX$5,Demand_current!$D$2:$BW$2&Demand_current!$D$3:$BW$3, 0))/1000} -> 15.695268 | CY7: {=INDEX(Demand_current!$D$4:$BW$137, MATCH($A7, Demand_current!$B$4:$B$137, 0), MATCH(CY$4&CY$5,Demand_current!$D$2:$BW$2&Demand_current!$D$3:$BW$3, 0))/1000} -> 51.658647 | CZ7: {=INDEX(Demand_current!$D$4:$BW$137, MATCH($A7, Demand_current!$B$4:$B$137, 0), MATCH(CZ$4&CZ$5,Demand_current!$D$2:$BW$2&Demand_current!$D$3:$BW$3, 0))/1000} -> 44.873291 | DA7: {=INDEX(Demand_current!$D$4:$BW$137, MATCH($A7, Demand_current!$B$4:$B$137, 0), MATCH(DA$4&DA$5,Demand_current!$D$2:$BW$2&Demand_current!$D$3:$BW$3, 0))/1000} -> 3.7975911 | DB7: {=INDEX(Demand_current!$D$4:$BW$137, MATCH($A7, Demand_current!$B$4:$B$137, 0), MATCH(DB$4&DB$5,Demand_current!$D$2:$BW$2&Demand_current!$D$3:$BW$3, 0))/1000} -> 28.793144 | DC7: {=INDEX(Demand_current!$D$4:$BW$137, MATCH($A7, Demand_current!$B$4:$B$137, 0), MATCH(DC$4&DC$5,Demand_current!$D$2:$BW$2&Demand_current!$D$3:$BW$3, 0))/1000} -> 42.192978 | DD7: {=INDEX(Demand_current!$D$4:$BW$137, MATCH($A7, Demand_current!$B$4:$B$137, 0), MATCH(DD$4&DD$5,Demand_current!$D$2:$BW$2&Demand_current!$D$3:$BW$3, 0))/1000} -> 0 | ... DH7: {=INDEX(Demand_current!$D$4:$BW$137, MATCH($A7, Demand_current!$B$4:$B$137, 0), MATCH(DH$4&DH$5,Demand_current!$D$2:$BW$2&Demand_current!$D$3:$BW$3, 0))/1000} -> 12.356682 | DI7: =$BS7*(VLOOKUP(DI$4, Rates_current!$H$6:$R$41, 10, FALSE)+VLOOKUP(DI$4, Rates_current!$H$6:$R$41, 11, FALSE)) -> 117967.36 | DJ7: =$BS7*(VLOOKUP(DJ$4, Rates_current!$H$6:$R$41, 10, FALSE)+VLOOKUP(DJ$4, Rates_current!$H$6:$R$41, 11, FALSE)) -> 150817.39 | DK7: =$BS7*(VLOOKUP(DK$4, Rates_current!$H$6:$R$41, 10, FALSE)+VLOOKUP(DK$4, Rates_current!$H$6:$R$41, 11, FALSE)) -> 171466.76 | DL7: =$BS7*(VLOOKUP(DL$4, Rates_current!$H$6:$R$41, 10, FALSE)+VLOOKUP(DL$4, Rates_current!$H$6:$R$41, 11, FALSE)) -> 180910.81 | DM7: =$BS7*(VLOOKUP(DM$4, Rates_current!$H$6:$R$41, 10, FALSE)+VLOOKUP(DM$4, Rates_current!$H$6:$R$41, 11, FALSE)) -> 144169.59 | DN7: =$BS7*(VLOOKUP(DN$4, Rates_current!$H$6:$R$41, 10, FALSE)+VLOOKUP(DN$4, Rates_current!$H$6:$R$41, 11, FALSE)) -> 157606.97 | DO7: =$BS7*(VLOOKUP(DO$4, Rates_current!$H$6:$R$41, 10, FALSE)+VLOOKUP(DO$4, Rates_current!$H$6:$R$41, 11, FALSE)) -> 122146.98 | DP7: =$BS7*(VLOOKUP(DP$4, Rates_current!$H$6:$R$41, 10, FALSE)+VLOOKUP(DP$4, Rates_current!$H$6:$R$41, 11, FALSE)) -> 158078.31 | ... DT7: =$BS7*(VLOOKUP(DT$4, Rates_current!$H$6:$R$41, 10, FALSE)+VLOOKUP(DT$4, Rates_current!$H$6:$R$41, 11, FALSE)) -> 114487.62 | DU7: =IF(D7=0,IF(C7=0,MAX(0,DW7 - (VLOOKUP($A7,TOCA_current!$A$2:$AV$136,MATCH("RHWM "&Init!$D$1,TOCA_current!$A$2:$AV$2,0),FALSE)*$BS$2)), 0),0) -> 0 | DV7: =MIN(VLOOKUP($A7,TOCA_current!$A$2:$AV$136,MATCH("TRL - NLSL - Existing Resource "&$BS$1,TOCA_current!$A$2:$AV$2,0),FALSE)*$BS$2, VLOOKUP($A7,TOCA_current!$A$2:$AV$136,MATCH("RHWM "&Init!$D$1,TOCA_current!$A$2:$AV$2,0),FALSE)*$BS$2) -> 1770229.6 | DW7: =SUM(BY7:CV7)+(BS7*RT1SC!$C$4*$BS$2) -> 1770227.6 | DX7: =VLOOKUP($A7,TOCA_current!$A$2:$AV$136,MATCH("Above RHWM Not Served with LS "&$BS$1,TOCA_current!$A$2:$AV$2,0),FALSE)*$BS$2 -> 93434.16 | DY7: =DW7-DV7 -> -1.9265037 | DZ7: =(VLOOKUP($A7,TOCA_current!$A$2:$AV$136,MATCH("RHWM "&Init!$D$1,TOCA_current!$A$2:$AV$2,0),FALSE)*$BS$2) - $DV7 -> 0 | EA7: =IF(DY7>0,IF(DZ7>0,(-1)*MIN(DY7,DZ7),0),0) -> 0 | EB7: =IF(DY7<0,IF(DX7<ABS(DY7),MAX(0,ABS($DY7)-(DX7)),0),0) -> 0 | EC7: =IF(AND(DX7>0,DZ7>0),IF(AND(DY7<=0,ABS(DY7)<DX7),(-1)*MIN(DX7,DX7-ABS(DY7),DZ7),IF(AND(DY7>0,DY7<DZ7),(-1)*MIN(DX7,DZ7-DY7),0)),0) -> 0 | ED7: =IF($D7=0,SUM(EA7:EC7),0) -> 0
A8: 10025 | B8: Benton REA | C8: =VLOOKUP(A8, TOCA_current!$A$3:$D$136, 4, FALSE) -> 0 | D8: 0 | E8: =VLOOKUP($A8,TOCA_previous!$A$2:$AJ$136,MATCH(E$4,TOCA_previous!$A$2:$AJ$2,0),FALSE) -> 0.0086369 | F8: =VLOOKUP($A8,TOCA_previous!$A$2:$AJ$136,MATCH(F$4,TOCA_previous!$A$2:$AJ$2,0),FALSE) -> 0.0086369 | G8: =E8-F8 -> 0 | H8: =VLOOKUP($A8,TOCA_previous!$A$2:$AJ$136,MATCH(H$4,TOCA_previous!$A$2:$AJ$2,0),FALSE) -> 0.059761645 | I8: =IF(C8=0,0,H8) -> 0 | J8: =IF(C8=0,0,E8) -> 0 | K8: =VLOOKUP(A8, IRD!$A$5:$C$138, 3, FALSE) -> 82900.857 | L8: {=IF($G8=0, INDEX(LS_previous!$D$4:$AY$137, MATCH('Staging Table'!$A8, LS_previous!$B$4:$B$137, 0), MATCH(L$4&L$5, LS_previous!$D$2:$AY$2&LS_previous!$D$3:$AY$3, 0)),SUM(VLOOKUP($A8, LS_previous!$B$4:$AY$137, LS_previous!D$148, FALSE), VLOOKUP('Staging Table'!$A8, LS_previous!$B$4:$AY$137,LS_previous!AB$148, FALSE))/2)} -> 6996.4671 | M8: {=IF($G8=0, INDEX(LS_previous!$D$4:$AY$137, MATCH('Staging Table'!$A8, LS_previous!$B$4:$B$137, 0), MATCH(M$4&M$5, LS_previous!$D$2:$AY$2&LS_previous!$D$3:$AY$3, 0)),SUM(VLOOKUP($A8, LS_previous!$B$4:$AY$137, LS_previous!E$148, FALSE), VLOOKUP('Staging Table'!$A8, LS_previous!$B$4:$AY$137,LS_previous!AC$148, FALSE))/2)} -> 4215.5087 | N8: {=IF($G8=0, INDEX(LS_previous!$D$4:$AY$137, MATCH('Staging Table'!$A8, LS_previous!$B$4:$B$137, 0), MATCH(N$4&N$5, LS_previous!$D$2:$AY$2&LS_previous!$D$3:$AY$3, 0)),SUM(VLOOKUP($A8, LS_previous!$B$4:$AY$137, LS_previous!F$148, FALSE), VLOOKUP('Staging Table'!$A8, LS_previous!$B$4:$AY$137,LS_previous!AD$148, FALSE))/2)} -> -4657.0326 | O8: {=IF($G8=0, INDEX(LS_previous!$D$4:$AY$137, MATCH('Staging Table'!$A8, LS_previous!$B$4:$B$137, 0), MATCH(O$4&O$5, LS_previous!$D$2:$AY$2&LS_previous!$D$3:$AY$3, 0)),SUM(VLOOKUP($A8, LS_previous!$B$4:$AY$137, LS_previous!G$148, FALSE), VLOOKUP('Staging Table'!$A8, LS_previous!$B$4:$AY$137,LS_previous!AE$148, FALSE))/2)} -> 1697.6709 | P8: {=IF($G8=0, INDEX(LS_previous!$D$4:$AY$137, MATCH('Staging Table'!$A8, LS_previous!$B$4:$B$137, 0), MATCH(P$4&P$5, LS_previous!$D$2:$AY$2&LS_previous!$D$3:$AY$3, 0)),SUM(VLOOKUP($A8, LS_previous!$B$4:$AY$137, LS_previous!H$148, FALSE), VLOOKUP('Staging Table'!$A8, LS_previous!$B$4:$AY$137,LS_previous!AF$148, FALSE))/2)} -> 1683.1357 | Q8: {=IF($G8=0, INDEX(LS_previous!$D$4:$AY$137, MATCH('Staging Table'!$A8, LS_previous!$B$4:$B$137, 0), MATCH(Q$4&Q$5, LS_previous!$D$2:$AY$2&LS_previous!$D$3:$AY$3, 0)),SUM(VLOOKUP($A8, LS_previous!$B$4:$AY$137, LS_previous!I$148, FALSE), VLOOKUP('Staging Table'!$A8, LS_previous!$B$4:$AY$137,LS_previous!AG$148, FALSE))/2)} -> 3226.454 | R8: {=IF($G8=0, INDEX(LS_previous!$D$4:$AY$137, MATCH('Staging Table'!$A8, LS_previous!$B$4:$B$137, 0), MATCH(R$4&R$5, LS_previous!$D$2:$AY$2&LS_previous!$D$3:$AY$3, 0)),SUM(VLOOKUP($A8, LS_previous!$B$4:$AY$137, LS_previous!J$148, FALSE), VLOOKUP('Staging Table'!$A8, LS_previous!$B$4:$AY$137,LS_previous!AH$148, FALSE))/2)} -> -1730.8988 | S8: {=IF($G8=0, INDEX(LS_previous!$D$4:$AY$137, MATCH('Staging Table'!$A8, LS_previous!$B$4:$B$137, 0), MATCH(S$4&S$5, LS_previous!$D$2:$AY$2&LS_previous!$D$3:$AY$3, 0)),SUM(VLOOKUP($A8, LS_previous!$B$4:$AY$137, LS_previous!K$148, FALSE), VLOOKUP('Staging Table'!$A8, LS_previous!$B$4:$AY$137,LS_previous!AI$148, FALSE))/2)} -> 2555.4217 | ... AI8: {=IF($G8=0, INDEX(LS_previous!$D$4:$AY$137, MATCH('Staging Table'!$A8, LS_previous!$B$4:$B$137, 0), MATCH(AI$4&AI$5, LS_previous!$D$2:$AY$2&LS_previous!$D$3:$AY$3, 0)),SUM(VLOOKUP($A8, LS_previous!$B$4:$AY$137, LS_previous!AA$148, FALSE), VLOOKUP('Staging Table'!$A8, LS_previous!$B$4:$AY$137,LS_previous!AY$148, FALSE))/2)} -> 5371.1994 | AJ8: {=INDEX(Demand_previous!$D$4:$AY$137, MATCH('Staging Table'!$A8, Demand_previous!$B$4:$B$137, 0), MATCH(AJ$4&AJ$5,Demand_previous!$D$2:$AY$2&Demand_previous!$D$3:$AY$3, 0))/1000} -> 6.5402909 | AK8: {=INDEX(Demand_previous!$D$4:$AY$137, MATCH('Staging Table'!$A8, Demand_previous!$B$4:$B$137, 0), MATCH(AK$4&AK$5,Demand_previous!$D$2:$AY$2&Demand_previous!$D$3:$AY$3, 0))/1000} -> 4.835955 | AL8: {=INDEX(Demand_previous!$D$4:$AY$137, MATCH('Staging Table'!$A8, Demand_previous!$B$4:$B$137, 0), MATCH(AL$4&AL$5,Demand_previous!$D$2:$AY$2&Demand_previous!$D$3:$AY$3, 0))/1000} -> 16.702953 | AM8: {=INDEX(Demand_previous!$D$4:$AY$137, MATCH('Staging Table'!$A8, Demand_previous!$B$4:$B$137, 0), MATCH(AM$4&AM$5,Demand_previous!$D$2:$AY$2&Demand_previous!$D$3:$AY$3, 0))/1000} -> 20.794209 | AN8: {=INDEX(Demand_previous!$D$4:$AY$137, MATCH('Staging Table'!$A8, Demand_previous!$B$4:$B$137, 0), MATCH(AN$4&AN$5,Demand_previous!$D$2:$AY$2&Demand_previous!$D$3:$AY$3, 0))/1000} -> 8.68027 | AO8: {=INDEX(Demand_previous!$D$4:$AY$137, MATCH('Staging Table'!$A8, Demand_previous!$B$4:$B$137, 0), MATCH(AO$4&AO$5,Demand_previous!$D$2:$AY$2&Demand_previous!$D$3:$AY$3, 0))/1000} -> 11.481442 | AP8: {=INDEX(Demand_previous!$D$4:$AY$137, MATCH('Staging Table'!$A8, Demand_previous!$B$4:$B$137, 0), MATCH(AP$4&AP$5,Demand_previous!$D$2:$AY$2&Demand_previous!$D$3:$AY$3, 0))/1000} -> 0 | AQ8: {=INDEX(Demand_previous!$D$4:$AY$137, MATCH('Staging Table'!$A8, Demand_previous!$B$4:$B$137, 0), MATCH(AQ$4&AQ$5,Demand_previous!$D$2:$AY$2&Demand_previous!$D$3:$AY$3, 0))/1000} -> 8.4099904 | ... AU8: {=INDEX(Demand_previous!$D$4:$AY$137, MATCH('Staging Table'!$A8, Demand_previous!$B$4:$B$137, 0), MATCH(AU$4&AU$5,Demand_previous!$D$2:$AY$2&Demand_previous!$D$3:$AY$3, 0))/1000} -> 11.356273 | AV8: =$F8*(VLOOKUP(AV$4, Rates_previous!$G$6:$Q$29, 10, FALSE)+VLOOKUP(AV$4, Rates_previous!$G$6:$Q$29, 11, FALSE)) -> 36437.386 | AW8: =$F8*(VLOOKUP(AW$4, Rates_previous!$G$6:$Q$29, 10, FALSE)+VLOOKUP(AW$4, Rates_previous!$G$6:$Q$29, 11, FALSE)) -> 46469.683 | AX8: =$F8*(VLOOKUP(AX$4, Rates_previous!$G$6:$Q$29, 10, FALSE)+VLOOKUP(AX$4, Rates_previous!$G$6:$Q$29, 11, FALSE)) -> 50149.982 | AY8: =$F8*(VLOOKUP(AY$4, Rates_previous!$G$6:$Q$29, 10, FALSE)+VLOOKUP(AY$4, Rates_previous!$G$6:$Q$29, 11, FALSE)) -> 52113.584 | AZ8: =$F8*(VLOOKUP(AZ$4, Rates_previous!$G$6:$Q$29, 10, FALSE)+VLOOKUP(AZ$4, Rates_previous!$G$6:$Q$29, 11, FALSE)) -> 44824.629 | BA8: =$F8*(VLOOKUP(BA$4, Rates_previous!$G$6:$Q$29, 10, FALSE)+VLOOKUP(BA$4, Rates_previous!$G$6:$Q$29, 11, FALSE)) -> 48939.62 | BB8: =$F8*(VLOOKUP(BB$4, Rates_previous!$G$6:$Q$29, 10, FALSE)+VLOOKUP(BB$4, Rates_previous!$G$6:$Q$29, 11, FALSE)) -> 38629.582 | BC8: =$F8*(VLOOKUP(BC$4, Rates_previous!$G$6:$Q$29, 10, FALSE)+VLOOKUP(BC$4, Rates_previous!$G$6:$Q$29, 11, FALSE)) -> 47925.174 | ... BG8: =$F8*(VLOOKUP(BG$4, Rates_previous!$G$6:$Q$29, 10, FALSE)+VLOOKUP(BG$4, Rates_previous!$G$6:$Q$29, 11, FALSE)) -> 37815.003 | BH8: =IF($D8=0,IF(C8=0, MAX(BJ8 - (VLOOKUP($A8,TOCA_previous!$A$2:$AJ$136,MATCH("RHWM "&Init!$D$1-2,TOCA_previous!$A$2:$AJ$2,0),FALSE)*$F$2*TOCA_previous!C5),0),0), 0) -> 85880.562 | BI8: =MIN(VLOOKUP($A8,TOCA_previous!$A$2:$AJ$136,MATCH("TRL - NLSL - Existing Resource "&$F$1,TOCA_previous!$A$2:$AJ$2,0),FALSE)*$F$2,(VLOOKUP($A8,TOCA_previous!$A$2:$AJ$136,MATCH("RHWM "&Init!$D$1-2,TOCA_previous!$A$2:$AJ$2,0),FALSE)*$F$2)) -> 524044.66 | BJ8: =SUM(L8:AI8)+(F8*RT1SC!$C$3*$F$2) -> 609925.22 | BK8: =VLOOKUP($A8,TOCA_previous!$A$2:$AJ$136,MATCH("Above RHWM Not Served with LS "&$F$1,TOCA_previous!$A$2:$AJ$2,0),FALSE)*$F$2 -> 45369.36 | BL8: =BJ8-BI8 -> 85880.562 | BM8: =(VLOOKUP($A8,TOCA_previous!$A$2:$AJ$136,MATCH("RHWM "&Init!$D$1-2,TOCA_previous!$A$2:$AJ$2,0),FALSE)*$F$2) - $BI8 -> 0 | BN8: =IF(BL8>0,IF(BM8>0,(-1)*MIN(BL8,BM8),0),0) -> 0 | BO8: =IF(BL8<0,IF(BK8<ABS(BL8),MAX(0,ABS($BL8)-(BK8)),0),0) -> 0 | BP8: =IF(AND(BK8>0,BM8>0),IF(AND(BL8<=0,ABS(BL8)<BK8),(-1)*MIN(BK8,BK8-ABS(BL8),BM8),IF(AND(BL8>0,BL8<BM8),(-1)*MIN(BK8,BM8-BL8),0)),0) -> 0 | BQ8: =IF($D8=0,SUM($BN8:$BP8),0) -> 0 | BR8: =VLOOKUP($A8,TOCA_current!$A$2:$ZZ$136,MATCH(BR$4,TOCA_current!$A$2:$ZZ$2,0),FALSE) -> 0.0084398 | BS8: =VLOOKUP($A8,TOCA_current!$A$2:$ZZ$136,MATCH(BS$4,TOCA_current!$A$2:$ZZ$2,0),FALSE) -> 0.0084398 | BT8: =BR8-BS8 -> 0 | BU8: =VLOOKUP($A8,TOCA_current!A5:BG139,MATCH(BU$4,TOCA_current!$A$2:$BG$2,0),FALSE) -> 0.068567822 | BV8: =IF(C8=0,0,BU8) -> 0 | BW8: =IF(C8=0,0,BR8) -> 0 | BX8: =VLOOKUP($A8,IRD!$A$4:$G$138, 7, FALSE) -> 82900.857 | BY8: {=IF($BT8=0, INDEX(LS_current!$D$4:$BW$137, MATCH('Staging Table'!$A8, LS_current!$B$4:$B$137, 0), MATCH(BY$4&BY$5, LS_current!$D$2:$BW$2&LS_current!$D$3:$BW$3, 0)),SUM(VLOOKUP($A8, LS_current!$B$4:$BW$137, LS_current!D$147, FALSE), VLOOKUP($A8, LS_current!$B$4:$BW$137,LS_current!AZ$147, FALSE))/2)} -> 2970.1635 | BZ8: {=IF($BT8=0, INDEX(LS_current!$D$4:$BW$137, MATCH('Staging Table'!$A8, LS_current!$B$4:$B$137, 0), MATCH(BZ$4&BZ$5, LS_current!$D$2:$BW$2&LS_current!$D$3:$BW$3, 0)),SUM(VLOOKUP($A8, LS_current!$B$4:$BW$137, LS_current!E$147, FALSE), VLOOKUP($A8, LS_current!$B$4:$BW$137,LS_current!BA$147, FALSE))/2)} -> 2481.6731 | CA8: {=IF($BT8=0, INDEX(LS_current!$D$4:$BW$137, MATCH('Staging Table'!$A8, LS_current!$B$4:$B$137, 0), MATCH(CA$4&CA$5, LS_current!$D$2:$BW$2&LS_current!$D$3:$BW$3, 0)),SUM(VLOOKUP($A8, LS_current!$B$4:$BW$137, LS_current!F$147, FALSE), VLOOKUP($A8, LS_current!$B$4:$BW$137,LS_current!BB$147, FALSE))/2)} -> -7134.5662 | CB8: {=IF($BT8=0, INDEX(LS_current!$D$4:$BW$137, MATCH('Staging Table'!$A8, LS_current!$B$4:$B$137, 0), MATCH(CB$4&CB$5, LS_current!$D$2:$BW$2&LS_current!$D$3:$BW$3, 0)),SUM(VLOOKUP($A8, LS_current!$B$4:$BW$137, LS_current!G$147, FALSE), VLOOKUP($A8, LS_current!$B$4:$BW$137,LS_current!BC$147, FALSE))/2)} -> -1085.0202 | CC8: {=IF($BT8=0, INDEX(LS_current!$D$4:$BW$137, MATCH('Staging Table'!$A8, LS_current!$B$4:$B$137, 0), MATCH(CC$4&CC$5, LS_current!$D$2:$BW$2&LS_current!$D$3:$BW$3, 0)),SUM(VLOOKUP($A8, LS_current!$B$4:$BW$137, LS_current!H$147, FALSE), VLOOKUP($A8, LS_current!$B$4:$BW$137,LS_current!BD$147, FALSE))/2)} -> -4638.2632 | CD8: {=IF($BT8=0, INDEX(LS_current!$D$4:$BW$137, MATCH('Staging Table'!$A8, LS_current!$B$4:$B$137, 0), MATCH(CD$4&CD$5, LS_current!$D$2:$BW$2&LS_current!$D$3:$BW$3, 0)),SUM(VLOOKUP($A8, LS_current!$B$4:$BW$137, LS_current!I$147, FALSE), VLOOKUP($A8, LS_current!$B$4:$BW$137,LS_current!BE$147, FALSE))/2)} -> 1614.9388 | CE8: {=IF($BT8=0, INDEX(LS_current!$D$4:$BW$137, MATCH('Staging Table'!$A8, LS_current!$B$4:$B$137, 0), MATCH(CE$4&CE$5, LS_current!$D$2:$BW$2&LS_current!$D$3:$BW$3, 0)),SUM(VLOOKUP($A8, LS_current!$B$4:$BW$137, LS_current!J$147, FALSE), VLOOKUP($A8, LS_current!$B$4:$BW$137,LS_current!BF$147, FALSE))/2)} -> -7333.4566 | CF8: {=IF($BT8=0, INDEX(LS_current!$D$4:$BW$137, MATCH('Staging Table'!$A8, LS_current!$B$4:$B$137, 0), MATCH(CF$4&CF$5, LS_current!$D$2:$BW$2&LS_current!$D$3:$BW$3, 0)),SUM(VLOOKUP($A8, LS_current!$B$4:$BW$137, LS_current!K$147, FALSE), VLOOKUP($A8, LS_current!$B$4:$BW$137,LS_current!BG$147, FALSE))/2)} -> -615.52018 | ... CV8: {=IF($BT8=0, INDEX(LS_current!$D$4:$BW$137, MATCH('Staging Table'!$A8, LS_current!$B$4:$B$137, 0), MATCH(CV$4&CV$5, LS_current!$D$2:$BW$2&LS_current!$D$3:$BW$3, 0)),SUM(VLOOKUP($A8, LS_current!$B$4:$BW$137, LS_current!AA$147, FALSE), VLOOKUP($A8, LS_current!$B$4:$BW$137,LS_current!BW$147, FALSE))/2)} -> 4764.6232 | CW8: {=INDEX(Demand_current!$D$4:$BW$137, MATCH($A8, Demand_current!$B$4:$B$137, 0), MATCH(CW$4&CW$5,Demand_current!$D$2:$BW$2&Demand_current!$D$3:$BW$3, 0))/1000} -> 9.317206 | CX8: {=INDEX(Demand_current!$D$4:$BW$137, MATCH($A8, Demand_current!$B$4:$B$137, 0), MATCH(CX$4&CX$5,Demand_current!$D$2:$BW$2&Demand_current!$D$3:$BW$3, 0))/1000} -> 2.1688698 | CY8: {=INDEX(Demand_current!$D$4:$BW$137, MATCH($A8, Demand_current!$B$4:$B$137, 0), MATCH(CY$4&CY$5,Demand_current!$D$2:$BW$2&Demand_current!$D$3:$BW$3, 0))/1000} -> 19.987108 | CZ8: {=INDEX(Demand_current!$D$4:$BW$137, MATCH($A8, Demand_current!$B$4:$B$137, 0), MATCH(CZ$4&CZ$5,Demand_current!$D$2:$BW$2&Demand_current!$D$3:$BW$3, 0))/1000} -> 20.794209 | DA8: {=INDEX(Demand_current!$D$4:$BW$137, MATCH($A8, Demand_current!$B$4:$B$137, 0), MATCH(DA$4&DA$5,Demand_current!$D$2:$BW$2&Demand_current!$D$3:$BW$3, 0))/1000} -> 6.0742813 | DB8: {=INDEX(Demand_current!$D$4:$BW$137, MATCH($A8, Demand_current!$B$4:$B$137, 0), MATCH(DB$4&DB$5,Demand_current!$D$2:$BW$2&Demand_current!$D$3:$BW$3, 0))/1000} -> 11.481442 | DC8: {=INDEX(Demand_current!$D$4:$BW$137, MATCH($A8, Demand_current!$B$4:$B$137, 0), MATCH(DC$4&DC$5,Demand_current!$D$2:$BW$2&Demand_current!$D$3:$BW$3, 0))/1000} -> 0 | DD8: {=INDEX(Demand_current!$D$4:$BW$137, MATCH($A8, Demand_current!$B$4:$B$137, 0), MATCH(DD$4&DD$5,Demand_current!$D$2:$BW$2&Demand_current!$D$3:$BW$3, 0))/1000} -> 5.39415 | ... DH8: {=INDEX(Demand_current!$D$4:$BW$137, MATCH($A8, Demand_current!$B$4:$B$137, 0), MATCH(DH$4&DH$5,Demand_current!$D$2:$BW$2&Demand_current!$D$3:$BW$3, 0))/1000} -> 14.666183 | DI8: =$BS8*(VLOOKUP(DI$4, Rates_current!$H$6:$R$41, 10, FALSE)+VLOOKUP(DI$4, Rates_current!$H$6:$R$41, 11, FALSE)) -> 35027.597 | DJ8: =$BS8*(VLOOKUP(DJ$4, Rates_current!$H$6:$R$41, 10, FALSE)+VLOOKUP(DJ$4, Rates_current!$H$6:$R$41, 11, FALSE)) -> 44781.63 | DK8: =$BS8*(VLOOKUP(DK$4, Rates_current!$H$6:$R$41, 10, FALSE)+VLOOKUP(DK$4, Rates_current!$H$6:$R$41, 11, FALSE)) -> 50912.968 | DL8: =$BS8*(VLOOKUP(DL$4, Rates_current!$H$6:$R$41, 10, FALSE)+VLOOKUP(DL$4, Rates_current!$H$6:$R$41, 11, FALSE)) -> 53717.156 | DM8: =$BS8*(VLOOKUP(DM$4, Rates_current!$H$6:$R$41, 10, FALSE)+VLOOKUP(DM$4, Rates_current!$H$6:$R$41, 11, FALSE)) -> 42807.725 | DN8: =$BS8*(VLOOKUP(DN$4, Rates_current!$H$6:$R$41, 10, FALSE)+VLOOKUP(DN$4, Rates_current!$H$6:$R$41, 11, FALSE)) -> 46797.634 | DO8: =$BS8*(VLOOKUP(DO$4, Rates_current!$H$6:$R$41, 10, FALSE)+VLOOKUP(DO$4, Rates_current!$H$6:$R$41, 11, FALSE)) -> 36268.637 | DP8: =$BS8*(VLOOKUP(DP$4, Rates_current!$H$6:$R$41, 10, FALSE)+VLOOKUP(DP$4, Rates_current!$H$6:$R$41, 11, FALSE)) -> 46937.588 | ... DT8: =$BS8*(VLOOKUP(DT$4, Rates_current!$H$6:$R$41, 10, FALSE)+VLOOKUP(DT$4, Rates_current!$H$6:$R$41, 11, FALSE)) -> 33994.373 | DU8: =IF(D8=0,IF(C8=0,MAX(0,DW8 - (VLOOKUP($A8,TOCA_current!$A$2:$AV$136,MATCH("RHWM "&Init!$D$1,TOCA_current!$A$2:$AV$2,0),FALSE)*$BS$2)), 0),0) -> 2.8070277 | DV8: =MIN(VLOOKUP($A8,TOCA_current!$A$2:$AV$136,MATCH("TRL - NLSL - Existing Resource "&$BS$1,TOCA_current!$A$2:$AV$2,0),FALSE)*$BS$2, VLOOKUP($A8,TOCA_current!$A$2:$AV$136,MATCH("RHWM "&Init!$D$1,TOCA_current!$A$2:$AV$2,0),FALSE)*$BS$2) -> 525626.28 | DW8: =SUM(BY8:CV8)+(BS8*RT1SC!$C$4*$BS$2) -> 525629.09 | DX8: =VLOOKUP($A8,TOCA_current!$A$2:$AV$136,MATCH("Above RHWM Not Served with LS "&$BS$1,TOCA_current!$A$2:$AV$2,0),FALSE)*$BS$2 -> 129665.52 | DY8: =DW8-DV8 -> 2.8070277 | DZ8: =(VLOOKUP($A8,TOCA_current!$A$2:$AV$136,MATCH("RHWM "&Init!$D$1,TOCA_current!$A$2:$AV$2,0),FALSE)*$BS$2) - $DV8 -> 0 | EA8: =IF(DY8>0,IF(DZ8>0,(-1)*MIN(DY8,DZ8),0),0) -> 0 | EB8: =IF(DY8<0,IF(DX8<ABS(DY8),MAX(0,ABS($DY8)-(DX8)),0),0) -> 0 | EC8: =IF(AND(DX8>0,DZ8>0),IF(AND(DY8<=0,ABS(DY8)<DX8),(-1)*MIN(DX8,DX8-ABS(DY8),DZ8),IF(AND(DY8>0,DY8<DZ8),(-1)*MIN(DX8,DZ8-DY8),0)),0) -> 0 | ED8: =IF($D8=0,SUM(EA8:EC8),0) -> 0
A9: 10027 | B9: Big Bend Elec Coop | C9: =VLOOKUP(A9, TOCA_current!$A$3:$D$136, 4, FALSE) -> 0 | D9: 0 | E9: =VLOOKUP($A9,TOCA_previous!$A$2:$AJ$136,MATCH(E$4,TOCA_previous!$A$2:$AJ$2,0),FALSE) -> 0.0088591 | F9: =VLOOKUP($A9,TOCA_previous!$A$2:$AJ$136,MATCH(F$4,TOCA_previous!$A$2:$AJ$2,0),FALSE) -> 0.0088591 | G9: =E9-F9 -> 0 | H9: =VLOOKUP($A9,TOCA_previous!$A$2:$AJ$136,MATCH(H$4,TOCA_previous!$A$2:$AJ$2,0),FALSE) -> 0.077546328 | I9: =IF(C9=0,0,H9) -> 0 | J9: =IF(C9=0,0,E9) -> 0 | K9: =VLOOKUP(A9, IRD!$A$5:$C$138, 3, FALSE) -> 209669.54 | L9: {=IF($G9=0, INDEX(LS_previous!$D$4:$AY$137, MATCH('Staging Table'!$A9, LS_previous!$B$4:$B$137, 0), MATCH(L$4&L$5, LS_previous!$D$2:$AY$2&LS_previous!$D$3:$AY$3, 0)),SUM(VLOOKUP($A9, LS_previous!$B$4:$AY$137, LS_previous!D$148, FALSE), VLOOKUP('Staging Table'!$A9, LS_previous!$B$4:$AY$137,LS_previous!AB$148, FALSE))/2)} -> 1623.396 | M9: {=IF($G9=0, INDEX(LS_previous!$D$4:$AY$137, MATCH('Staging Table'!$A9, LS_previous!$B$4:$B$137, 0), MATCH(M$4&M$5, LS_previous!$D$2:$AY$2&LS_previous!$D$3:$AY$3, 0)),SUM(VLOOKUP($A9, LS_previous!$B$4:$AY$137, LS_previous!E$148, FALSE), VLOOKUP('Staging Table'!$A9, LS_previous!$B$4:$AY$137,LS_previous!AC$148, FALSE))/2)} -> 1915.2996 | N9: {=IF($G9=0, INDEX(LS_previous!$D$4:$AY$137, MATCH('Staging Table'!$A9, LS_previous!$B$4:$B$137, 0), MATCH(N$4&N$5, LS_previous!$D$2:$AY$2&LS_previous!$D$3:$AY$3, 0)),SUM(VLOOKUP($A9, LS_previous!$B$4:$AY$137, LS_previous!F$148, FALSE), VLOOKUP('Staging Table'!$A9, LS_previous!$B$4:$AY$137,LS_previous!AD$148, FALSE))/2)} -> -12919.372 | O9: {=IF($G9=0, INDEX(LS_previous!$D$4:$AY$137, MATCH('Staging Table'!$A9, LS_previous!$B$4:$B$137, 0), MATCH(O$4&O$5, LS_previous!$D$2:$AY$2&LS_previous!$D$3:$AY$3, 0)),SUM(VLOOKUP($A9, LS_previous!$B$4:$AY$137, LS_previous!G$148, FALSE), VLOOKUP('Staging Table'!$A9, LS_previous!$B$4:$AY$137,LS_previous!AE$148, FALSE))/2)} -> -6660.9874 | P9: {=IF($G9=0, INDEX(LS_previous!$D$4:$AY$137, MATCH('Staging Table'!$A9, LS_previous!$B$4:$B$137, 0), MATCH(P$4&P$5, LS_previous!$D$2:$AY$2&LS_previous!$D$3:$AY$3, 0)),SUM(VLOOKUP($A9, LS_previous!$B$4:$AY$137, LS_previous!H$148, FALSE), VLOOKUP('Staging Table'!$A9, LS_previous!$B$4:$AY$137,LS_previous!AF$148, FALSE))/2)} -> -13185.731 | Q9: {=IF($G9=0, INDEX(LS_previous!$D$4:$AY$137, MATCH('Staging Table'!$A9, LS_previous!$B$4:$B$137, 0), MATCH(Q$4&Q$5, LS_previous!$D$2:$AY$2&LS_previous!$D$3:$AY$3, 0)),SUM(VLOOKUP($A9, LS_previous!$B$4:$AY$137, LS_previous!I$148, FALSE), VLOOKUP('Staging Table'!$A9, LS_previous!$B$4:$AY$137,LS_previous!AG$148, FALSE))/2)} -> -6752.0278 | R9: {=IF($G9=0, INDEX(LS_previous!$D$4:$AY$137, MATCH('Staging Table'!$A9, LS_previous!$B$4:$B$137, 0), MATCH(R$4&R$5, LS_previous!$D$2:$AY$2&LS_previous!$D$3:$AY$3, 0)),SUM(VLOOKUP($A9, LS_previous!$B$4:$AY$137, LS_previous!J$148, FALSE), VLOOKUP('Staging Table'!$A9, LS_previous!$B$4:$AY$137,LS_previous!AH$148, FALSE))/2)} -> -15406.177 | S9: {=IF($G9=0, INDEX(LS_previous!$D$4:$AY$137, MATCH('Staging Table'!$A9, LS_previous!$B$4:$B$137, 0), MATCH(S$4&S$5, LS_previous!$D$2:$AY$2&LS_previous!$D$3:$AY$3, 0)),SUM(VLOOKUP($A9, LS_previous!$B$4:$AY$137, LS_previous!K$148, FALSE), VLOOKUP('Staging Table'!$A9, LS_previous!$B$4:$AY$137,LS_previous!AI$148, FALSE))/2)} -> -6877.9356 | ... AI9: {=IF($G9=0, INDEX(LS_previous!$D$4:$AY$137, MATCH('Staging Table'!$A9, LS_previous!$B$4:$B$137, 0), MATCH(AI$4&AI$5, LS_previous!$D$2:$AY$2&LS_previous!$D$3:$AY$3, 0)),SUM(VLOOKUP($A9, LS_previous!$B$4:$AY$137, LS_previous!AA$148, FALSE), VLOOKUP('Staging Table'!$A9, LS_previous!$B$4:$AY$137,LS_previous!AY$148, FALSE))/2)} -> 6448.9198 | AJ9: {=INDEX(Demand_previous!$D$4:$AY$137, MATCH('Staging Table'!$A9, Demand_previous!$B$4:$B$137, 0), MATCH(AJ$4&AJ$5,Demand_previous!$D$2:$AY$2&Demand_previous!$D$3:$AY$3, 0))/1000} -> 6.9239784 | AK9: {=INDEX(Demand_previous!$D$4:$AY$137, MATCH('Staging Table'!$A9, Demand_previous!$B$4:$B$137, 0), MATCH(AK$4&AK$5,Demand_previous!$D$2:$AY$2&Demand_previous!$D$3:$AY$3, 0))/1000} -> 4.04938 | AL9: {=INDEX(Demand_previous!$D$4:$AY$137, MATCH('Staging Table'!$A9, Demand_previous!$B$4:$B$137, 0), MATCH(AL$4&AL$5,Demand_previous!$D$2:$AY$2&Demand_previous!$D$3:$AY$3, 0))/1000} -> 9.81849 | AM9: {=INDEX(Demand_previous!$D$4:$AY$137, MATCH('Staging Table'!$A9, Demand_previous!$B$4:$B$137, 0), MATCH(AM$4&AM$5,Demand_previous!$D$2:$AY$2&Demand_previous!$D$3:$AY$3, 0))/1000} -> 16.611113 | AN9: {=INDEX(Demand_previous!$D$4:$AY$137, MATCH('Staging Table'!$A9, Demand_previous!$B$4:$B$137, 0), MATCH(AN$4&AN$5,Demand_previous!$D$2:$AY$2&Demand_previous!$D$3:$AY$3, 0))/1000} -> 8.931605 | AO9: {=INDEX(Demand_previous!$D$4:$AY$137, MATCH('Staging Table'!$A9, Demand_previous!$B$4:$B$137, 0), MATCH(AO$4&AO$5,Demand_previous!$D$2:$AY$2&Demand_previous!$D$3:$AY$3, 0))/1000} -> 4.0984255 | AP9: {=INDEX(Demand_previous!$D$4:$AY$137, MATCH('Staging Table'!$A9, Demand_previous!$B$4:$B$137, 0), MATCH(AP$4&AP$5,Demand_previous!$D$2:$AY$2&Demand_previous!$D$3:$AY$3, 0))/1000} -> 7.4680216 | AQ9: {=INDEX(Demand_previous!$D$4:$AY$137, MATCH('Staging Table'!$A9, Demand_previous!$B$4:$B$137, 0), MATCH(AQ$4&AQ$5,Demand_previous!$D$2:$AY$2&Demand_previous!$D$3:$AY$3, 0))/1000} -> 3.9763293 | ... AU9: {=INDEX(Demand_previous!$D$4:$AY$137, MATCH('Staging Table'!$A9, Demand_previous!$B$4:$B$137, 0), MATCH(AU$4&AU$5,Demand_previous!$D$2:$AY$2&Demand_previous!$D$3:$AY$3, 0))/1000} -> 4.982974 | AV9: =$F9*(VLOOKUP(AV$4, Rates_previous!$G$6:$Q$29, 10, FALSE)+VLOOKUP(AV$4, Rates_previous!$G$6:$Q$29, 11, FALSE)) -> 37374.804 | AW9: =$F9*(VLOOKUP(AW$4, Rates_previous!$G$6:$Q$29, 10, FALSE)+VLOOKUP(AW$4, Rates_previous!$G$6:$Q$29, 11, FALSE)) -> 47665.2 | AX9: =$F9*(VLOOKUP(AX$4, Rates_previous!$G$6:$Q$29, 10, FALSE)+VLOOKUP(AX$4, Rates_previous!$G$6:$Q$29, 11, FALSE)) -> 51440.182 | AY9: =$F9*(VLOOKUP(AY$4, Rates_previous!$G$6:$Q$29, 10, FALSE)+VLOOKUP(AY$4, Rates_previous!$G$6:$Q$29, 11, FALSE)) -> 53454.301 | AZ9: =$F9*(VLOOKUP(AZ$4, Rates_previous!$G$6:$Q$29, 10, FALSE)+VLOOKUP(AZ$4, Rates_previous!$G$6:$Q$29, 11, FALSE)) -> 45977.824 | BA9: =$F9*(VLOOKUP(BA$4, Rates_previous!$G$6:$Q$29, 10, FALSE)+VLOOKUP(BA$4, Rates_previous!$G$6:$Q$29, 11, FALSE)) -> 50198.681 | BB9: =$F9*(VLOOKUP(BB$4, Rates_previous!$G$6:$Q$29, 10, FALSE)+VLOOKUP(BB$4, Rates_previous!$G$6:$Q$29, 11, FALSE)) -> 39623.399 | BC9: =$F9*(VLOOKUP(BC$4, Rates_previous!$G$6:$Q$29, 10, FALSE)+VLOOKUP(BC$4, Rates_previous!$G$6:$Q$29, 11, FALSE)) -> 49158.136 | ... BG9: =$F9*(VLOOKUP(BG$4, Rates_previous!$G$6:$Q$29, 10, FALSE)+VLOOKUP(BG$4, Rates_previous!$G$6:$Q$29, 11, FALSE)) -> 38787.863 | BH9: =IF($D9=0,IF(C9=0, MAX(BJ9 - (VLOOKUP($A9,TOCA_previous!$A$2:$AJ$136,MATCH("RHWM "&Init!$D$1-2,TOCA_previous!$A$2:$AJ$2,0),FALSE)*$F$2*TOCA_previous!C6),0),0), 0) -> 40131.944 | BI9: =MIN(VLOOKUP($A9,TOCA_previous!$A$2:$AJ$136,MATCH("TRL - NLSL - Existing Resource "&$F$1,TOCA_previous!$A$2:$AJ$2,0),FALSE)*$F$2,(VLOOKUP($A9,TOCA_previous!$A$2:$AJ$136,MATCH("RHWM "&Init!$D$1-2,TOCA_previous!$A$2:$AJ$2,0),FALSE)*$F$2)) -> 537528.1 | BJ9: =SUM(L9:AI9)+(F9*RT1SC!$C$3*$F$2) -> 577660.04 | BK9: =VLOOKUP($A9,TOCA_previous!$A$2:$AJ$136,MATCH("Above RHWM Not Served with LS "&$F$1,TOCA_previous!$A$2:$AJ$2,0),FALSE)*$F$2 -> 57948.048 | BL9: =BJ9-BI9 -> 40131.944 | BM9: =(VLOOKUP($A9,TOCA_previous!$A$2:$AJ$136,MATCH("RHWM "&Init!$D$1-2,TOCA_previous!$A$2:$AJ$2,0),FALSE)*$F$2) - $BI9 -> 0 | BN9: =IF(BL9>0,IF(BM9>0,(-1)*MIN(BL9,BM9),0),0) -> 0 | BO9: =IF(BL9<0,IF(BK9<ABS(BL9),MAX(0,ABS($BL9)-(BK9)),0),0) -> 0 | BP9: =IF(AND(BK9>0,BM9>0),IF(AND(BL9<=0,ABS(BL9)<BK9),(-1)*MIN(BK9,BK9-ABS(BL9),BM9),IF(AND(BL9>0,BL9<BM9),(-1)*MIN(BK9,BM9-BL9),0)),0) -> 0 | BQ9: =IF($D9=0,SUM($BN9:$BP9),0) -> 0 | BR9: =VLOOKUP($A9,TOCA_current!$A$2:$ZZ$136,MATCH(BR$4,TOCA_current!$A$2:$ZZ$2,0),FALSE) -> 0.0086569 | BS9: =VLOOKUP($A9,TOCA_current!$A$2:$ZZ$136,MATCH(BS$4,TOCA_current!$A$2:$ZZ$2,0),FALSE) -> 0.0086569 | BT9: =BR9-BS9 -> 0 | BU9: =VLOOKUP($A9,TOCA_current!A6:BG140,MATCH(BU$4,TOCA_current!$A$2:$BG$2,0),FALSE) -> 0.082523275 | BV9: =IF(C9=0,0,BU9) -> 0 | BW9: =IF(C9=0,0,BR9) -> 0 | BX9: =VLOOKUP($A9,IRD!$A$4:$G$138, 7, FALSE) -> 209669.54 | BY9: {=IF($BT9=0, INDEX(LS_current!$D$4:$BW$137, MATCH('Staging Table'!$A9, LS_current!$B$4:$B$137, 0), MATCH(BY$4&BY$5, LS_current!$D$2:$BW$2&LS_current!$D$3:$BW$3, 0)),SUM(VLOOKUP($A9, LS_current!$B$4:$BW$137, LS_current!D$147, FALSE), VLOOKUP($A9, LS_current!$B$4:$BW$137,LS_current!AZ$147, FALSE))/2)} -> -163.76033 | BZ9: {=IF($BT9=0, INDEX(LS_current!$D$4:$BW$137, MATCH('Staging Table'!$A9, LS_current!$B$4:$B$137, 0), MATCH(BZ$4&BZ$5, LS_current!$D$2:$BW$2&LS_current!$D$3:$BW$3, 0)),SUM(VLOOKUP($A9, LS_current!$B$4:$BW$137, LS_current!E$147, FALSE), VLOOKUP($A9, LS_current!$B$4:$BW$137,LS_current!BA$147, FALSE))/2)} -> 1864.6195 | CA9: {=IF($BT9=0, INDEX(LS_current!$D$4:$BW$137, MATCH('Staging Table'!$A9, LS_current!$B$4:$B$137, 0), MATCH(CA$4&CA$5, LS_current!$D$2:$BW$2&LS_current!$D$3:$BW$3, 0)),SUM(VLOOKUP($A9, LS_current!$B$4:$BW$137, LS_current!F$147, FALSE), VLOOKUP($A9, LS_current!$B$4:$BW$137,LS_current!BB$147, FALSE))/2)} -> -13338.928 | CB9: {=IF($BT9=0, INDEX(LS_current!$D$4:$BW$137, MATCH('Staging Table'!$A9, LS_current!$B$4:$B$137, 0), MATCH(CB$4&CB$5, LS_current!$D$2:$BW$2&LS_current!$D$3:$BW$3, 0)),SUM(VLOOKUP($A9, LS_current!$B$4:$BW$137, LS_current!G$147, FALSE), VLOOKUP($A9, LS_current!$B$4:$BW$137,LS_current!BC$147, FALSE))/2)} -> -7692.2896 | CC9: {=IF($BT9=0, INDEX(LS_current!$D$4:$BW$137, MATCH('Staging Table'!$A9, LS_current!$B$4:$B$137, 0), MATCH(CC$4&CC$5, LS_current!$D$2:$BW$2&LS_current!$D$3:$BW$3, 0)),SUM(VLOOKUP($A9, LS_current!$B$4:$BW$137, LS_current!H$147, FALSE), VLOOKUP($A9, LS_current!$B$4:$BW$137,LS_current!BD$147, FALSE))/2)} -> -17414.526 | CD9: {=IF($BT9=0, INDEX(LS_current!$D$4:$BW$137, MATCH('Staging Table'!$A9, LS_current!$B$4:$B$137, 0), MATCH(CD$4&CD$5, LS_current!$D$2:$BW$2&LS_current!$D$3:$BW$3, 0)),SUM(VLOOKUP($A9, LS_current!$B$4:$BW$137, LS_current!I$147, FALSE), VLOOKUP($A9, LS_current!$B$4:$BW$137,LS_current!BE$147, FALSE))/2)} -> -6589.688 | CE9: {=IF($BT9=0, INDEX(LS_current!$D$4:$BW$137, MATCH('Staging Table'!$A9, LS_current!$B$4:$B$137, 0), MATCH(CE$4&CE$5, LS_current!$D$2:$BW$2&LS_current!$D$3:$BW$3, 0)),SUM(VLOOKUP($A9, LS_current!$B$4:$BW$137, LS_current!J$147, FALSE), VLOOKUP($A9, LS_current!$B$4:$BW$137,LS_current!BF$147, FALSE))/2)} -> -18876.847 | CF9: {=IF($BT9=0, INDEX(LS_current!$D$4:$BW$137, MATCH('Staging Table'!$A9, LS_current!$B$4:$B$137, 0), MATCH(CF$4&CF$5, LS_current!$D$2:$BW$2&LS_current!$D$3:$BW$3, 0)),SUM(VLOOKUP($A9, LS_current!$B$4:$BW$137, LS_current!K$147, FALSE), VLOOKUP($A9, LS_current!$B$4:$BW$137,LS_current!BG$147, FALSE))/2)} -> -8335.9221 | ... CV9: {=IF($BT9=0, INDEX(LS_current!$D$4:$BW$137, MATCH('Staging Table'!$A9, LS_current!$B$4:$B$137, 0), MATCH(CV$4&CV$5, LS_current!$D$2:$BW$2&LS_current!$D$3:$BW$3, 0)),SUM(VLOOKUP($A9, LS_current!$B$4:$BW$137, LS_current!AA$147, FALSE), VLOOKUP($A9, LS_current!$B$4:$BW$137,LS_current!BW$147, FALSE))/2)} -> 7598.2661 | CW9: {=INDEX(Demand_current!$D$4:$BW$137, MATCH($A9, Demand_current!$B$4:$B$137, 0), MATCH(CW$4&CW$5,Demand_current!$D$2:$BW$2&Demand_current!$D$3:$BW$3, 0))/1000} -> 9.3260532 | CX9: {=INDEX(Demand_current!$D$4:$BW$137, MATCH($A9, Demand_current!$B$4:$B$137, 0), MATCH(CX$4&CX$5,Demand_current!$D$2:$BW$2&Demand_current!$D$3:$BW$3, 0))/1000} -> 2.1077292 | CY9: {=INDEX(Demand_current!$D$4:$BW$137, MATCH($A9, Demand_current!$B$4:$B$137, 0), MATCH(CY$4&CY$5,Demand_current!$D$2:$BW$2&Demand_current!$D$3:$BW$3, 0))/1000} -> 11.80324 | CZ9: {=INDEX(Demand_current!$D$4:$BW$137, MATCH($A9, Demand_current!$B$4:$B$137, 0), MATCH(CZ$4&CZ$5,Demand_current!$D$2:$BW$2&Demand_current!$D$3:$BW$3, 0))/1000} -> 16.611113 | DA9: {=INDEX(Demand_current!$D$4:$BW$137, MATCH($A9, Demand_current!$B$4:$B$137, 0), MATCH(DA$4&DA$5,Demand_current!$D$2:$BW$2&Demand_current!$D$3:$BW$3, 0))/1000} -> 7.2191302 | DB9: {=INDEX(Demand_current!$D$4:$BW$137, MATCH($A9, Demand_current!$B$4:$B$137, 0), MATCH(DB$4&DB$5,Demand_current!$D$2:$BW$2&Demand_current!$D$3:$BW$3, 0))/1000} -> 4.0984255 | DC9: {=INDEX(Demand_current!$D$4:$BW$137, MATCH($A9, Demand_current!$B$4:$B$137, 0), MATCH(DC$4&DC$5,Demand_current!$D$2:$BW$2&Demand_current!$D$3:$BW$3, 0))/1000} -> 7.4680216 | DD9: {=INDEX(Demand_current!$D$4:$BW$137, MATCH($A9, Demand_current!$B$4:$B$137, 0), MATCH(DD$4&DD$5,Demand_current!$D$2:$BW$2&Demand_current!$D$3:$BW$3, 0))/1000} -> 0.0864225 | ... DH9: {=INDEX(Demand_current!$D$4:$BW$137, MATCH($A9, Demand_current!$B$4:$B$137, 0), MATCH(DH$4&DH$5,Demand_current!$D$2:$BW$2&Demand_current!$D$3:$BW$3, 0))/1000} -> 8.237655 | DI9: =$BS9*(VLOOKUP(DI$4, Rates_current!$H$6:$R$41, 10, FALSE)+VLOOKUP(DI$4, Rates_current!$H$6:$R$41, 11, FALSE)) -> 35928.625 | DJ9: =$BS9*(VLOOKUP(DJ$4, Rates_current!$H$6:$R$41, 10, FALSE)+VLOOKUP(DJ$4, Rates_current!$H$6:$R$41, 11, FALSE)) -> 45933.564 | DK9: =$BS9*(VLOOKUP(DK$4, Rates_current!$H$6:$R$41, 10, FALSE)+VLOOKUP(DK$4, Rates_current!$H$6:$R$41, 11, FALSE)) -> 52222.621 | DL9: =$BS9*(VLOOKUP(DL$4, Rates_current!$H$6:$R$41, 10, FALSE)+VLOOKUP(DL$4, Rates_current!$H$6:$R$41, 11, FALSE)) -> 55098.941 | DM9: =$BS9*(VLOOKUP(DM$4, Rates_current!$H$6:$R$41, 10, FALSE)+VLOOKUP(DM$4, Rates_current!$H$6:$R$41, 11, FALSE)) -> 43908.883 | DN9: =$BS9*(VLOOKUP(DN$4, Rates_current!$H$6:$R$41, 10, FALSE)+VLOOKUP(DN$4, Rates_current!$H$6:$R$41, 11, FALSE)) -> 48001.427 | DO9: =$BS9*(VLOOKUP(DO$4, Rates_current!$H$6:$R$41, 10, FALSE)+VLOOKUP(DO$4, Rates_current!$H$6:$R$41, 11, FALSE)) -> 37201.588 | DP9: =$BS9*(VLOOKUP(DP$4, Rates_current!$H$6:$R$41, 10, FALSE)+VLOOKUP(DP$4, Rates_current!$H$6:$R$41, 11, FALSE)) -> 48144.981 | ... DT9: =$BS9*(VLOOKUP(DT$4, Rates_current!$H$6:$R$41, 10, FALSE)+VLOOKUP(DT$4, Rates_current!$H$6:$R$41, 11, FALSE)) -> 34868.822 | DU9: =IF(D9=0,IF(C9=0,MAX(0,DW9 - (VLOOKUP($A9,TOCA_current!$A$2:$AV$136,MATCH("RHWM "&Init!$D$1,TOCA_current!$A$2:$AV$2,0),FALSE)*$BS$2)), 0),0) -> 0.036825838 | DV9: =MIN(VLOOKUP($A9,TOCA_current!$A$2:$AV$136,MATCH("TRL - NLSL - Existing Resource "&$BS$1,TOCA_current!$A$2:$AV$2,0),FALSE)*$BS$2, VLOOKUP($A9,TOCA_current!$A$2:$AV$136,MATCH("RHWM "&Init!$D$1,TOCA_current!$A$2:$AV$2,0),FALSE)*$BS$2) -> 539151.72 | DW9: =SUM(BY9:CV9)+(BS9*RT1SC!$C$4*$BS$2) -> 539151.76 | DX9: =VLOOKUP($A9,TOCA_current!$A$2:$AV$136,MATCH("Above RHWM Not Served with LS "&$BS$1,TOCA_current!$A$2:$AV$2,0),FALSE)*$BS$2 -> 96456.36 | DY9: =DW9-DV9 -> 0.036825838 | DZ9: =(VLOOKUP($A9,TOCA_current!$A$2:$AV$136,MATCH("RHWM "&Init!$D$1,TOCA_current!$A$2:$AV$2,0),FALSE)*$BS$2) - $DV9 -> 0 | EA9: =IF(DY9>0,IF(DZ9>0,(-1)*MIN(DY9,DZ9),0),0) -> 0 | EB9: =IF(DY9<0,IF(DX9<ABS(DY9),MAX(0,ABS($DY9)-(DX9)),0),0) -> 0 | EC9: =IF(AND(DX9>0,DZ9>0),IF(AND(DY9<=0,ABS(DY9)<DX9),(-1)*MIN(DX9,DX9-ABS(DY9),DZ9),IF(AND(DY9>0,DY9<DZ9),(-1)*MIN(DX9,DZ9-DY9),0)),0) -> 0 | ED9: =IF($D9=0,SUM(EA9:EC9),0) -> 0
